Workbook

Sheet Смета 12 гр. по ФЕР
A1: =Source!B1 -> Smeta.RU (495) 974-1589
I2: Приложение 1 к форме 7
B5: СМЕТА
B9: =IF(Source!G12<>"Новый объект", Source!G12, "") -> Ремонт помещений № 39-59 пищеблока 1-го этажа и систем хоз.бытовой канализации, водоснабжения, отопления и электроосвещения на техническом этаже здания Университетского лицея №1523 Предуниверситария НИЯУ МИФИ по адресу: г. Москва, Кленовый бульвар, д.21 | AD9: =IF(Source!G12<>"Новый объект", Source!G12, "") -> Ремонт помещений № 39-59 пищеблока 1-го этажа и систем хоз.бытовой канализации, водоснабжения, отопления и электроосвещения на техническом этаже здания Университетского лицея №1523 Предуниверситария НИЯУ МИФИ по адресу: г. Москва, Кленовый бульвар, д.21
G14: базовая цена | I14: текущая цена
C15: Сметная стоимость | G15: =SUM(O1:O993)/1000 -> 462.96824 | I15: =(Source!P730/1000) -> 3585.2217 | K15: тыс. руб.
C16: Строительные работы | G16: =SUM(W1:W993)/1000 -> 370.31477 | I16: =(Source!P717)/1000 -> 2430.517 | K16: тыс. руб.
C17: Монтажные работы | G17: =SUM(X1:X993)/1000 -> 92.65347 | I17: =(Source!P718)/1000 -> 607.80647 | K17: тыс. руб.
C18: Оборудование | G18: =SUM(Y1:Y993)/1000 -> 0 | I18: =(Source!P709)/1000 -> 0 | K18: тыс. руб.
C19: Прочие работы | G19: =SUM(Z1:Z993)/1000 -> 0 | I19: =(Source!P719+Source!P720)/1000 -> 0 | K19: тыс. руб.
C20: Нормативная трудоемкость | G20: =I20 -> 4805.8044 | I20: =(Source!P722+Source!P723) -> 4805.8044 | K20: чел. -ч.
C21: Средства на оплату труда | G21: =SUM(R1:R993)/1000 -> 42.45964 | I21: =((Source!P715 + Source!P714)/1000) -> 278.53572 | K21: тыс. руб.
A23: Составлена в ценах II квартал 2018 года
A24: № п/п | B24: Шифр расценки и коды ресурсов | C24: Наименование работ и затрат | D24: Ед. изм. | E24: Кол-во единиц | F24: Цена на ед. изм. | G24: Попра-вочные коэфф. | H24: Стоимость в ценах 2001г. | I24: Пункт коэфф. пересчета | J24: Коэфф. пересчета | K24: Стоимость в текущих ценах | L24: ЗТР всего чел.-час
A25: 1 | B25: 2 | C25: 3 | D25: 4 | E25: 5 | F25: 6 | G25: 7 | H25: 8 | I25: 9 | J25: 10 | K25: 11 | L25: 12
A27: =CONCATENATE("Локальная смета: ",IF(Source!G20<>"Новая локальная смета", Source!G20, "")) -> Локальная смета:
A29: =CONCATENATE("Раздел: ",IF(Source!G24<>"Новый раздел", Source!G24, "")) -> Раздел: Демонтажные работы
A30: =Source!E29 -> 1 | B30: =Source!F29 -> 55-5-1 | C30: =Source!G29 -> Разборка кирпичных перегородок на отдельные кирпичи | D30: =Source!H29 -> 100 м2 | E30: =Source!I29 -> 0.005 | F30: =Source!AL29+Source!AM29+Source!AO29 -> 1443.4 | I30: =Source!BO29 | S30: =ROUND((Source!FX29/100)*((ROUND(Source!AF29*Source!I29, 2)+ROUND(Source!AE29*Source!I29, 2))), 2) -> 5.36 | T30: =Source!X29 -> 35.16 | U30: =ROUND((Source!FY29/100)*((ROUND(Source!AF29*Source!I29, 2)+ROUND(Source!AE29*Source!I29, 2))), 2) -> 3.91 | V30: =Source!Y29 -> 25.68
C31: ="Объем: "&Source!I29&"=0,5/"&"100" -> Объем: 0,005=0,5/100
C32: Зарплата | F32: =Source!AO29 -> 1204.44 | G32: =Source!DG29 | H32: =ROUND(Source!AF29*Source!I29, 2) -> 6.02 | J32: =IF(Source!BA29<> 0, Source!BA29, 1) -> 6.56 | K32: =Source!S29 -> 39.51 | R32: =H32 -> 6.02
C33: Эксплуатация машин | F33: =Source!AM29 -> 238.96 | G33: =Source!DE29 | H33: =ROUND(Source!AD29*Source!I29, 2) -> 1.19 | J33: =IF(Source!BB29<> 0, Source!BB29, 1) -> 6.56 | K33: =Source!Q29 -> 7.84
C34: НР от ФОТ | D34: % | E34: =Source!BZ29 -> 89 | H34: =SUM(S30:S37) -> 5.36 | J34: =Source!AT29 -> 89 | K34: =SUM(T30:T37) -> 35.16
C35: СП от ФОТ | D35: % | E35: =Source!CA29 -> 65 | H35: =SUM(U30:U37) -> 3.91 | J35: =Source!AU29 -> 65 | K35: =SUM(V30:V37) -> 25.68
C36: Затраты труда | D36: чел-ч | E36: =Source!AQ29 -> 141.2 | G36: =Source!DI29 | L36: =Source!U29 -> 0.706
A37: =Source!E31 -> 1,1 | B37: =Source!F31 -> 01.7.07.07 | C37: =Source!G31 -> Строительный мусор и масса возвратных материалов | D37: =Source!H31 -> т | E37: =Source!I31 -> 0.097 | F37: =Source!AL31+Source!AM31+Source!AO31 -> 0 | H37: =ROUND(Source!AC31*Source!I31, 2)+ROUND(Source!AD31*Source!I31, 2)+ROUND(Source!AF31*Source!I31, 2) -> 0 | J37: =IF(Source!BC31<> 0, Source!BC31, 1) -> 6.56 | K37: =Source!O31 -> 0 | S37: =ROUND((Source!FX31/100)*((ROUND(Source!AF31*Source!I31, 2)+ROUND(Source!AE31*Source!I31, 2))), 2) -> 0 | T37: =Source!X31 -> 0 | U37: =ROUND((Source!FY31/100)*((ROUND(Source!AF31*Source!I31, 2)+ROUND(Source!AE31*Source!I31, 2))), 2) -> 0 | V37: =Source!Y31 -> 0 | W37: =IF(Source!BI31<=1,H37, 0) -> 0 | X37: =IF(Source!BI31=2,H37, 0) -> 0 | Y37: =IF(Source!BI31=3,H37, 0) -> 0 | Z37: =IF(Source!BI31=4,H37, 0) -> 0
G38: =H32+H33+H34+H35+SUM(H37:H37) -> 16.48 | J38: =K32+K33+K34+K35+SUM(K37:K37) -> 108.19 | L38: =Source!U29 -> 0.706 | O38: =G38 -> 16.48 | P38: =J38 -> 108.19 | Q38: =L38 -> 0.706 | W38: =IF(Source!BI29<=1,H32+H33+H34+H35, 0) -> 16.48 | X38: =IF(Source!BI29=2,H32+H33+H34+H35, 0) -> 0 | Y38: =IF(Source!BI29=3,H32+H33+H34+H35, 0) -> 0 | Z38: =IF(Source!BI29=4,H32+H33+H34+H35, 0) -> 0
A39: =Source!E33 -> 2 | B39: =Source!F33 -> 63-7-5 | C39: =Source!G33 -> Разборка облицовки стен из керамических глазурованных плиток | D39: =Source!H33 -> 100 м2 | E39: =Source!I33 -> 2.8289 | F39: =Source!AL33+Source!AM33+Source!AO33 -> 654 | I39: =Source!BO33 | S39: =ROUND((Source!FX33/100)*((ROUND(Source!AF33*Source!I33, 2)+ROUND(Source!AE33*Source!I33, 2))), 2) -> 1284.01 | T39: =Source!X33 -> 8423.14 | U39: =ROUND((Source!FY33/100)*((ROUND(Source!AF33*Source!I33, 2)+ROUND(Source!AE33*Source!I33, 2))), 2) -> 833.78 | V39: =Source!Y33 -> 5469.57
C40: ="Объем: "&Source!I33&"=282,89/"&"100" -> Объем: 2,8289=282,89/100
C41: Зарплата | F41: =Source!AO33 -> 584.74 | G41: =Source!DG33 | H41: =ROUND(Source!AF33*Source!I33, 2) -> 1654.17 | J41: =IF(Source!BA33<> 0, Source!BA33, 1) -> 6.56 | K41: =Source!S33 -> 10851.36 | R41: =H41 -> 1654.17
C42: Эксплуатация машин | F42: =Source!AM33 -> 69.26 | G42: =Source!DE33 | H42: =ROUND(Source!AD33*Source!I33, 2) -> 195.93 | J42: =IF(Source!BB33<> 0, Source!BB33, 1) -> 6.56 | K42: =Source!Q33 -> 1285.3
C43: в т.ч. зарплата машинистов | F43: =Source!AN33 -> 4.73 | G43: =Source!DF33 | H43: =ROUND(Source!AE33*Source!I33, 2) -> 13.38 | J43: =IF(Source!BS33<> 0, Source!BS33, 1) -> 6.56 | K43: =Source!R33 -> 87.78 | R43: =H43 -> 13.38
C44: НР от ФОТ | D44: % | E44: =Source!BZ33 -> 77 | H44: =SUM(S39:S46) -> 1284.01 | J44: =Source!AT33 -> 77 | K44: =SUM(T39:T46) -> 8423.14
C45: СП от ФОТ | D45: % | E45: =Source!CA33 -> 50 | H45: =SUM(U39:U46) -> 833.78 | J45: =Source!AU33 -> 50 | K45: =SUM(V39:V46) -> 5469.57
C46: Затраты труда | D46: чел-ч | E46: =Source!AQ33 -> 74.3 | G46: =Source!DI33 | L46: =Source!U33 -> 210.18727
G47: =H41+H42+H44+H45 -> 3967.89 | J47: =K41+K42+K44+K45 -> 26029.37 | L47: =Source!U33 -> 210.18727 | O47: =G47 -> 3967.89 | P47: =J47 -> 26029.37 | Q47: =L47 -> 210.18727 | W47: =IF(Source!BI33<=1,H41+H42+H44+H45, 0) -> 3967.89 | X47: =IF(Source!BI33=2,H41+H42+H44+H45, 0) -> 0 | Y47: =IF(Source!BI33=3,H41+H42+H44+H45, 0) -> 0 | Z47: =IF(Source!BI33=4,H41+H42+H44+H45, 0) -> 0
A48: =Source!E35 -> 3 | B48: =Source!F35 -> 13-06-003-01 | C48: =Source!G35 -> Очистка поверхности щетками | D48: =Source!H35 -> м2 | E48: =Source!I35 -> 486.08 | F48: =Source!AL35+Source!AM35+Source!AO35 -> 7.68 | I48: =Source!BO35 | S48: =ROUND((Source!FX35/100)*((ROUND(Source!AF35*Source!I35, 2)+ROUND(Source!AE35*Source!I35, 2))), 2) -> 3476.59 | T48: =Source!X35 -> 22806.43 | U48: =ROUND((Source!FY35/100)*((ROUND(Source!AF35*Source!I35, 2)+ROUND(Source!AE35*Source!I35, 2))), 2) -> 2553.79 | V48: =Source!Y35 -> 16893.65
C49: ="Объем: "&Source!I35&"=240,94+"&"245,14" -> Объем: 486,08=240,94+245,14
C50: Зарплата | F50: =Source!AO35 -> 7.68 | G50: =Source!DG35 -> )*1,15 | H50: =ROUND(Source!AF35*Source!I35, 2) -> 4292.09 | J50: =IF(Source!BA35<> 0, Source!BA35, 1) -> 6.56 | K50: =Source!S35 -> 28156.09 | R50: =H50 -> 4292.09
C51: НР от ФОТ | D51: % | E51: =Source!BZ35 -> 90 | F51: =CONCATENATE(" )", Source!DL35, Source!FT35, "=", Source!FX35) -> )*0,9=81 | H51: =SUM(S48:S53) -> 3476.59 | J51: =Source!AT35 -> 81 | K51: =SUM(T48:T53) -> 22806.43
C52: СП от ФОТ | D52: % | E52: =Source!CA35 -> 70 | F52: =CONCATENATE(" )", Source!DM35, Source!FU35, "=", Source!FY35) -> )*0,85=59,5 | H52: =SUM(U48:U53) -> 2553.79 | J52: =Source!AU35 -> 60 | K52: =SUM(V48:V53) -> 16893.65
C53: Затраты труда | D53: чел-ч | E53: =Source!AQ35 -> 0.9 | G53: =Source!DI35 -> )*1,15 | L53: =Source!U35 -> 503.0928
G54: =H50+H51+H52 -> 10322.47 | J54: =K50+K51+K52 -> 67856.17 | L54: =Source!U35 -> 503.0928 | O54: =G54 -> 10322.47 | P54: =J54 -> 67856.17 | Q54: =L54 -> 503.0928 | W54: =IF(Source!BI35<=1,H50+H51+H52, 0) -> 10322.47 | X54: =IF(Source!BI35=2,H50+H51+H52, 0) -> 0 | Y54: =IF(Source!BI35=3,H50+H51+H52, 0) -> 0 | Z54: =IF(Source!BI35=4,H50+H51+H52, 0) -> 0
A55: =Source!E37 -> 4 | B55: =Source!F37 -> 57-3-2 | C55: =Source!G37 -> Разборка плинтусов цементных и из керамической плитки | D55: =Source!H37 -> 100 м | E55: =Source!I37 -> 1.6938 | F55: =Source!AL37+Source!AM37+Source!AO37 -> 111.38 | I55: =Source!BO37 | S55: =ROUND((Source!FX37/100)*((ROUND(Source!AF37*Source!I37, 2)+ROUND(Source!AE37*Source!I37, 2))), 2) -> 150.93 | T55: =Source!X37 -> 990.06 | U55: =ROUND((Source!FY37/100)*((ROUND(Source!AF37*Source!I37, 2)+ROUND(Source!AE37*Source!I37, 2))), 2) -> 128.29 | V55: =Source!Y37 -> 841.55
C56: ="Объем: "&Source!I37&"=169,38/"&"100" -> Объем: 1,6938=169,38/100
C57: Зарплата | F57: =Source!AO37 -> 111.38 | G57: =Source!DG37 | H57: =ROUND(Source!AF37*Source!I37, 2) -> 188.66 | J57: =IF(Source!BA37<> 0, Source!BA37, 1) -> 6.56 | K57: =Source!S37 -> 1237.58 | R57: =H57 -> 188.66
C58: НР от ФОТ | D58: % | E58: =Source!BZ37 -> 80 | H58: =SUM(S55:S61) -> 150.93 | J58: =Source!AT37 -> 80 | K58: =SUM(T55:T61) -> 990.06
C59: СП от ФОТ | D59: % | E59: =Source!CA37 -> 68 | H59: =SUM(U55:U61) -> 128.29 | J59: =Source!AU37 -> 68 | K59: =SUM(V55:V61) -> 841.55
C60: Затраты труда | D60: чел-ч | E60: =Source!AQ37 -> 14.28 | G60: =Source!DI37 | L60: =Source!U37 -> 24.187464
A61: =Source!E39 -> 4,1 | B61: =Source!F39 -> 01.7.07.07 | C61: =Source!G39 -> Строительный мусор | D61: =Source!H39 -> т | E61: =Source!I39 -> 1.050156 | F61: =Source!AL39+Source!AM39+Source!AO39 -> 0 | H61: =ROUND(Source!AC39*Source!I39, 2)+ROUND(Source!AD39*Source!I39, 2)+ROUND(Source!AF39*Source!I39, 2) -> 0 | J61: =IF(Source!BC39<> 0, Source!BC39, 1) -> 6.56 | K61: =Source!O39 -> 0 | S61: =ROUND((Source!FX39/100)*((ROUND(Source!AF39*Source!I39, 2)+ROUND(Source!AE39*Source!I39, 2))), 2) -> 0 | T61: =Source!X39 -> 0 | U61: =ROUND((Source!FY39/100)*((ROUND(Source!AF39*Source!I39, 2)+ROUND(Source!AE39*Source!I39, 2))), 2) -> 0 | V61: =Source!Y39 -> 0 | W61: =IF(Source!BI39<=1,H61, 0) -> 0 | X61: =IF(Source!BI39=2,H61, 0) -> 0 | Y61: =IF(Source!BI39=3,H61, 0) -> 0 | Z61: =IF(Source!BI39=4,H61, 0) -> 0
G62: =H57+H58+H59+SUM(H61:H61) -> 467.88 | J62: =K57+K58+K59+SUM(K61:K61) -> 3069.19 | L62: =Source!U37 -> 24.187464 | O62: =G62 -> 467.88 | P62: =J62 -> 3069.19 | Q62: =L62 -> 24.187464 | W62: =IF(Source!BI37<=1,H57+H58+H59, 0) -> 467.88 | X62: =IF(Source!BI37=2,H57+H58+H59, 0) -> 0 | Y62: =IF(Source!BI37=3,H57+H58+H59, 0) -> 0 | Z62: =IF(Source!BI37=4,H57+H58+H59, 0) -> 0
A63: =Source!E41 -> 5 | B63: =Source!F41 -> 57-2-3 | C63: =Source!G41 -> Разборка покрытий полов из керамических плиток | D63: =Source!H41 -> 100 м2 | E63: =Source!I41 -> 2.4514 | F63: =Source!AL41+Source!AM41+Source!AO41 -> 641 | I63: =Source!BO41 | S63: =ROUND((Source!FX41/100)*((ROUND(Source!AF41*Source!I41, 2)+ROUND(Source!AE41*Source!I41, 2))), 2) -> 1206.94 | T63: =Source!X41 -> 7917.47 | U63: =ROUND((Source!FY41/100)*((ROUND(Source!AF41*Source!I41, 2)+ROUND(Source!AE41*Source!I41, 2))), 2) -> 1025.9 | V63: =Source!Y41 -> 6729.85
C64: ="Объем: "&Source!I41&"=245,14/"&"100" -> Объем: 2,4514=245,14/100
C65: Зарплата | F65: =Source!AO41 -> 595.99 | G65: =Source!DG41 | H65: =ROUND(Source!AF41*Source!I41, 2) -> 1461.01 | J65: =IF(Source!BA41<> 0, Source!BA41, 1) -> 6.56 | K65: =Source!S41 -> 9584.22 | R65: =H65 -> 1461.01
C66: Эксплуатация машин | F66: =Source!AM41 -> 45.01 | G66: =Source!DE41 | H66: =ROUND(Source!AD41*Source!I41, 2) -> 110.34 | J66: =IF(Source!BB41<> 0, Source!BB41, 1) -> 6.56 | K66: =Source!Q41 -> 723.81
C67: в т.ч. зарплата машинистов | F67: =Source!AN41 -> 19.44 | G67: =Source!DF41 | H67: =ROUND(Source!AE41*Source!I41, 2) -> 47.66 | J67: =IF(Source!BS41<> 0, Source!BS41, 1) -> 6.56 | K67: =Source!R41 -> 312.62 | R67: =H67 -> 47.66
C68: НР от ФОТ | D68: % | E68: =Source!BZ41 -> 80 | H68: =SUM(S63:S71) -> 1206.94 | J68: =Source!AT41 -> 80 | K68: =SUM(T63:T71) -> 7917.47
C69: СП от ФОТ | D69: % | E69: =Source!CA41 -> 68 | H69: =SUM(U63:U71) -> 1025.9 | J69: =Source!AU41 -> 68 | K69: =SUM(V63:V71) -> 6729.85
C70: Затраты труда | D70: чел-ч | E70: =Source!AQ41 -> 69.87 | G70: =Source!DI41 | L70: =Source!U41 -> 171.27932
A71: =Source!E43 -> 5,1 | B71: =Source!F43 -> 01.7.07.07 | C71: =Source!G43 -> Строительный мусор | D71: =Source!H43 -> т | E71: =Source!I43 -> 12.74728 | F71: =Source!AL43+Source!AM43+Source!AO43 -> 0 | H71: =ROUND(Source!AC43*Source!I43, 2)+ROUND(Source!AD43*Source!I43, 2)+ROUND(Source!AF43*Source!I43, 2) -> 0 | J71: =IF(Source!BC43<> 0, Source!BC43, 1) -> 6.56 | K71: =Source!O43 -> 0 | S71: =ROUND((Source!FX43/100)*((ROUND(Source!AF43*Source!I43, 2)+ROUND(Source!AE43*Source!I43, 2))), 2) -> 0 | T71: =Source!X43 -> 0 | U71: =ROUND((Source!FY43/100)*((ROUND(Source!AF43*Source!I43, 2)+ROUND(Source!AE43*Source!I43, 2))), 2) -> 0 | V71: =Source!Y43 -> 0 | W71: =IF(Source!BI43<=1,H71, 0) -> 0 | X71: =IF(Source!BI43=2,H71, 0) -> 0 | Y71: =IF(Source!BI43=3,H71, 0) -> 0 | Z71: =IF(Source!BI43=4,H71, 0) -> 0
G72: =H65+H66+H68+H69+SUM(H71:H71) -> 3804.19 | J72: =K65+K66+K68+K69+SUM(K71:K71) -> 24955.35 | L72: =Source!U41 -> 171.27932 | O72: =G72 -> 3804.19 | P72: =J72 -> 24955.35 | Q72: =L72 -> 171.27932 | W72: =IF(Source!BI41<=1,H65+H66+H68+H69, 0) -> 3804.19 | X72: =IF(Source!BI41=2,H65+H66+H68+H69, 0) -> 0 | Y72: =IF(Source!BI41=3,H65+H66+H68+H69, 0) -> 0 | Z72: =IF(Source!BI41=4,H65+H66+H68+H69, 0) -> 0
A73: =Source!E45 -> 6 | B73: =Source!F45 -> 46-04-012-02 | C73: =Source!G45 -> Разборка деревянных заполнений проемов оконных без подоконных досок | D73: =Source!H45 -> 100 м2 | E73: =Source!I45 -> 0.3994 | F73: =Source!AL45+Source!AM45+Source!AO45 -> 1639.58 | I73: =Source!BO45 | S73: =ROUND((Source!FX45/100)*((ROUND(Source!AF45*Source!I45, 2)+ROUND(Source!AE45*Source!I45, 2))), 2) -> 593.94 | T73: =Source!X45 -> 3896.29 | U73: =ROUND((Source!FY45/100)*((ROUND(Source!AF45*Source!I45, 2)+ROUND(Source!AE45*Source!I45, 2))), 2) -> 356.96 | V73: =Source!Y45 -> 2361.39
C74: ="Объем: "&Source!I45&"=39,94/"&"100" -> Объем: 0,3994=39,94/100
C75: Зарплата | F75: =Source!AO45 -> 1397.63 | G75: =Source!DG45 | H75: =ROUND(Source!AF45*Source!I45, 2) -> 558.21 | J75: =IF(Source!BA45<> 0, Source!BA45, 1) -> 6.56 | K75: =Source!S45 -> 3661.88 | R75: =H75 -> 558.21
C76: Эксплуатация машин | F76: =Source!AM45 -> 241.95 | G76: =Source!DE45 | H76: =ROUND(Source!AD45*Source!I45, 2) -> 96.63 | J76: =IF(Source!BB45<> 0, Source!BB45, 1) -> 6.56 | K76: =Source!Q45 -> 633.92
C77: в т.ч. зарплата машинистов | F77: =Source!AN45 -> 104.49 | G77: =Source!DF45 | H77: =ROUND(Source!AE45*Source!I45, 2) -> 41.73 | J77: =IF(Source!BS45<> 0, Source!BS45, 1) -> 6.56 | K77: =Source!R45 -> 273.77 | R77: =H77 -> 41.73
C78: НР от ФОТ | D78: % | E78: =Source!BZ45 -> 110 | F78: =CONCATENATE(" )", Source!DL45, Source!FT45, "=", Source!FX45) -> )*0,9=99 | H78: =SUM(S73:S80) -> 593.94 | J78: =Source!AT45 -> 99 | K78: =SUM(T73:T80) -> 3896.29
C79: СП от ФОТ | D79: % | E79: =Source!CA45 -> 70 | F79: =CONCATENATE(" )", Source!DM45, Source!FU45, "=", Source!FY45) -> )*0,85=59,5 | H79: =SUM(U73:U80) -> 356.96 | J79: =Source!AU45 -> 60 | K79: =SUM(V73:V80) -> 2361.39
C80: Затраты труда | D80: чел-ч | E80: =Source!AQ45 -> 172.76 | G80: =Source!DI45 | L80: =Source!U45 -> 69.000344
G81: =H75+H76+H78+H79 -> 1605.74 | J81: =K75+K76+K78+K79 -> 10553.48 | L81: =Source!U45 -> 69.000344 | O81: =G81 -> 1605.74 | P81: =J81 -> 10553.48 | Q81: =L81 -> 69.000344 | W81: =IF(Source!BI45<=1,H75+H76+H78+H79, 0) -> 1605.74 | X81: =IF(Source!BI45=2,H75+H76+H78+H79, 0) -> 0 | Y81: =IF(Source!BI45=3,H75+H76+H78+H79, 0) -> 0 | Z81: =IF(Source!BI45=4,H75+H76+H78+H79, 0) -> 0
A82: =Source!E47 -> 7 | B82: =Source!F47 -> 56-3-1 | C82: =Source!G47 -> Снятие подоконных досок бетонных и мозаичных | D82: =Source!H47 -> 100 м2 | E82: =Source!I47 -> 0.0768 | F82: =Source!AL47+Source!AM47+Source!AO47 -> 2172.79 | I82: =Source!BO47 | S82: =ROUND((Source!FX47/100)*((ROUND(Source!AF47*Source!I47, 2)+ROUND(Source!AE47*Source!I47, 2))), 2) -> 133.3 | T82: =Source!X47 -> 874.42 | U82: =ROUND((Source!FY47/100)*((ROUND(Source!AF47*Source!I47, 2)+ROUND(Source!AE47*Source!I47, 2))), 2) -> 100.79 | V82: =Source!Y47 -> 661.15
C83: ="Объем: "&Source!I47&"=7,68/"&"100" -> Объем: 0,0768=7,68/100
C84: Зарплата | F84: =Source!AO47 -> 2116.61 | G84: =Source!DG47 | H84: =ROUND(Source!AF47*Source!I47, 2) -> 162.56 | J84: =IF(Source!BA47<> 0, Source!BA47, 1) -> 6.56 | K84: =Source!S47 -> 1066.37 | R84: =H84 -> 162.56
C85: Эксплуатация машин | F85: =Source!AM47 -> 56.18 | G85: =Source!DE47 | H85: =ROUND(Source!AD47*Source!I47, 2) -> 4.31 | J85: =IF(Source!BB47<> 0, Source!BB47, 1) -> 6.56 | K85: =Source!Q47 -> 28.3
C86: НР от ФОТ | D86: % | E86: =Source!BZ47 -> 82 | H86: =SUM(S82:S89) -> 133.3 | J86: =Source!AT47 -> 82 | K86: =SUM(T82:T89) -> 874.42
C87: СП от ФОТ | D87: % | E87: =Source!CA47 -> 62 | H87: =SUM(U82:U89) -> 100.79 | J87: =Source!AU47 -> 62 | K87: =SUM(V82:V89) -> 661.15
C88: Затраты труда | D88: чел-ч | E88: =Source!AQ47 -> 275.6 | G88: =Source!DI47 | L88: =Source!U47 -> 21.16608
A89: =Source!E49 -> 7,1 | B89: =Source!F49 -> 01.7.07.07 | C89: =Source!G49 -> Строительный мусор | D89: =Source!H49 -> т | E89: =Source!I49 -> 1.02912 | F89: =Source!AL49+Source!AM49+Source!AO49 -> 0 | H89: =ROUND(Source!AC49*Source!I49, 2)+ROUND(Source!AD49*Source!I49, 2)+ROUND(Source!AF49*Source!I49, 2) -> 0 | J89: =IF(Source!BC49<> 0, Source!BC49, 1) -> 6.56 | K89: =Source!O49 -> 0 | S89: =ROUND((Source!FX49/100)*((ROUND(Source!AF49*Source!I49, 2)+ROUND(Source!AE49*Source!I49, 2))), 2) -> 0 | T89: =Source!X49 -> 0 | U89: =ROUND((Source!FY49/100)*((ROUND(Source!AF49*Source!I49, 2)+ROUND(Source!AE49*Source!I49, 2))), 2) -> 0 | V89: =Source!Y49 -> 0 | W89: =IF(Source!BI49<=1,H89, 0) -> 0 | X89: =IF(Source!BI49=2,H89, 0) -> 0 | Y89: =IF(Source!BI49=3,H89, 0) -> 0 | Z89: =IF(Source!BI49=4,H89, 0) -> 0
G90: =H84+H85+H86+H87+SUM(H89:H89) -> 400.96 | J90: =K84+K85+K86+K87+SUM(K89:K89) -> 2630.24 | L90: =Source!U47 -> 21.16608 | O90: =G90 -> 400.96 | P90: =J90 -> 2630.24 | Q90: =L90 -> 21.16608 | W90: =IF(Source!BI47<=1,H84+H85+H86+H87, 0) -> 400.96 | X90: =IF(Source!BI47=2,H84+H85+H86+H87, 0) -> 0 | Y90: =IF(Source!BI47=3,H84+H85+H86+H87, 0) -> 0 | Z90: =IF(Source!BI47=4,H84+H85+H86+H87, 0) -> 0
A91: =Source!E51 -> 8 | B91: =Source!F51 -> 09-04-012-01 | C91: =Source!G51 -> Демонтаж металлических дверных блоков в готовые проемы прим. | D91: =Source!H51 -> м2 | E91: =Source!I51 -> 5.4 | F91: =Source!AL51+Source!AM51+Source!AO51 -> 63.94 | I91: =Source!BO51 | S91: =ROUND((Source!FX51/100)*((ROUND(Source!AF51*Source!I51, 2)+ROUND(Source!AE51*Source!I51, 2))), 2) -> 78.95 | T91: =Source!X51 -> 517.92 | U91: =ROUND((Source!FY51/100)*((ROUND(Source!AF51*Source!I51, 2)+ROUND(Source!AE51*Source!I51, 2))), 2) -> 70.42 | V91: =Source!Y51 -> 460.38
C92: Зарплата | F92: =Source!AO51 -> 23.81 | G92: =Source!DG51 -> )*0,7 | H92: =ROUND(Source!AF51*Source!I51, 2) -> 90.02 | J92: =IF(Source!BA51<> 0, Source!BA51, 1) -> 6.56 | K92: =Source!S51 -> 590.52 | R92: =H92 -> 90.02
C93: Эксплуатация машин | F93: =Source!AM51 -> 14.41 | G93: =Source!DE51 -> )*0,7 | H93: =ROUND(Source!AD51*Source!I51, 2) -> 54.49 | J93: =IF(Source!BB51<> 0, Source!BB51, 1) -> 6.56 | K93: =Source!Q51 -> 357.43
C94: в т.ч. зарплата машинистов | F94: =Source!AN51 -> 1.97 | G94: =Source!DF51 -> )*0,7 | H94: =ROUND(Source!AE51*Source!I51, 2) -> 7.45 | J94: =IF(Source!BS51<> 0, Source!BS51, 1) -> 6.56 | K94: =Source!R51 -> 48.89 | R94: =H94 -> 7.45
C95: НР от ФОТ | D95: % | E95: =Source!BZ51 -> 90 | F95: =CONCATENATE(" )", Source!DL51, Source!FT51, "=", Source!FX51) -> )*0,9=81 | H95: =SUM(S91:S97) -> 78.95 | J95: =Source!AT51 -> 81 | K95: =SUM(T91:T97) -> 517.92
C96: СП от ФОТ | D96: % | E96: =Source!CA51 -> 85 | F96: =CONCATENATE(" )", Source!DM51, Source!FU51, "=", Source!FY51) -> )*0,85=72,25 | H96: =SUM(U91:U97) -> 70.42 | J96: =Source!AU51 -> 72 | K96: =SUM(V91:V97) -> 460.38
C97: Затраты труда | D97: чел-ч | E97: =Source!AQ51 -> 2.4 | G97: =Source!DI51 -> )*0,7 | L97: =Source!U51 -> 9.072
G98: =H92+H93+H95+H96 -> 293.88 | J98: =K92+K93+K95+K96 -> 1926.25 | L98: =Source!U51 -> 9.072 | O98: =G98 -> 293.88 | P98: =J98 -> 1926.25 | Q98: =L98 -> 9.072 | W98: =IF(Source!BI51<=1,H92+H93+H95+H96, 0) -> 293.88 | X98: =IF(Source!BI51=2,H92+H93+H95+H96, 0) -> 0 | Y98: =IF(Source!BI51=3,H92+H93+H95+H96, 0) -> 0 | Z98: =IF(Source!BI51=4,H92+H93+H95+H96, 0) -> 0
A99: =Source!E53 -> 9 | B99: =Source!F53 -> 46-04-012-03 | C99: =Source!G53 -> Разборка деревянных заполнений проемов дверных и воротных | D99: =Source!H53 -> 100 м2 | E99: =Source!I53 -> 0.2861 | F99: =Source!AL53+Source!AM53+Source!AO53 -> 1082.58 | I99: =Source!BO53 | S99: =ROUND((Source!FX53/100)*((ROUND(Source!AF53*Source!I53, 2)+ROUND(Source!AE53*Source!I53, 2))), 2) -> 267.69 | T99: =Source!X53 -> 1756.08 | U99: =ROUND((Source!FY53/100)*((ROUND(Source!AF53*Source!I53, 2)+ROUND(Source!AE53*Source!I53, 2))), 2) -> 160.88 | V99: =Source!Y53 -> 1064.29
C100: ="Объем: "&Source!I53&"=(5,4+"&"9+"&"3,2+"&"1,4+"&"1,2+"&"4,41+"&"4)/"&"100" -> Объем: 0,2861=(5,4+9+3,2+1,4+1,2+4,41+4)/100
C101: Зарплата | F101: =Source!AO53 -> 840.63 | G101: =Source!DG53 | H101: =ROUND(Source!AF53*Source!I53, 2) -> 240.5 | J101: =IF(Source!BA53<> 0, Source!BA53, 1) -> 6.56 | K101: =Source!S53 -> 1577.71 | R101: =H101 -> 240.5
C102: Эксплуатация машин | F102: =Source!AM53 -> 241.95 | G102: =Source!DE53 | H102: =ROUND(Source!AD53*Source!I53, 2) -> 69.22 | J102: =IF(Source!BB53<> 0, Source!BB53, 1) -> 6.56 | K102: =Source!Q53 -> 454.1
C103: в т.ч. зарплата машинистов | F103: =Source!AN53 -> 104.49 | G103: =Source!DF53 | H103: =ROUND(Source!AE53*Source!I53, 2) -> 29.89 | J103: =IF(Source!BS53<> 0, Source!BS53, 1) -> 6.56 | K103: =Source!R53 -> 196.11 | R103: =H103 -> 29.89
C104: НР от ФОТ | D104: % | E104: =Source!BZ53 -> 110 | F104: =CONCATENATE(" )", Source!DL53, Source!FT53, "=", Source!FX53) -> )*0,9=99 | H104: =SUM(S99:S106) -> 267.69 | J104: =Source!AT53 -> 99 | K104: =SUM(T99:T106) -> 1756.08
C105: СП от ФОТ | D105: % | E105: =Source!CA53 -> 70 | F105: =CONCATENATE(" )", Source!DM53, Source!FU53, "=", Source!FY53) -> )*0,85=59,5 | H105: =SUM(U99:U106) -> 160.88 | J105: =Source!AU53 -> 60 | K105: =SUM(V99:V106) -> 1064.29
C106: Затраты труда | D106: чел-ч | E106: =Source!AQ53 -> 103.91 | G106: =Source!DI53 | L106: =Source!U53 -> 29.728651
G107: =H101+H102+H104+H105 -> 738.29 | J107: =K101+K102+K104+K105 -> 4852.18 | L107: =Source!U53 -> 29.728651 | O107: =G107 -> 738.29 | P107: =J107 -> 4852.18 | Q107: =L107 -> 29.728651 | W107: =IF(Source!BI53<=1,H101+H102+H104+H105, 0) -> 738.29 | X107: =IF(Source!BI53=2,H101+H102+H104+H105, 0) -> 0 | Y107: =IF(Source!BI53=3,H101+H102+H104+H105, 0) -> 0 | Z107: =IF(Source!BI53=4,H101+H102+H104+H105, 0) -> 0
A108: =Source!E55 -> 10 | B108: =Source!F55 -> 67-4-5 | C108: =Source!G55 -> Демонтаж светильников для люминесцентных ламп | D108: =Source!H55 -> 100 ШТ | E108: =Source!I55 -> 0.29 | F108: =Source!AL55+Source!AM55+Source!AO55 -> 145.98 | I108: =Source!BO55 | S108: =ROUND((Source!FX55/100)*((ROUND(Source!AF55*Source!I55, 2)+ROUND(Source!AE55*Source!I55, 2))), 2) -> 35.63 | T108: =Source!X55 -> 233.76 | U108: =ROUND((Source!FY55/100)*((ROUND(Source!AF55*Source!I55, 2)+ROUND(Source!AE55*Source!I55, 2))), 2) -> 27.25 | V108: =Source!Y55 -> 178.76
C109: ="Объем: "&Source!I55&"=29/"&"100" -> Объем: 0,29=29/100
C110: Зарплата | F110: =Source!AO55 -> 143.48 | G110: =Source!DG55 | H110: =ROUND(Source!AF55*Source!I55, 2) -> 41.61 | J110: =IF(Source!BA55<> 0, Source!BA55, 1) -> 6.56 | K110: =Source!S55 -> 272.96 | R110: =H110 -> 41.61
C111: Эксплуатация машин | F111: =Source!AM55 -> 2.5 | G111: =Source!DE55 | H111: =ROUND(Source!AD55*Source!I55, 2) -> 0.73 | J111: =IF(Source!BB55<> 0, Source!BB55, 1) -> 6.56 | K111: =Source!Q55 -> 4.76
C112: в т.ч. зарплата машинистов | F112: =Source!AN55 -> 1.08 | G112: =Source!DF55 | H112: =ROUND(Source!AE55*Source!I55, 2) -> 0.31 | J112: =IF(Source!BS55<> 0, Source!BS55, 1) -> 6.56 | K112: =Source!R55 -> 2.05 | R112: =H112 -> 0.31
...

Sheet Акт КС-2 c НР и СП
A1: =Source!B1 -> Smeta.RU (495) 974-1589
E2: Унифицированная форма № КС-2
E3: Утверждена постановлением Госкомстата России
E4: от 11.11.99. № 100
G6: Код
F7: Форма по ОКУД | G7: 0322005
G8: =IF(Source!AT15 <> "", Source!AT15, "")
A9: Инвестор | C9: =IF(Source!BA15 <> "", Source!BA15, IF(Source!AU15 <> "", Source!AU15, "")) | F9: по ОКПО
C10: организация, адрес, телефон, факс | G10: =IF(Source!AK15 <> "", Source!AK15, "")
A11: Заказчик | C11: =IF(Source!AX12<> "", Source!AX12, IF(Source!AJ12 <> "", Source!AJ12, "")) | F11: по ОКПО
C12: организация, адрес, телефон, факс | G12: =IF(Source!AO15 <> "", Source!AO15, "")
A13: Подрядчик | C13: =IF(Source!AY12<> "", Source!AY12, IF(Source!AN12 <> "", Source!AN12, "")) | F13: по ОКПО
C14: организация, адрес, телефон, факс | G14: =IF(Source!CO15 <> "", Source!CO15, "")
A15: Стройка | C15: Капитальный ремонт помещений пищеблока в здании университетского лицея №1523 Предуниверситария НИЯУ МИФИ по адресу: г. Москва, Кленовый бульвар, д. 21 | AE15: Капитальный ремонт помещений пищеблока в здании университетского лицея №1523 Предуниверситария НИЯУ МИФИ по адресу: г. Москва, Кленовый бульвар, д. 21
C16: наименование, адрес | G16: =IF(Source!CP15 <> "", Source!CP15, "")
A17: Объект | C17: =IF(Source!G12<>"Новый объект", Source!G12, "") -> Ремонт помещений № 39-59 пищеблока 1-го этажа и систем хоз.бытовой канализации, водоснабжения, отопления и электроосвещения на техническом этаже здания Университетского лицея №1523 Предуниверситария НИЯУ МИФИ по адресу: г. Москва, Кленовый бульвар, д.21 | AE17: =IF(Source!G12<>"Новый объект", Source!G12, "") -> Ремонт помещений № 39-59 пищеблока 1-го этажа и систем хоз.бытовой канализации, водоснабжения, отопления и электроосвещения на техническом этаже здания Университетского лицея №1523 Предуниверситария НИЯУ МИФИ по адресу: г. Москва, Кленовый бульвар, д.21
C18: наименование
D19: Вид деятельности по ОКДП | G19: =IF(Source!CQ15 <> "", Source!CQ15, "")
D20: Договор подряда | F20: номер | G20: =IF(Source!CR15 <> "", Source!CR15, "")
F21: дата | G21: =IF(Source!CS15 <> 0, Source!CS15, "")
F22: Вид операции | G22: =IF(Source!CT15 <> "", Source!CT15, "")
D24: Номер документа | E24: Дата составления | F24: Отчетный период
F25: с | G25: по
D26: =IF(Source!CN15 <> "", Source!CN15, "") | E26: 43271.489
A28: AKT
A29: О ПРИЕМКЕ ВЫПОЛНЕННЫХ РАБОТ
A31: Сметная (договорная) стоимость в соответствии с договором подряда (субподряда) | F31: =(Source!P730/1000) -> 3585.2217 | H31: тыс.руб
A33: Номер | C33: Наименование работ | D33: Номер единичной расценки | E33: Единица измерения | F33: Выполнено работ
A34: по порядку | B34: поз. по смете | F34: Количество | G34: цена за единицу, руб | H34: стоимость, руб
A35: 1 | B35: 2 | C35: 3 | D35: 4 | E35: 5 | F35: 6 | G35: 7 | H35: 8
A37: =CONCATENATE("Локальная смета: ",IF(Source!G20<>"Новая локальная смета", Source!G20, "")) -> Локальная смета:
A39: =CONCATENATE("Раздел: ",IF(Source!G24<>"Новый раздел", Source!G24, "")) -> Раздел: Демонтажные работы
A40: 1 | B40: =Source!E29 -> 1 | C40: =Source!G29 -> Разборка кирпичных перегородок на отдельные кирпичи | D40: =Source!F29 -> 55-5-1 | E40: =Source!H29 -> 100 м2 | F40: =Source!I29 -> 0.005 | G40: =Source!AB29 -> 1443.4 | H40: =Source!O29 -> 47.35 | T40: =Source!O29+Source!X29+Source!Y29 -> 108.19 | U40: =Source!P29 -> 0 | V40: =Source!S29 -> 39.51 | W40: =Source!Q29 -> 7.84 | X40: =Source!R29 -> 0 | Y40: =Source!U29 -> 0.706 | Z40: =Source!V29 -> 0 | AA40: =Source!X29 -> 35.16 | AB40: =Source!Y29 -> 25.68
C41: ="Объем: "&Source!I29&"=0,5/"&"100" -> Объем: 0,005=0,5/100
C42: Коэфф. к ОЗП | D42: =Source!BA29 -> 6.56
C43: Коэфф. к эксплуатации машин | D43: =Source!BB29 -> 6.56
C44: Коэфф. к материалам | D44: =Source!BC29 -> 6.56
C45: Коэфф. к ЗПМ | D45: =Source!BS29 -> 6.56
C46: % НР | F46: =Source!BZ29 -> 89 | G46: =(Source!AF29+Source!AE29)*Source!FX29/100 -> 1071.9516 | H46: =Source!X29 -> 35.16
C47: % СП | F47: =Source!CA29 -> 65 | G47: =(Source!AF29+Source!AE29)*Source!FY29/100 -> 782.886 | H47: =Source!Y29 -> 25.68
C48: Итого с НР и СП | G48: =((Source!AF29+Source!AE29)*Source!FX29/100)+((Source!AF29+Source!AE29)*Source!FY29/100)+Source!AB29 -> 3298.2376 | H48: =Source!O29+Source!X29+Source!Y29 -> 108.19
A49: 2 | B49: =Source!E31 -> 1,1 | C49: =Source!G31 -> Строительный мусор и масса возвратных материалов | D49: =Source!F31 -> 01.7.07.07 | E49: =Source!H31 -> т | F49: =Source!I31 -> 0.097 | G49: =Source!AB31 -> 0 | H49: =Source!O31 -> 0 | T49: =Source!O31+Source!X31+Source!Y31 -> 0 | U49: =Source!P31 -> 0 | V49: =Source!S31 -> 0 | W49: =Source!Q31 -> 0 | X49: =Source!R31 -> 0 | Y49: =Source!U31 -> 0 | Z49: =Source!V31 -> 0 | AA49: =Source!X31 -> 0 | AB49: =Source!Y31 -> 0
C50: Коэфф. к материалам | D50: =Source!BC31 -> 6.56
A51: 3 | B51: =Source!E33 -> 2 | C51: =Source!G33 -> Разборка облицовки стен из керамических глазурованных плиток | D51: =Source!F33 -> 63-7-5 | E51: =Source!H33 -> 100 м2 | F51: =Source!I33 -> 2.8289 | G51: =Source!AB33 -> 654 | H51: =Source!O33 -> 12136.66 | T51: =Source!O33+Source!X33+Source!Y33 -> 26029.37 | U51: =Source!P33 -> 0 | V51: =Source!S33 -> 10851.36 | W51: =Source!Q33 -> 1285.3 | X51: =Source!R33 -> 87.78 | Y51: =Source!U33 -> 210.18727 | Z51: =Source!V33 -> 0.990115 | AA51: =Source!X33 -> 8423.14 | AB51: =Source!Y33 -> 5469.57
C52: ="Объем: "&Source!I33&"=282,89/"&"100" -> Объем: 2,8289=282,89/100
C53: Коэфф. к ОЗП | D53: =Source!BA33 -> 6.56
C54: Коэфф. к эксплуатации машин | D54: =Source!BB33 -> 6.56
C55: Коэфф. к материалам | D55: =Source!BC33 -> 6.56
C56: Коэфф. к ЗПМ | D56: =Source!BS33 -> 6.56
C57: % НР | F57: =Source!BZ33 -> 77 | G57: =(Source!AF33+Source!AE33)*Source!FX33/100 -> 453.8919 | H57: =Source!X33 -> 8423.14
C58: % СП | F58: =Source!CA33 -> 50 | G58: =(Source!AF33+Source!AE33)*Source!FY33/100 -> 294.735 | H58: =Source!Y33 -> 5469.57
C59: Итого с НР и СП | G59: =((Source!AF33+Source!AE33)*Source!FX33/100)+((Source!AF33+Source!AE33)*Source!FY33/100)+Source!AB33 -> 1402.6269 | H59: =Source!O33+Source!X33+Source!Y33 -> 26029.37
A60: 4 | B60: =Source!E35 -> 3 | C60: =Source!G35 -> Очистка поверхности щетками | D60: =Source!F35 -> 13-06-003-01 | E60: =Source!H35 -> м2 | F60: =Source!I35 -> 486.08 | G60: =Source!AB35 -> 8.83 | H60: =Source!O35 -> 28156.09 | T60: =Source!O35+Source!X35+Source!Y35 -> 67856.17 | U60: =Source!P35 -> 0 | V60: =Source!S35 -> 28156.09 | W60: =Source!Q35 -> 0 | X60: =Source!R35 -> 0 | Y60: =Source!U35 -> 503.0928 | Z60: =Source!V35 -> 0 | AA60: =Source!X35 -> 22806.43 | AB60: =Source!Y35 -> 16893.65
C61: ="Объем: "&Source!I35&"=240,94+"&"245,14" -> Объем: 486,08=240,94+245,14
C62: Коэфф. к ОЗП | D62: =Source!BA35 -> 6.56
C63: Коэфф. к эксплуатации машин | D63: =Source!BB35 -> 6.56
C64: Коэфф. к материалам | D64: =Source!BC35 -> 6.56
C65: Коэфф. к ЗПМ | D65: =Source!BS35 -> 6.56
C66: Эксплуатация машин | D66: )*1,25
C67: Оплата труда машинистов | D67: )*1,25
C68: Оплата труда рабочих | D68: )*1,15
C69: Затраты труда рабочих | D69: )*1,15
C70: Затраты труда машинистов | D70: )*1,25
C71: % НР | F71: =Source!BZ35 -> 90 | G71: =(Source!AF35+Source!AE35)*Source!FX35/100 -> 7.1523 | H71: =Source!X35 -> 22806.43
C72: % НР с поправкой | G72: =CONCATENATE(Source!DL35,Source!FT35, "=", Source!FX35, "%") -> *0,9=81% | H72: =CONCATENATE(Source!AT35) -> 81
C73: % СП | F73: =Source!CA35 -> 70 | G73: =(Source!AF35+Source!AE35)*Source!FY35/100 -> 5.25385 | H73: =Source!Y35 -> 16893.65
C74: СП с поправкой | G74: =CONCATENATE(Source!DM35,Source!FU35, "=", Source!FY35, "%") -> *0,85=59,5% | H74: =CONCATENATE(Source!AU35) -> 60
C75: Итого с НР и СП | G75: =((Source!AF35+Source!AE35)*Source!FX35/100)+((Source!AF35+Source!AE35)*Source!FY35/100)+Source!AB35 -> 21.23615 | H75: =Source!O35+Source!X35+Source!Y35 -> 67856.17
A76: 5 | B76: =Source!E37 -> 4 | C76: =Source!G37 -> Разборка плинтусов цементных и из керамической плитки | D76: =Source!F37 -> 57-3-2 | E76: =Source!H37 -> 100 м | F76: =Source!I37 -> 1.6938 | G76: =Source!AB37 -> 111.38 | H76: =Source!O37 -> 1237.58 | T76: =Source!O37+Source!X37+Source!Y37 -> 3069.19 | U76: =Source!P37 -> 0 | V76: =Source!S37 -> 1237.58 | W76: =Source!Q37 -> 0 | X76: =Source!R37 -> 0 | Y76: =Source!U37 -> 24.187464 | Z76: =Source!V37 -> 0 | AA76: =Source!X37 -> 990.06 | AB76: =Source!Y37 -> 841.55
C77: ="Объем: "&Source!I37&"=169,38/"&"100" -> Объем: 1,6938=169,38/100
C78: Коэфф. к ОЗП | D78: =Source!BA37 -> 6.56
C79: Коэфф. к эксплуатации машин | D79: =Source!BB37 -> 6.56
C80: Коэфф. к материалам | D80: =Source!BC37 -> 6.56
C81: Коэфф. к ЗПМ | D81: =Source!BS37 -> 6.56
C82: % НР | F82: =Source!BZ37 -> 80 | G82: =(Source!AF37+Source!AE37)*Source!FX37/100 -> 89.104 | H82: =Source!X37 -> 990.06
C83: % СП | F83: =Source!CA37 -> 68 | G83: =(Source!AF37+Source!AE37)*Source!FY37/100 -> 75.7384 | H83: =Source!Y37 -> 841.55
C84: Итого с НР и СП | G84: =((Source!AF37+Source!AE37)*Source!FX37/100)+((Source!AF37+Source!AE37)*Source!FY37/100)+Source!AB37 -> 276.2224 | H84: =Source!O37+Source!X37+Source!Y37 -> 3069.19
A85: 6 | B85: =Source!E39 -> 4,1 | C85: =Source!G39 -> Строительный мусор | D85: =Source!F39 -> 01.7.07.07 | E85: =Source!H39 -> т | F85: =Source!I39 -> 1.050156 | G85: =Source!AB39 -> 0 | H85: =Source!O39 -> 0 | T85: =Source!O39+Source!X39+Source!Y39 -> 0 | U85: =Source!P39 -> 0 | V85: =Source!S39 -> 0 | W85: =Source!Q39 -> 0 | X85: =Source!R39 -> 0 | Y85: =Source!U39 -> 0 | Z85: =Source!V39 -> 0 | AA85: =Source!X39 -> 0 | AB85: =Source!Y39 -> 0
C86: Коэфф. к материалам | D86: =Source!BC39 -> 6.56
A87: 7 | B87: =Source!E41 -> 5 | C87: =Source!G41 -> Разборка покрытий полов из керамических плиток | D87: =Source!F41 -> 57-2-3 | E87: =Source!H41 -> 100 м2 | F87: =Source!I41 -> 2.4514 | G87: =Source!AB41 -> 641 | H87: =Source!O41 -> 10308.03 | T87: =Source!O41+Source!X41+Source!Y41 -> 24955.35 | U87: =Source!P41 -> 0 | V87: =Source!S41 -> 9584.22 | W87: =Source!Q41 -> 723.81 | X87: =Source!R41 -> 312.62 | Y87: =Source!U41 -> 171.27932 | Z87: =Source!V41 -> 3.530016 | AA87: =Source!X41 -> 7917.47 | AB87: =Source!Y41 -> 6729.85
C88: ="Объем: "&Source!I41&"=245,14/"&"100" -> Объем: 2,4514=245,14/100
C89: Коэфф. к ОЗП | D89: =Source!BA41 -> 6.56
C90: Коэфф. к эксплуатации машин | D90: =Source!BB41 -> 6.56
C91: Коэфф. к материалам | D91: =Source!BC41 -> 6.56
C92: Коэфф. к ЗПМ | D92: =Source!BS41 -> 6.56
C93: % НР | F93: =Source!BZ41 -> 80 | G93: =(Source!AF41+Source!AE41)*Source!FX41/100 -> 492.344 | H93: =Source!X41 -> 7917.47
C94: % СП | F94: =Source!CA41 -> 68 | G94: =(Source!AF41+Source!AE41)*Source!FY41/100 -> 418.4924 | H94: =Source!Y41 -> 6729.85
C95: Итого с НР и СП | G95: =((Source!AF41+Source!AE41)*Source!FX41/100)+((Source!AF41+Source!AE41)*Source!FY41/100)+Source!AB41 -> 1551.8364 | H95: =Source!O41+Source!X41+Source!Y41 -> 24955.35
A96: 8 | B96: =Source!E43 -> 5,1 | C96: =Source!G43 -> Строительный мусор | D96: =Source!F43 -> 01.7.07.07 | E96: =Source!H43 -> т | F96: =Source!I43 -> 12.74728 | G96: =Source!AB43 -> 0 | H96: =Source!O43 -> 0 | T96: =Source!O43+Source!X43+Source!Y43 -> 0 | U96: =Source!P43 -> 0 | V96: =Source!S43 -> 0 | W96: =Source!Q43 -> 0 | X96: =Source!R43 -> 0 | Y96: =Source!U43 -> 0 | Z96: =Source!V43 -> 0 | AA96: =Source!X43 -> 0 | AB96: =Source!Y43 -> 0
C97: Коэфф. к материалам | D97: =Source!BC43 -> 6.56
A98: 9 | B98: =Source!E45 -> 6 | C98: =Source!G45 -> Разборка деревянных заполнений проемов оконных без подоконных досок | D98: =Source!F45 -> 46-04-012-02 | E98: =Source!H45 -> 100 м2 | F98: =Source!I45 -> 0.3994 | G98: =Source!AB45 -> 1639.58 | H98: =Source!O45 -> 4295.8 | T98: =Source!O45+Source!X45+Source!Y45 -> 10553.48 | U98: =Source!P45 -> 0 | V98: =Source!S45 -> 3661.88 | W98: =Source!Q45 -> 633.92 | X98: =Source!R45 -> 273.77 | Y98: =Source!U45 -> 69.000344 | Z98: =Source!V45 -> 3.091356 | AA98: =Source!X45 -> 3896.29 | AB98: =Source!Y45 -> 2361.39
C99: ="Объем: "&Source!I45&"=39,94/"&"100" -> Объем: 0,3994=39,94/100
C100: Коэфф. к ОЗП | D100: =Source!BA45 -> 6.56
C101: Коэфф. к эксплуатации машин | D101: =Source!BB45 -> 6.56
C102: Коэфф. к материалам | D102: =Source!BC45 -> 6.56
C103: Коэфф. к ЗПМ | D103: =Source!BS45 -> 6.56
C104: % НР | F104: =Source!BZ45 -> 110 | G104: =(Source!AF45+Source!AE45)*Source!FX45/100 -> 1487.0988 | H104: =Source!X45 -> 3896.29
C105: % НР с поправкой | G105: =CONCATENATE(Source!DL45,Source!FT45, "=", Source!FX45, "%") -> *0,9=99% | H105: =CONCATENATE(Source!AT45) -> 99
C106: % СП | F106: =Source!CA45 -> 70 | G106: =(Source!AF45+Source!AE45)*Source!FY45/100 -> 893.7614 | H106: =Source!Y45 -> 2361.39
C107: СП с поправкой | G107: =CONCATENATE(Source!DM45,Source!FU45, "=", Source!FY45, "%") -> *0,85=59,5% | H107: =CONCATENATE(Source!AU45) -> 60
...

Sheet Source
A1: 0 | B1: Smeta.RU (495) 974-1589 | D1: _PS_ | F1: 0 | G1: 0 | H1: 0 | I1: Smeta.RU | J1: НИЯУ МИФИ Доп. раб. место MCCS-0027251 | K1: 0 | L1: 27251 | M1: 10 | N1: 10 | O1: 1 | P1: 0 | Q1: 5
A12: 1 | B12: 761 | C12: 0 | D12: =ROW(A700) -> 700 | E12: 0 | F12: Новый объект | G12: Ремонт помещений № 39-59 пищеблока 1-го этажа и систем хоз.бытовой канализации, водоснабжения, отопления и электроосвещения на техническом этаже здания Университетского лицея №1523 Предуниверситария НИЯУ МИФИ по адресу: г. Москва, Кленовый бульвар, д.21 | I12: 0 | K12: 0 | O12: 0 | P12: 0 | Q12: 0 | R12: 0 | S12: 0 | V12: 0 | BH12: Сметные нормы списания | BI12: Коды ценников | BJ12: 1 | BK12: 1 | BL12: 0 | BM12: 0 | BN12: 1 | BO12: 0 | BP12: 2 | BQ12: 2 | BR12: 1 | BS12: 1 | BT12: 0 | BU12: 0 | BV12: 0 | BW12: 0 | BX12: 0 | BY12: ФЕР-2017 | BZ12: ТР для Версии 10: Центральные регионы (с учетом п-ма 2536-ИП/12/ГС от 22.03.2017 г | CA12: ФЕР-2017 | CB12: ФЕР-2017 | CC12: ФЕР-2017 | CD12: ФЕР-2017 | CE12: Поправки для ГСН 2017 от 31.03.2017 г | CF12: 0 | CG12: 0 | CH12: 524288 | CK12: 4 | EC12: 0
A15: 15 | B15: 1
A18: 52 | B18: =B700 -> 761 | C18: =C700 -> 1 | D18: =D700 -> 12 | E18: =E700 -> 0 | F18: =F700 -> Новый объект | G18: =G700 -> Ремонт помещений № 39-59 пищеблока 1-го этажа и систем хоз.бытовой канализации, водоснабжения, отопления и электроосвещения на техническом этаже здания Университетского лицея №1523 Предуниверситария НИЯУ МИФИ по адресу: г. Москва, Кленовый бульвар, д.21 | O18: =O700 -> 384703.65 | P18: =P700 -> 339445.54 | Q18: =Q700 -> 3482.01 | R18: =R700 -> 683.54 | S18: =S700 -> 41776.1 | T18: =T700 -> 0 | U18: =U700 -> 4747.7949 | V18: =V700 -> 58.009473 | ... GX18: =GX700 -> 0
A20: 3 | B20: 1 | D20: =ROW(A668) -> 668 | F20: Новая локальная смета | G20: Новая локальная смета | I20: 0 | K20: 0 | V20: 0 | BX20: 0 | CF20: 0 | CG20: 0
A22: 52 | B22: =B668 -> 1 | C22: =C668 -> 3 | D22: =D668 -> 20 | E22: =E668 -> 0 | F22: =F668 -> Новая локальная смета | G22: =G668 -> Новая локальная смета | O22: =O668 -> 384703.65 | P22: =P668 -> 339445.54 | Q22: =Q668 -> 3482.01 | R22: =R668 -> 683.54 | S22: =S668 -> 41776.1 | T22: =T668 -> 0 | U22: =U668 -> 4747.7949 | V22: =V668 -> 58.009473 | ... GX22: =GX668 -> 0
A24: 4 | B24: 1 | D24: =ROW(A103) -> 103 | F24: Новый раздел | G24: Демонтажные работы | I24: 0 | K24: 0 | V24: 0 | BX24: 0 | CJ24: 0
A26: 52 | B26: =B103 -> 1 | C26: =C103 -> 4 | D26: =D103 -> 24 | E26: =E103 -> 0 | F26: =F103 -> Новый раздел | G26: =G103 -> Демонтажные работы | O26: =O103 -> 11805.54 | P26: =P103 -> 2.18 | Q26: =Q103 -> 564.31 | R26: =R103 -> 151.3 | S26: =S103 -> 11239.05 | T26: =T103 -> 0 | U26: =U103 -> 1349.0566 | V26: =V103 -> 11.302061 | ... GX26: =GX103 -> 0
A28: 17 | B28: 1 | C28: =ROW(SmtRes!A4) -> 4 | D28: =ROW(EtalonRes!A4) -> 4 | E28: 1 | F28: 55-5-1 | G28: Разборка кирпичных перегородок на отдельные кирпичи | H28: 100 м2 | I28: =ROUND(0.5/100,9) -> 0.005 | J28: 0 | O28: =ROUND(CP28,2) -> 7.21 | P28: =ROUND(CQ28*I28,2) -> 0 | Q28: =ROUND(CR28*I28,2) -> 1.19 | R28: =ROUND(CS28*I28,2) -> 0 | S28: =ROUND(CT28*I28,2) -> 6.02 | T28: =ROUND(CU28*I28,2) -> 0 | U28: =CV28*I28 -> 0.706 | V28: =CW28*I28 -> 0 | W28: =ROUND(CX28*I28,2) -> 0 | X28: =ROUND(CY28,2) -> 5.36 | Y28: =ROUND(CZ28,2) -> 3.91 | AA28: 16697018 | AB28: =ROUND((AC28+AD28+AF28),2) -> 1443.4 | AC28: =ROUND((ES28),2) -> 0 | AD28: =ROUND((((ET28)-(EU28))+AE28),2) -> 238.96 | AE28: =ROUND((EU28),2) -> 0 | AF28: =ROUND((EV28),2) -> 1204.44 | AG28: =ROUND((AP28),2) -> 0 | AH28: =(EW28) -> 141.2 | AI28: =(EX28) -> 0 | AJ28: =ROUND((AS28),2) -> 0 | AK28: 1443.4 | AL28: 0 | AM28: 238.96 | AN28: 0 | AO28: 1204.44 | AP28: 0 | AQ28: 141.2 | AR28: 0 | AS28: 0 | AT28: 89 | AU28: 65 | AV28: 1 | AW28: 1 | AZ28: 1 | BA28: 1 | BB28: 1 | BC28: 1 | BH28: 0 | BI28: 1 | BJ28: ФЕРр-2001, 55-5-1, приказ Минстроя России №1039/пр от 30.12.2016г. | BM28: 55001 | BN28: 0 | BP28: 0 | BQ28: 6 | BR28: 0 | BS28: 1 | BT28: 1 | BU28: 1 | BV28: 1 | BW28: 1 | BX28: 1 | BZ28: 89 | CA28: 65 | CF28: 0 | CG28: 0 | CM28: 0 | CO28: 0 | CP28: =(P28+Q28+S28) -> 7.21 | CQ28: =AC28*BC28 -> 0 | CR28: =AD28*BB28 -> 238.96 | CS28: =AE28*BS28 -> 0 | CT28: =AF28*BA28 -> 1204.44 | CU28: =AG28 -> 0 | CV28: =AH28 -> 141.2 | CW28: =AI28 -> 0 | CX28: =AJ28 -> 0 | CY28: =(((S28+R28)*AT28)/100) -> 5.3578 | CZ28: =(((S28+R28)*AU28)/100) -> 3.913 | DN28: 0 | DO28: 0 | DP28: 1 | DQ28: 1 | DU28: 1005 | DV28: 100 м2 | DW28: 100 м2 | DX28: 100 | EE28: 16510564 | EF28: 6 | EG28: Ремонтно-строительные работы | EH28: 0 | EJ28: 1 | EK28: 55001 | EL28: Перегородки | EM28: рФЕР-55 | EQ28: 131072 | ER28: 1443.4 | ES28: 0 | ET28: 238.96 | EU28: 0 | EV28: 1204.44 | EW28: 141.2 | EX28: 0 | EY28: 0 | FQ28: 0 | FR28: =ROUND(IF(AND(BH28=3,BI28=3),P28,0),2) -> 0 | FS28: 0 | FX28: 89 | FY28: 65 | GD28: 0 | GF28: -1515074980 | GG28: 2 | GH28: 1 | GI28: -2 | GJ28: 0 | GK28: =ROUND(R28*(R12)/100,2) -> 0 | GL28: =ROUND(IF(AND(BH28=3,BI28=3,FS28<>0),P28,0),2) -> 0 | GM28: =ROUND(O28+X28+Y28+GK28,2)+GX28 -> 16.48 | GN28: =IF(OR(BI28=0,BI28=1),ROUND(O28+X28+Y28+GK28,2),0) -> 16.48 | GO28: =IF(BI28=2,ROUND(O28+X28+Y28+GK28,2),0) -> 0 | GP28: =IF(BI28=4,ROUND(O28+X28+Y28+GK28,2)+GX28,0) -> 0 | GR28: 0 | GS28: 3 | GT28: 0 | GV28: =ROUND(GT28,2) -> 0 | GW28: 1 | GX28: =ROUND(GV28*GW28*I28,2) -> 0 | HA28: 0 | HB28: 0 | IK28: 0
A29: 17 | B29: 1 | C29: =ROW(SmtRes!A8) -> 8 | D29: =ROW(EtalonRes!A8) -> 8 | E29: 1 | F29: 55-5-1 | G29: Разборка кирпичных перегородок на отдельные кирпичи | H29: 100 м2 | I29: =ROUND(0.5/100,9) -> 0.005 | J29: 0 | O29: =ROUND(CP29,2) -> 47.35 | P29: =ROUND(CQ29*I29,2) -> 0 | Q29: =ROUND(CR29*I29,2) -> 7.84 | R29: =ROUND(CS29*I29,2) -> 0 | S29: =ROUND(CT29*I29,2) -> 39.51 | T29: =ROUND(CU29*I29,2) -> 0 | U29: =CV29*I29 -> 0.706 | V29: =CW29*I29 -> 0 | W29: =ROUND(CX29*I29,2) -> 0 | X29: =ROUND(CY29,2) -> 35.16 | Y29: =ROUND(CZ29,2) -> 25.68 | AA29: 16697019 | AB29: =ROUND((AC29+AD29+AF29),2) -> 1443.4 | AC29: =ROUND((ES29),2) -> 0 | AD29: =ROUND((((ET29)-(EU29))+AE29),2) -> 238.96 | AE29: =ROUND((EU29),2) -> 0 | AF29: =ROUND((EV29),2) -> 1204.44 | AG29: =ROUND((AP29),2) -> 0 | AH29: =(EW29) -> 141.2 | AI29: =(EX29) -> 0 | AJ29: =ROUND((AS29),2) -> 0 | AK29: 1443.4 | AL29: 0 | AM29: 238.96 | AN29: 0 | AO29: 1204.44 | AP29: 0 | AQ29: 141.2 | AR29: 0 | AS29: 0 | AT29: 89 | AU29: 65 | AV29: 1 | AW29: 1 | AZ29: 6.56 | BA29: 6.56 | BB29: 6.56 | BC29: 6.56 | BH29: 0 | BI29: 1 | BJ29: ФЕРр-2001, 55-5-1, приказ Минстроя России №1039/пр от 30.12.2016г. | BM29: 55001 | BN29: 0 | BP29: 0 | BQ29: 6 | BR29: 0 | BS29: 6.56 | BT29: 1 | BU29: 1 | BV29: 1 | BW29: 1 | BX29: 1 | BZ29: 89 | CA29: 65 | CF29: 0 | CG29: 0 | CM29: 0 | CO29: 0 | CP29: =(P29+Q29+S29) -> 47.35 | CQ29: =AC29*BC29 -> 0 | CR29: =AD29*BB29 -> 1567.5776 | CS29: =AE29*BS29 -> 0 | CT29: =AF29*BA29 -> 7901.1264 | CU29: =AG29 -> 0 | CV29: =AH29 -> 141.2 | CW29: =AI29 -> 0 | CX29: =AJ29 -> 0 | CY29: =(((S29+R29)*AT29)/100) -> 35.1639 | CZ29: =(((S29+R29)*AU29)/100) -> 25.6815 | DN29: 0 | DO29: 0 | DP29: 1 | DQ29: 1 | DU29: 1005 | DV29: 100 м2 | DW29: 100 м2 | DX29: 100 | EE29: 16510564 | EF29: 6 | EG29: Ремонтно-строительные работы | EH29: 0 | EJ29: 1 | EK29: 55001 | EL29: Перегородки | EM29: рФЕР-55 | EQ29: 131072 | ER29: 1443.4 | ES29: 0 | ET29: 238.96 | EU29: 0 | EV29: 1204.44 | EW29: 141.2 | EX29: 0 | EY29: 0 | FQ29: 0 | FR29: =ROUND(IF(AND(BH29=3,BI29=3),P29,0),2) -> 0 | FS29: 0 | FX29: 89 | FY29: 65 | GD29: 0 | GF29: -1515074980 | GG29: 1 | GH29: 1 | GI29: 4 | GJ29: 0 | GK29: =ROUND(R29*(S12)/100,2) -> 0 | GL29: =ROUND(IF(AND(BH29=3,BI29=3,FS29<>0),P29,0),2) -> 0 | GM29: =ROUND(O29+X29+Y29+GK29,2)+GX29 -> 108.19 | GN29: =IF(OR(BI29=0,BI29=1),ROUND(O29+X29+Y29+GK29,2),0) -> 108.19 | GO29: =IF(BI29=2,ROUND(O29+X29+Y29+GK29,2),0) -> 0 | GP29: =IF(BI29=4,ROUND(O29+X29+Y29+GK29,2)+GX29,0) -> 0 | GR29: 0 | GS29: 3 | GT29: 0 | GV29: =ROUND(GT29,2) -> 0 | GW29: 1 | GX29: =ROUND(GV29*GW29*I29,2) -> 0 | HA29: 0 | HB29: 0 | IK29: 0
A30: 18 | B30: 1 | C30: 4 | E30: 1,1 | F30: 01.7.07.07 | G30: Строительный мусор и масса возвратных материалов | H30: т | I30: =I28*J30 -> 0.097 | J30: 19.4 | O30: =ROUND(CP30,2) -> 0 | P30: =ROUND(CQ30*I30,2) -> 0 | Q30: =ROUND(CR30*I30,2) -> 0 | R30: =ROUND(CS30*I30,2) -> 0 | S30: =ROUND(CT30*I30,2) -> 0 | T30: =ROUND(CU30*I30,2) -> 0 | U30: =CV30*I30 -> 0 | V30: =CW30*I30 -> 0 | W30: =ROUND(CX30*I30,2) -> 0 | X30: =ROUND(CY30,2) -> 0 | Y30: =ROUND(CZ30,2) -> 0 | AA30: 16697018 | AB30: =ROUND((AC30+AD30+AF30),2) -> 0 | AC30: =ROUND((ES30),2) -> 0 | AD30: =ROUND((((ET30)-(EU30))+AE30),2) -> 0 | AE30: =ROUND((EU30),2) -> 0 | AF30: =ROUND((EV30),2) -> 0 | AG30: =ROUND((AP30),2) -> 0 | AH30: =(EW30) -> 0 | AI30: =(EX30) -> 0 | AJ30: =ROUND((AS30),2) -> 0 | AK30: 0 | AL30: 0 | AM30: 0 | AN30: 0 | AO30: 0 | AP30: 0 | AQ30: 0 | AR30: 0 | AS30: 0 | AT30: 89 | AU30: 65 | AV30: 1 | AW30: 1 | AZ30: 1 | BA30: 1 | BB30: 1 | BC30: 1 | BH30: 3 | BI30: 1 | BM30: 55001 | BN30: 0 | BP30: 0 | BQ30: 6 | BR30: 0 | BS30: 1 | BT30: 1 | BU30: 1 | BV30: 1 | BW30: 1 | BX30: 1 | BZ30: 89 | CA30: 65 | CF30: 0 | CG30: 0 | CM30: 0 | CO30: 0 | CP30: =(P30+Q30+S30) -> 0 | CQ30: =AC30*BC30 -> 0 | CR30: =AD30*BB30 -> 0 | CS30: =AE30*BS30 -> 0 | CT30: =AF30*BA30 -> 0 | CU30: =AG30 -> 0 | CV30: =AH30 -> 0 | CW30: =AI30 -> 0 | CX30: =AJ30 -> 0 | CY30: =(((S30+R30)*AT30)/100) -> 0 | CZ30: =(((S30+R30)*AU30)/100) -> 0 | DN30: 0 | DO30: 0 | DP30: 1 | DQ30: 1 | DU30: 1009 | DV30: т | DW30: т | DX30: 1000 | EE30: 16510564 | EF30: 6 | EG30: Ремонтно-строительные работы | EH30: 0 | EJ30: 1 | EK30: 55001 | EL30: Перегородки | EM30: рФЕР-55 | EQ30: 0 | ER30: 0 | ES30: 0 | ET30: 0 | EU30: 0 | EV30: 0 | EW30: 0 | EX30: 0 | FQ30: 0 | FR30: =ROUND(IF(AND(BH30=3,BI30=3),P30,0),2) -> 0 | FS30: 0 | FX30: 89 | FY30: 65 | GD30: 0 | GF30: -66286256 | GG30: 2 | GH30: 1 | GI30: -2 | GJ30: 0 | GK30: =ROUND(R30*(R12)/100,2) -> 0 | GL30: =ROUND(IF(AND(BH30=3,BI30=3,FS30<>0),P30,0),2) -> 0 | GM30: =ROUND(O30+X30+Y30+GK30,2)+GX30 -> 0 | GN30: =IF(OR(BI30=0,BI30=1),ROUND(O30+X30+Y30+GK30,2),0) -> 0 | GO30: =IF(BI30=2,ROUND(O30+X30+Y30+GK30,2),0) -> 0 | GP30: =IF(BI30=4,ROUND(O30+X30+Y30+GK30,2)+GX30,0) -> 0 | GR30: 0 | GS30: 3 | GT30: 0 | GV30: =ROUND(GT30,2) -> 0 | GW30: 1 | GX30: =ROUND(GV30*GW30*I30,2) -> 0 | HA30: 0 | HB30: 0 | IK30: 0
A31: 18 | B31: 1 | C31: 8 | E31: 1,1 | F31: 01.7.07.07 | G31: Строительный мусор и масса возвратных материалов | H31: т | I31: =I29*J31 -> 0.097 | J31: 19.4 | O31: =ROUND(CP31,2) -> 0 | P31: =ROUND(CQ31*I31,2) -> 0 | Q31: =ROUND(CR31*I31,2) -> 0 | R31: =ROUND(CS31*I31,2) -> 0 | S31: =ROUND(CT31*I31,2) -> 0 | T31: =ROUND(CU31*I31,2) -> 0 | U31: =CV31*I31 -> 0 | V31: =CW31*I31 -> 0 | W31: =ROUND(CX31*I31,2) -> 0 | X31: =ROUND(CY31,2) -> 0 | Y31: =ROUND(CZ31,2) -> 0 | AA31: 16697019 | AB31: =ROUND((AC31+AD31+AF31),2) -> 0 | AC31: =ROUND((ES31),2) -> 0 | AD31: =ROUND((((ET31)-(EU31))+AE31),2) -> 0 | AE31: =ROUND((EU31),2) -> 0 | AF31: =ROUND((EV31),2) -> 0 | AG31: =ROUND((AP31),2) -> 0 | AH31: =(EW31) -> 0 | AI31: =(EX31) -> 0 | AJ31: =ROUND((AS31),2) -> 0 | AK31: 0 | AL31: 0 | AM31: 0 | AN31: 0 | AO31: 0 | AP31: 0 | AQ31: 0 | AR31: 0 | AS31: 0 | AT31: 89 | AU31: 65 | AV31: 1 | AW31: 1 | AZ31: 6.56 | BA31: 1 | BB31: 1 | BC31: 6.56 | BH31: 3 | BI31: 1 | BM31: 55001 | BN31: 0 | BP31: 0 | BQ31: 6 | BR31: 0 | BS31: 1 | BT31: 1 | BU31: 1 | BV31: 1 | BW31: 1 | BX31: 1 | BZ31: 89 | CA31: 65 | CF31: 0 | CG31: 0 | CM31: 0 | CO31: 0 | CP31: =(P31+Q31+S31) -> 0 | CQ31: =AC31*BC31 -> 0 | CR31: =AD31*BB31 -> 0 | CS31: =AE31*BS31 -> 0 | CT31: =AF31*BA31 -> 0 | CU31: =AG31 -> 0 | CV31: =AH31 -> 0 | CW31: =AI31 -> 0 | CX31: =AJ31 -> 0 | CY31: =(((S31+R31)*AT31)/100) -> 0 | CZ31: =(((S31+R31)*AU31)/100) -> 0 | DN31: 0 | DO31: 0 | DP31: 1 | DQ31: 1 | DU31: 1009 | DV31: т | DW31: т | DX31: 1000 | EE31: 16510564 | EF31: 6 | EG31: Ремонтно-строительные работы | EH31: 0 | EJ31: 1 | EK31: 55001 | EL31: Перегородки | EM31: рФЕР-55 | EQ31: 0 | ER31: 0 | ES31: 0 | ET31: 0 | EU31: 0 | EV31: 0 | EW31: 0 | EX31: 0 | FQ31: 0 | FR31: =ROUND(IF(AND(BH31=3,BI31=3),P31,0),2) -> 0 | FS31: 0 | FX31: 89 | FY31: 65 | GD31: 0 | GF31: -66286256 | GG31: 1 | GH31: 1 | GI31: 4 | GJ31: 0 | GK31: =ROUND(R31*(S12)/100,2) -> 0 | GL31: =ROUND(IF(AND(BH31=3,BI31=3,FS31<>0),P31,0),2) -> 0 | GM31: =ROUND(O31+X31+Y31+GK31,2)+GX31 -> 0 | GN31: =IF(OR(BI31=0,BI31=1),ROUND(O31+X31+Y31+GK31,2),0) -> 0 | GO31: =IF(BI31=2,ROUND(O31+X31+Y31+GK31,2),0) -> 0 | GP31: =IF(BI31=4,ROUND(O31+X31+Y31+GK31,2)+GX31,0) -> 0 | GR31: 0 | GS31: 3 | GT31: 0 | GV31: =ROUND(GT31,2) -> 0 | GW31: 1 | GX31: =ROUND(GV31*GW31*I31,2) -> 0 | HA31: 0 | HB31: 0 | IK31: 0
A32: 17 | B32: 1 | C32: =ROW(SmtRes!A13) -> 13 | D32: =ROW(EtalonRes!A13) -> 13 | E32: 2 | F32: 63-7-5 | G32: Разборка облицовки стен из керамических глазурованных плиток | H32: 100 м2 | I32: =ROUND(282.89/100,9) -> 2.8289 | J32: 0 | O32: =ROUND(CP32,2) -> 1850.1 | P32: =ROUND(CQ32*I32,2) -> 0 | Q32: =ROUND(CR32*I32,2) -> 195.93 | R32: =ROUND(CS32*I32,2) -> 13.38 | S32: =ROUND(CT32*I32,2) -> 1654.17 | T32: =ROUND(CU32*I32,2) -> 0 | U32: =CV32*I32 -> 210.18727 | V32: =CW32*I32 -> 0.990115 | W32: =ROUND(CX32*I32,2) -> 0 | X32: =ROUND(CY32,2) -> 1284.01 | Y32: =ROUND(CZ32,2) -> 833.78 | AA32: 16697018 | AB32: =ROUND((AC32+AD32+AF32),2) -> 654 | AC32: =ROUND((ES32),2) -> 0 | AD32: =ROUND((((ET32)-(EU32))+AE32),2) -> 69.26 | AE32: =ROUND((EU32),2) -> 4.73 | AF32: =ROUND((EV32),2) -> 584.74 | AG32: =ROUND((AP32),2) -> 0 | AH32: =(EW32) -> 74.3 | AI32: =(EX32) -> 0.35 | AJ32: =ROUND((AS32),2) -> 0 | AK32: 654 | AL32: 0 | AM32: 69.26 | AN32: 4.73 | AO32: 584.74 | AP32: 0 | AQ32: 74.3 | AR32: 0.35 | AS32: 0 | AT32: 77 | AU32: 50 | AV32: 1 | AW32: 1 | AZ32: 1 | BA32: 1 | BB32: 1 | BC32: 1 | BH32: 0 | BI32: 1 | BJ32: ФЕРр-2001, 63-7-5, приказ Минстроя России №1039/пр от 30.12.2016г. | BM32: 63001 | BN32: 0 | BP32: 0 | BQ32: 6 | BR32: 0 | BS32: 1 | BT32: 1 | BU32: 1 | BV32: 1 | BW32: 1 | BX32: 1 | BZ32: 77 | CA32: 50 | CF32: 0 | CG32: 0 | CM32: 0 | CO32: 0 | CP32: =(P32+Q32+S32) -> 1850.1 | CQ32: =AC32*BC32 -> 0 | CR32: =AD32*BB32 -> 69.26 | CS32: =AE32*BS32 -> 4.73 | CT32: =AF32*BA32 -> 584.74 | CU32: =AG32 -> 0 | CV32: =AH32 -> 74.3 | CW32: =AI32 -> 0.35 | CX32: =AJ32 -> 0 | CY32: =(((S32+R32)*AT32)/100) -> 1284.0135 | CZ32: =(((S32+R32)*AU32)/100) -> 833.775 | DN32: 0 | DO32: 0 | DP32: 1 | DQ32: 1 | DU32: 1005 | DV32: 100 м2 | DW32: 100 м2 | DX32: 100 | EE32: 16510572 | EF32: 6 | EG32: Ремонтно-строительные работы | EH32: 0 | EJ32: 1 | EK32: 63001 | EL32: Стекольные, обойные, облицовочные работы | EM32: рФЕР-63 | EQ32: 131072 | ER32: 654 | ES32: 0 | ET32: 69.26 | EU32: 4.73 | EV32: 584.74 | EW32: 74.3 | EX32: 0.35 | EY32: 0 | FQ32: 0 | FR32: =ROUND(IF(AND(BH32=3,BI32=3),P32,0),2) -> 0 | FS32: 0 | FX32: 77 | FY32: 50 | GD32: 0 | GF32: 1410032296 | GG32: 2 | GH32: 1 | GI32: -2 | GJ32: 0 | GK32: =ROUND(R32*(R12)/100,2) -> 0 | GL32: =ROUND(IF(AND(BH32=3,BI32=3,FS32<>0),P32,0),2) -> 0 | GM32: =ROUND(O32+X32+Y32+GK32,2)+GX32 -> 3967.89 | GN32: =IF(OR(BI32=0,BI32=1),ROUND(O32+X32+Y32+GK32,2),0) -> 3967.89 | GO32: =IF(BI32=2,ROUND(O32+X32+Y32+GK32,2),0) -> 0 | GP32: =IF(BI32=4,ROUND(O32+X32+Y32+GK32,2)+GX32,0) -> 0 | GR32: 0 | GS32: 3 | GT32: 0 | GV32: =ROUND(GT32,2) -> 0 | GW32: 1 | GX32: =ROUND(GV32*GW32*I32,2) -> 0 | HA32: 0 | HB32: 0 | IK32: 0
A33: 17 | B33: 1 | C33: =ROW(SmtRes!A18) -> 18 | D33: =ROW(EtalonRes!A18) -> 18 | E33: 2 | F33: 63-7-5 | G33: Разборка облицовки стен из керамических глазурованных плиток | H33: 100 м2 | I33: =ROUND(282.89/100,9) -> 2.8289 | J33: 0 | O33: =ROUND(CP33,2) -> 12136.66 | P33: =ROUND(CQ33*I33,2) -> 0 | Q33: =ROUND(CR33*I33,2) -> 1285.3 | R33: =ROUND(CS33*I33,2) -> 87.78 | S33: =ROUND(CT33*I33,2) -> 10851.36 | T33: =ROUND(CU33*I33,2) -> 0 | U33: =CV33*I33 -> 210.18727 | V33: =CW33*I33 -> 0.990115 | W33: =ROUND(CX33*I33,2) -> 0 | X33: =ROUND(CY33,2) -> 8423.14 | Y33: =ROUND(CZ33,2) -> 5469.57 | AA33: 16697019 | AB33: =ROUND((AC33+AD33+AF33),2) -> 654 | AC33: =ROUND((ES33),2) -> 0 | AD33: =ROUND((((ET33)-(EU33))+AE33),2) -> 69.26 | AE33: =ROUND((EU33),2) -> 4.73 | AF33: =ROUND((EV33),2) -> 584.74 | AG33: =ROUND((AP33),2) -> 0 | AH33: =(EW33) -> 74.3 | AI33: =(EX33) -> 0.35 | AJ33: =ROUND((AS33),2) -> 0 | AK33: 654 | AL33: 0 | AM33: 69.26 | AN33: 4.73 | AO33: 584.74 | AP33: 0 | AQ33: 74.3 | AR33: 0.35 | AS33: 0 | AT33: 77 | AU33: 50 | AV33: 1 | AW33: 1 | AZ33: 6.56 | BA33: 6.56 | BB33: 6.56 | BC33: 6.56 | BH33: 0 | BI33: 1 | BJ33: ФЕРр-2001, 63-7-5, приказ Минстроя России №1039/пр от 30.12.2016г. | BM33: 63001 | BN33: 0 | BP33: 0 | BQ33: 6 | BR33: 0 | BS33: 6.56 | BT33: 1 | BU33: 1 | BV33: 1 | BW33: 1 | BX33: 1 | BZ33: 77 | CA33: 50 | CF33: 0 | CG33: 0 | CM33: 0 | CO33: 0 | CP33: =(P33+Q33+S33) -> 12136.66 | CQ33: =AC33*BC33 -> 0 | CR33: =AD33*BB33 -> 454.3456 | CS33: =AE33*BS33 -> 31.0288 | CT33: =AF33*BA33 -> 3835.8944 | CU33: =AG33 -> 0 | CV33: =AH33 -> 74.3 | CW33: =AI33 -> 0.35 | CX33: =AJ33 -> 0 | CY33: =(((S33+R33)*AT33)/100) -> 8423.1378 | CZ33: =(((S33+R33)*AU33)/100) -> 5469.57 | DN33: 0 | DO33: 0 | DP33: 1 | DQ33: 1 | DU33: 1005 | DV33: 100 м2 | DW33: 100 м2 | DX33: 100 | EE33: 16510572 | EF33: 6 | EG33: Ремонтно-строительные работы | EH33: 0 | EJ33: 1 | EK33: 63001 | EL33: Стекольные, обойные, облицовочные работы | EM33: рФЕР-63 | EQ33: 131072 | ER33: 654 | ES33: 0 | ET33: 69.26 | EU33: 4.73 | EV33: 584.74 | EW33: 74.3 | EX33: 0.35 | EY33: 0 | FQ33: 0 | FR33: =ROUND(IF(AND(BH33=3,BI33=3),P33,0),2) -> 0 | FS33: 0 | FX33: 77 | FY33: 50 | GD33: 0 | GF33: 1410032296 | GG33: 1 | GH33: 1 | GI33: 4 | GJ33: 0 | GK33: =ROUND(R33*(S12)/100,2) -> 0 | GL33: =ROUND(IF(AND(BH33=3,BI33=3,FS33<>0),P33,0),2) -> 0 | GM33: =ROUND(O33+X33+Y33+GK33,2)+GX33 -> 26029.37 | GN33: =IF(OR(BI33=0,BI33=1),ROUND(O33+X33+Y33+GK33,2),0) -> 26029.37 | GO33: =IF(BI33=2,ROUND(O33+X33+Y33+GK33,2),0) -> 0 | GP33: =IF(BI33=4,ROUND(O33+X33+Y33+GK33,2)+GX33,0) -> 0 | GR33: 0 | GS33: 3 | GT33: 0 | GV33: =ROUND(GT33,2) -> 0 | GW33: 1 | GX33: =ROUND(GV33*GW33*I33,2) -> 0 | HA33: 0 | HB33: 0 | IK33: 0
A34: 17 | B34: 1 | C34: =ROW(SmtRes!A19) -> 19 | D34: =ROW(EtalonRes!A19) -> 19 | E34: 3 | F34: 13-06-003-01 | G34: Очистка поверхности щетками | H34: м2 | I34: =ROUND(240.94+245.14,9) -> 486.08 | J34: 0 | O34: =ROUND(CP34,2) -> 4292.09 | P34: =ROUND(CQ34*I34,2) -> 0 | Q34: =ROUND(CR34*I34,2) -> 0 | R34: =ROUND(CS34*I34,2) -> 0 | S34: =ROUND(CT34*I34,2) -> 4292.09 | T34: =ROUND(CU34*I34,2) -> 0 | U34: =CV34*I34 -> 503.0928 | V34: =CW34*I34 -> 0 | W34: =ROUND(CX34*I34,2) -> 0 | X34: =ROUND(CY34,2) -> 3476.59 | Y34: =ROUND(CZ34,2) -> 2575.25 | AA34: 16697018 | AB34: =ROUND((AC34+AD34+AF34),2) -> 8.83 | AC34: =ROUND((ES34),2) -> 0 | AD34: =ROUND(((((ET34*1.25))-((EU34*1.25)))+AE34),2) -> 0 | AE34: =ROUND(((EU34*1.25)),2) -> 0 | AF34: =ROUND(((EV34*1.15)),2) -> 8.83 | AG34: =ROUND((AP34),2) -> 0 | AH34: =((EW34*1.15)) -> 1.035 | AI34: =((EX34*1.25)) -> 0 | AJ34: =ROUND((AS34),2) -> 0 | AK34: 7.68 | AL34: 0 | AM34: 0 | AN34: 0 | AO34: 7.68 | AP34: 0 | AQ34: 0.9 | AR34: 0 | AS34: 0 | AT34: 81 | AU34: 60 | AV34: 1 | AW34: 1 | AZ34: 1 | BA34: 1 | BB34: 1 | BC34: 1 | BH34: 0 | BI34: 1 | BJ34: ФЕР-2001, 13-06-003-01, приказ Минстроя России №1039/пр от 30.12.2016г. | BM34: 13001 | BN34: 0 | BP34: 0 | BQ34: 2 | BR34: 0 | BS34: 1 | BT34: 1 | BU34: 1 | BV34: 1 | BW34: 1 | BX34: 1 | BZ34: 90 | CA34: 70 | CF34: 0 | CG34: 0 | CM34: 0 | CN34: Поправка: МДС 81-35.2004, п.4.7 Наименование: Работы, выполняемые при реконструкции зданий и сооружений работы, аналогичные технологическим процессам в новом строительстве (в том числе возведение новых конструктивных элементов) стоимость которых определена по соответствующим сборникам ФЕР, кроме сборника № 46 «Работы при реконструкции зданий и сооружений» | CO34: 0 | CP34: =(P34+Q34+S34) -> 4292.09 | CQ34: =AC34*BC34 -> 0 | CR34: =AD34*BB34 -> 0 | CS34: =AE34*BS34 -> 0 | CT34: =AF34*BA34 -> 8.83 | CU34: =AG34 -> 0 | CV34: =AH34 -> 1.035 | CW34: =AI34 -> 0 | CX34: =AJ34 -> 0 | CY34: =(((S34+R34)*AT34)/100) -> 3476.5929 | CZ34: =(((S34+R34)*AU34)/100) -> 2575.254 | DE34: )*1,25 | DF34: )*1,25 | DG34: )*1,15 | DI34: )*1,15 | DJ34: )*1,25 | DN34: 0 | DO34: 0 | DP34: 1 | DQ34: 1 | DU34: 1005 | DV34: м2 | DW34: м2 | DX34: 1 | EE34: 16510490 | EF34: 2 | EG34: Общестроительные работы | EH34: 0 | EJ34: 1 | EK34: 13001 | EL34: Защита строительных конструкций | EM34: ФЕР-13 | EO34: Поправка: МДС 81-35.2004, п.4.7 | EQ34: 131072 | ER34: 7.68 | ES34: 0 | ET34: 0 | EU34: 0 | EV34: 7.68 | EW34: 0.9 | EX34: 0 | EY34: 0 | FQ34: 0 | FR34: =ROUND(IF(AND(BH34=3,BI34=3),P34,0),2) -> 0 | FS34: 0 | FT34: *0,9 | FU34: *0,85 | FX34: 81 | FY34: 59.5 | GD34: 0 | GF34: 1256725681 | GG34: 2 | GH34: 1 | GI34: -2 | GJ34: 0 | GK34: =ROUND(R34*(R12)/100,2) -> 0 | GL34: =ROUND(IF(AND(BH34=3,BI34=3,FS34<>0),P34,0),2) -> 0 | GM34: =ROUND(O34+X34+Y34+GK34,2)+GX34 -> 10343.93 | GN34: =IF(OR(BI34=0,BI34=1),ROUND(O34+X34+Y34+GK34,2),0) -> 10343.93 | GO34: =IF(BI34=2,ROUND(O34+X34+Y34+GK34,2),0) -> 0 | GP34: =IF(BI34=4,ROUND(O34+X34+Y34+GK34,2)+GX34,0) -> 0 | GR34: 0 | GS34: 3 | GT34: 0 | GV34: =ROUND(GT34,2) -> 0 | GW34: 1 | GX34: =ROUND(GV34*GW34*I34,2) -> 0 | HA34: 0 | HB34: 0 | IK34: 0
A35: 17 | B35: 1 | C35: =ROW(SmtRes!A20) -> 20 | D35: =ROW(EtalonRes!A20) -> 20 | E35: 3 | F35: 13-06-003-01 | G35: Очистка поверхности щетками | H35: м2 | I35: =ROUND(240.94+245.14,9) -> 486.08 | J35: 0 | O35: =ROUND(CP35,2) -> 28156.09 | P35: =ROUND(CQ35*I35,2) -> 0 | Q35: =ROUND(CR35*I35,2) -> 0 | R35: =ROUND(CS35*I35,2) -> 0 | S35: =ROUND(CT35*I35,2) -> 28156.09 | T35: =ROUND(CU35*I35,2) -> 0 | U35: =CV35*I35 -> 503.0928 | V35: =CW35*I35 -> 0 | W35: =ROUND(CX35*I35,2) -> 0 | X35: =ROUND(CY35,2) -> 22806.43 | Y35: =ROUND(CZ35,2) -> 16893.65 | AA35: 16697019 | AB35: =ROUND((AC35+AD35+AF35),2) -> 8.83 | AC35: =ROUND((ES35),2) -> 0 | AD35: =ROUND(((((ET35*1.25))-((EU35*1.25)))+AE35),2) -> 0 | AE35: =ROUND(((EU35*1.25)),2) -> 0 | AF35: =ROUND(((EV35*1.15)),2) -> 8.83 | AG35: =ROUND((AP35),2) -> 0 | AH35: =((EW35*1.15)) -> 1.035 | AI35: =((EX35*1.25)) -> 0 | AJ35: =ROUND((AS35),2) -> 0 | AK35: 7.68 | AL35: 0 | AM35: 0 | AN35: 0 | AO35: 7.68 | AP35: 0 | AQ35: 0.9 | AR35: 0 | AS35: 0 | AT35: 81 | AU35: 60 | AV35: 1 | AW35: 1 | AZ35: 6.56 | BA35: 6.56 | BB35: 6.56 | BC35: 6.56 | BH35: 0 | BI35: 1 | BJ35: ФЕР-2001, 13-06-003-01, приказ Минстроя России №1039/пр от 30.12.2016г. | BM35: 13001 | BN35: 0 | BP35: 0 | BQ35: 2 | BR35: 0 | BS35: 6.56 | BT35: 1 | BU35: 1 | BV35: 1 | BW35: 1 | BX35: 1 | BZ35: 90 | CA35: 70 | CF35: 0 | CG35: 0 | CM35: 0 | CN35: Поправка: МДС 81-35.2004, п.4.7 Наименование: Работы, выполняемые при реконструкции зданий и сооружений работы, аналогичные технологическим процессам в новом строительстве (в том числе возведение новых конструктивных элементов) стоимость которых определена по соответствующим сборникам ФЕР, кроме сборника № 46 «Работы при реконструкции зданий и сооружений» | CO35: 0 | CP35: =(P35+Q35+S35) -> 28156.09 | CQ35: =AC35*BC35 -> 0 | CR35: =AD35*BB35 -> 0 | CS35: =AE35*BS35 -> 0 | CT35: =AF35*BA35 -> 57.9248 | CU35: =AG35 -> 0 | CV35: =AH35 -> 1.035 | CW35: =AI35 -> 0 | CX35: =AJ35 -> 0 | CY35: =(((S35+R35)*AT35)/100) -> 22806.433 | CZ35: =(((S35+R35)*AU35)/100) -> 16893.654 | DE35: )*1,25 | DF35: )*1,25 | DG35: )*1,15 | DI35: )*1,15 | DJ35: )*1,25 | DN35: 0 | DO35: 0 | DP35: 1 | DQ35: 1 | DU35: 1005 | DV35: м2 | DW35: м2 | DX35: 1 | EE35: 16510490 | EF35: 2 | EG35: Общестроительные работы | EH35: 0 | EJ35: 1 | EK35: 13001 | EL35: Защита строительных конструкций | EM35: ФЕР-13 | EO35: Поправка: МДС 81-35.2004, п.4.7 | EQ35: 131072 | ER35: 7.68 | ES35: 0 | ET35: 0 | EU35: 0 | EV35: 7.68 | EW35: 0.9 | EX35: 0 | EY35: 0 | FQ35: 0 | FR35: =ROUND(IF(AND(BH35=3,BI35=3),P35,0),2) -> 0 | FS35: 0 | FT35: *0,9 | FU35: *0,85 | FX35: 81 | FY35: 59.5 | GD35: 0 | GF35: 1256725681 | GG35: 1 | GH35: 1 | GI35: 4 | GJ35: 0 | GK35: =ROUND(R35*(S12)/100,2) -> 0 | GL35: =ROUND(IF(AND(BH35=3,BI35=3,FS35<>0),P35,0),2) -> 0 | GM35: =ROUND(O35+X35+Y35+GK35,2)+GX35 -> 67856.17 | GN35: =IF(OR(BI35=0,BI35=1),ROUND(O35+X35+Y35+GK35,2),0) -> 67856.17 | GO35: =IF(BI35=2,ROUND(O35+X35+Y35+GK35,2),0) -> 0 | GP35: =IF(BI35=4,ROUND(O35+X35+Y35+GK35,2)+GX35,0) -> 0 | GR35: 0 | GS35: 3 | GT35: 0 | GV35: =ROUND(GT35,2) -> 0 | GW35: 1 | GX35: =ROUND(GV35*GW35*I35,2) -> 0 | HA35: 0 | HB35: 0 | IK35: 0
A36: 17 | B36: 1 | C36: =ROW(SmtRes!A22) -> 22 | D36: =ROW(EtalonRes!A22) -> 22 | E36: 4 | F36: 57-3-2 | G36: Разборка плинтусов цементных и из керамической плитки | H36: 100 м | I36: =ROUND(169.38/100,9) -> 1.6938 | J36: 0 | O36: =ROUND(CP36,2) -> 188.66 | P36: =ROUND(CQ36*I36,2) -> 0 | Q36: =ROUND(CR36*I36,2) -> 0 | R36: =ROUND(CS36*I36,2) -> 0 | S36: =ROUND(CT36*I36,2) -> 188.66 | T36: =ROUND(CU36*I36,2) -> 0 | U36: =CV36*I36 -> 24.187464 | V36: =CW36*I36 -> 0 | W36: =ROUND(CX36*I36,2) -> 0 | X36: =ROUND(CY36,2) -> 150.93 | Y36: =ROUND(CZ36,2) -> 128.29 | AA36: 16697018 | AB36: =ROUND((AC36+AD36+AF36),2) -> 111.38 | AC36: =ROUND((ES36),2) -> 0 | AD36: =ROUND((((ET36)-(EU36))+AE36),2) -> 0 | AE36: =ROUND((EU36),2) -> 0 | AF36: =ROUND((EV36),2) -> 111.38 | AG36: =ROUND((AP36),2) -> 0 | AH36: =(EW36) -> 14.28 | AI36: =(EX36) -> 0 | AJ36: =ROUND((AS36),2) -> 0 | AK36: 111.38 | AL36: 0 | AM36: 0 | AN36: 0 | AO36: 111.38 | AP36: 0 | AQ36: 14.28 | AR36: 0 | AS36: 0 | AT36: 80 | AU36: 68 | AV36: 1 | AW36: 1 | AZ36: 1 | BA36: 1 | BB36: 1 | BC36: 1 | BH36: 0 | BI36: 1 | BJ36: ФЕРр-2001, 57-3-2, приказ Минстроя России №1039/пр от 30.12.2016г. | BM36: 57001 | BN36: 0 | BP36: 0 | BQ36: 6 | BR36: 0 | BS36: 1 | BT36: 1 | BU36: 1 | BV36: 1 | BW36: 1 | BX36: 1 | BZ36: 80 | CA36: 68 | CF36: 0 | CG36: 0 | CM36: 0 | CO36: 0 | CP36: =(P36+Q36+S36) -> 188.66 | CQ36: =AC36*BC36 -> 0 | CR36: =AD36*BB36 -> 0 | CS36: =AE36*BS36 -> 0 | CT36: =AF36*BA36 -> 111.38 | CU36: =AG36 -> 0 | CV36: =AH36 -> 14.28 | CW36: =AI36 -> 0 | CX36: =AJ36 -> 0 | CY36: =(((S36+R36)*AT36)/100) -> 150.928 | CZ36: =(((S36+R36)*AU36)/100) -> 128.2888 | DN36: 0 | DO36: 0 | DP36: 1 | DQ36: 1 | DU36: 1003 | DV36: 100 м | DW36: 100 м | DX36: 100 | EE36: 16510566 | EF36: 6 | EG36: Ремонтно-строительные работы | EH36: 0 | EJ36: 1 | EK36: 57001 | EL36: Полы | EM36: рФЕР-57 | EQ36: 131072 | ER36: 111.38 | ES36: 0 | ET36: 0 | EU36: 0 | EV36: 111.38 | EW36: 14.28 | EX36: 0 | EY36: 0 | FQ36: 0 | FR36: =ROUND(IF(AND(BH36=3,BI36=3),P36,0),2) -> 0 | FS36: 0 | FX36: 80 | FY36: 68 | GD36: 0 | GF36: 1153252125 | GG36: 2 | GH36: 1 | GI36: -2 | GJ36: 0 | GK36: =ROUND(R36*(R12)/100,2) -> 0 | GL36: =ROUND(IF(AND(BH36=3,BI36=3,FS36<>0),P36,0),2) -> 0 | GM36: =ROUND(O36+X36+Y36+GK36,2)+GX36 -> 467.88 | GN36: =IF(OR(BI36=0,BI36=1),ROUND(O36+X36+Y36+GK36,2),0) -> 467.88 | GO36: =IF(BI36=2,ROUND(O36+X36+Y36+GK36,2),0) -> 0 | GP36: =IF(BI36=4,ROUND(O36+X36+Y36+GK36,2)+GX36,0) -> 0 | GR36: 0 | GS36: 3 | GT36: 0 | GV36: =ROUND(GT36,2) -> 0 | GW36: 1 | GX36: =ROUND(GV36*GW36*I36,2) -> 0 | HA36: 0 | HB36: 0 | IK36: 0
A37: 17 | B37: 1 | C37: =ROW(SmtRes!A24) -> 24 | D37: =ROW(EtalonRes!A24) -> 24 | E37: 4 | F37: 57-3-2 | G37: Разборка плинтусов цементных и из керамической плитки | H37: 100 м | I37: =ROUND(169.38/100,9) -> 1.6938 | J37: 0 | O37: =ROUND(CP37,2) -> 1237.58 | P37: =ROUND(CQ37*I37,2) -> 0 | Q37: =ROUND(CR37*I37,2) -> 0 | R37: =ROUND(CS37*I37,2) -> 0 | S37: =ROUND(CT37*I37,2) -> 1237.58 | T37: =ROUND(CU37*I37,2) -> 0 | U37: =CV37*I37 -> 24.187464 | V37: =CW37*I37 -> 0 | W37: =ROUND(CX37*I37,2) -> 0 | X37: =ROUND(CY37,2) -> 990.06 | Y37: =ROUND(CZ37,2) -> 841.55 | AA37: 16697019 | AB37: =ROUND((AC37+AD37+AF37),2) -> 111.38 | AC37: =ROUND((ES37),2) -> 0 | AD37: =ROUND((((ET37)-(EU37))+AE37),2) -> 0 | AE37: =ROUND((EU37),2) -> 0 | AF37: =ROUND((EV37),2) -> 111.38 | AG37: =ROUND((AP37),2) -> 0 | AH37: =(EW37) -> 14.28 | AI37: =(EX37) -> 0 | AJ37: =ROUND((AS37),2) -> 0 | AK37: 111.38 | AL37: 0 | AM37: 0 | AN37: 0 | AO37: 111.38 | AP37: 0 | AQ37: 14.28 | AR37: 0 | AS37: 0 | AT37: 80 | AU37: 68 | AV37: 1 | AW37: 1 | AZ37: 6.56 | BA37: 6.56 | BB37: 6.56 | BC37: 6.56 | BH37: 0 | BI37: 1 | BJ37: ФЕРр-2001, 57-3-2, приказ Минстроя России №1039/пр от 30.12.2016г. | BM37: 57001 | BN37: 0 | BP37: 0 | BQ37: 6 | BR37: 0 | BS37: 6.56 | BT37: 1 | BU37: 1 | BV37: 1 | BW37: 1 | BX37: 1 | BZ37: 80 | CA37: 68 | CF37: 0 | CG37: 0 | CM37: 0 | CO37: 0 | CP37: =(P37+Q37+S37) -> 1237.58 | CQ37: =AC37*BC37 -> 0 | CR37: =AD37*BB37 -> 0 | CS37: =AE37*BS37 -> 0 | CT37: =AF37*BA37 -> 730.6528 | CU37: =AG37 -> 0 | CV37: =AH37 -> 14.28 | CW37: =AI37 -> 0 | CX37: =AJ37 -> 0 | CY37: =(((S37+R37)*AT37)/100) -> 990.064 | CZ37: =(((S37+R37)*AU37)/100) -> 841.5544 | DN37: 0 | DO37: 0 | DP37: 1 | DQ37: 1 | DU37: 1003 | DV37: 100 м | DW37: 100 м | DX37: 100 | EE37: 16510566 | EF37: 6 | EG37: Ремонтно-строительные работы | EH37: 0 | EJ37: 1 | EK37: 57001 | EL37: Полы | EM37: рФЕР-57 | EQ37: 131072 | ER37: 111.38 | ES37: 0 | ET37: 0 | EU37: 0 | EV37: 111.38 | EW37: 14.28 | EX37: 0 | EY37: 0 | FQ37: 0 | FR37: =ROUND(IF(AND(BH37=3,BI37=3),P37,0),2) -> 0 | FS37: 0 | FX37: 80 | FY37: 68 | GD37: 0 | GF37: 1153252125 | GG37: 1 | GH37: 1 | GI37: 4 | GJ37: 0 | GK37: =ROUND(R37*(S12)/100,2) -> 0 | GL37: =ROUND(IF(AND(BH37=3,BI37=3,FS37<>0),P37,0),2) -> 0 | GM37: =ROUND(O37+X37+Y37+GK37,2)+GX37 -> 3069.19 | GN37: =IF(OR(BI37=0,BI37=1),ROUND(O37+X37+Y37+GK37,2),0) -> 3069.19 | GO37: =IF(BI37=2,ROUND(O37+X37+Y37+GK37,2),0) -> 0 | GP37: =IF(BI37=4,ROUND(O37+X37+Y37+GK37,2)+GX37,0) -> 0 | GR37: 0 | GS37: 3 | GT37: 0 | GV37: =ROUND(GT37,2) -> 0 | GW37: 1 | GX37: =ROUND(GV37*GW37*I37,2) -> 0 | HA37: 0 | HB37: 0 | IK37: 0
A38: 18 | B38: 1 | C38: 22 | E38: 4,1 | F38: 01.7.07.07 | G38: Строительный мусор | H38: т | I38: =I36*J38 -> 1.050156 | J38: 0.62 | O38: =ROUND(CP38,2) -> 0 | P38: =ROUND(CQ38*I38,2) -> 0 | Q38: =ROUND(CR38*I38,2) -> 0 | R38: =ROUND(CS38*I38,2) -> 0 | S38: =ROUND(CT38*I38,2) -> 0 | T38: =ROUND(CU38*I38,2) -> 0 | U38: =CV38*I38 -> 0 | V38: =CW38*I38 -> 0 | W38: =ROUND(CX38*I38,2) -> 0 | X38: =ROUND(CY38,2) -> 0 | Y38: =ROUND(CZ38,2) -> 0 | AA38: 16697018 | AB38: =ROUND((AC38+AD38+AF38),2) -> 0 | AC38: =ROUND((ES38),2) -> 0 | AD38: =ROUND((((ET38)-(EU38))+AE38),2) -> 0 | AE38: =ROUND((EU38),2) -> 0 | AF38: =ROUND((EV38),2) -> 0 | AG38: =ROUND((AP38),2) -> 0 | AH38: =(EW38) -> 0 | AI38: =(EX38) -> 0 | AJ38: =ROUND((AS38),2) -> 0 | AK38: 0 | AL38: 0 | AM38: 0 | AN38: 0 | AO38: 0 | AP38: 0 | AQ38: 0 | AR38: 0 | AS38: 0 | AT38: 80 | AU38: 68 | AV38: 1 | AW38: 1 | AZ38: 1 | BA38: 1 | BB38: 1 | BC38: 1 | BH38: 3 | BI38: 1 | BM38: 57001 | BN38: 0 | BP38: 0 | BQ38: 6 | BR38: 0 | BS38: 1 | BT38: 1 | BU38: 1 | BV38: 1 | BW38: 1 | BX38: 1 | BZ38: 80 | CA38: 68 | CF38: 0 | CG38: 0 | CM38: 0 | CO38: 0 | CP38: =(P38+Q38+S38) -> 0 | CQ38: =AC38*BC38 -> 0 | CR38: =AD38*BB38 -> 0 | CS38: =AE38*BS38 -> 0 | CT38: =AF38*BA38 -> 0 | CU38: =AG38 -> 0 | CV38: =AH38 -> 0 | CW38: =AI38 -> 0 | CX38: =AJ38 -> 0 | CY38: =(((S38+R38)*AT38)/100) -> 0 | CZ38: =(((S38+R38)*AU38)/100) -> 0 | DN38: 0 | DO38: 0 | DP38: 1 | DQ38: 1 | DU38: 1009 | DV38: т | DW38: т | DX38: 1000 | EE38: 16510566 | EF38: 6 | EG38: Ремонтно-строительные работы | EH38: 0 | EJ38: 1 | EK38: 57001 | EL38: Полы | EM38: рФЕР-57 | EQ38: 0 | ER38: 0 | ES38: 0 | ET38: 0 | EU38: 0 | EV38: 0 | EW38: 0 | EX38: 0 | FQ38: 0 | FR38: =ROUND(IF(AND(BH38=3,BI38=3),P38,0),2) -> 0 | FS38: 0 | FX38: 80 | FY38: 68 | GD38: 0 | GF38: -179832266 | GG38: 2 | GH38: 1 | GI38: -2 | GJ38: 0 | GK38: =ROUND(R38*(R12)/100,2) -> 0 | GL38: =ROUND(IF(AND(BH38=3,BI38=3,FS38<>0),P38,0),2) -> 0 | GM38: =ROUND(O38+X38+Y38+GK38,2)+GX38 -> 0 | GN38: =IF(OR(BI38=0,BI38=1),ROUND(O38+X38+Y38+GK38,2),0) -> 0 | GO38: =IF(BI38=2,ROUND(O38+X38+Y38+GK38,2),0) -> 0 | GP38: =IF(BI38=4,ROUND(O38+X38+Y38+GK38,2)+GX38,0) -> 0 | GR38: 0 | GS38: 3 | GT38: 0 | GV38: =ROUND(GT38,2) -> 0 | GW38: 1 | GX38: =ROUND(GV38*GW38*I38,2) -> 0 | HA38: 0 | HB38: 0 | IK38: 0
A39: 18 | B39: 1 | C39: 24 | E39: 4,1 | F39: 01.7.07.07 | G39: Строительный мусор | H39: т | I39: =I37*J39 -> 1.050156 | J39: 0.62 | O39: =ROUND(CP39,2) -> 0 | P39: =ROUND(CQ39*I39,2) -> 0 | Q39: =ROUND(CR39*I39,2) -> 0 | R39: =ROUND(CS39*I39,2) -> 0 | S39: =ROUND(CT39*I39,2) -> 0 | T39: =ROUND(CU39*I39,2) -> 0 | U39: =CV39*I39 -> 0 | V39: =CW39*I39 -> 0 | W39: =ROUND(CX39*I39,2) -> 0 | X39: =ROUND(CY39,2) -> 0 | Y39: =ROUND(CZ39,2) -> 0 | AA39: 16697019 | AB39: =ROUND((AC39+AD39+AF39),2) -> 0 | AC39: =ROUND((ES39),2) -> 0 | AD39: =ROUND((((ET39)-(EU39))+AE39),2) -> 0 | AE39: =ROUND((EU39),2) -> 0 | AF39: =ROUND((EV39),2) -> 0 | AG39: =ROUND((AP39),2) -> 0 | AH39: =(EW39) -> 0 | AI39: =(EX39) -> 0 | AJ39: =ROUND((AS39),2) -> 0 | AK39: 0 | AL39: 0 | AM39: 0 | AN39: 0 | AO39: 0 | AP39: 0 | AQ39: 0 | AR39: 0 | AS39: 0 | AT39: 80 | AU39: 68 | AV39: 1 | AW39: 1 | AZ39: 6.56 | BA39: 1 | BB39: 1 | BC39: 6.56 | BH39: 3 | BI39: 1 | BM39: 57001 | BN39: 0 | BP39: 0 | BQ39: 6 | BR39: 0 | BS39: 1 | BT39: 1 | BU39: 1 | BV39: 1 | BW39: 1 | BX39: 1 | BZ39: 80 | CA39: 68 | CF39: 0 | CG39: 0 | CM39: 0 | CO39: 0 | CP39: =(P39+Q39+S39) -> 0 | CQ39: =AC39*BC39 -> 0 | CR39: =AD39*BB39 -> 0 | CS39: =AE39*BS39 -> 0 | CT39: =AF39*BA39 -> 0 | CU39: =AG39 -> 0 | CV39: =AH39 -> 0 | CW39: =AI39 -> 0 | CX39: =AJ39 -> 0 | CY39: =(((S39+R39)*AT39)/100) -> 0 | CZ39: =(((S39+R39)*AU39)/100) -> 0 | DN39: 0 | DO39: 0 | DP39: 1 | DQ39: 1 | DU39: 1009 | DV39: т | DW39: т | DX39: 1000 | EE39: 16510566 | EF39: 6 | EG39: Ремонтно-строительные работы | EH39: 0 | EJ39: 1 | EK39: 57001 | EL39: Полы | EM39: рФЕР-57 | EQ39: 0 | ER39: 0 | ES39: 0 | ET39: 0 | EU39: 0 | EV39: 0 | EW39: 0 | EX39: 0 | FQ39: 0 | FR39: =ROUND(IF(AND(BH39=3,BI39=3),P39,0),2) -> 0 | FS39: 0 | FX39: 80 | FY39: 68 | GD39: 0 | GF39: -179832266 | GG39: 1 | GH39: 1 | GI39: 4 | GJ39: 0 | GK39: =ROUND(R39*(S12)/100,2) -> 0 | GL39: =ROUND(IF(AND(BH39=3,BI39=3,FS39<>0),P39,0),2) -> 0 | GM39: =ROUND(O39+X39+Y39+GK39,2)+GX39 -> 0 | GN39: =IF(OR(BI39=0,BI39=1),ROUND(O39+X39+Y39+GK39,2),0) -> 0 | GO39: =IF(BI39=2,ROUND(O39+X39+Y39+GK39,2),0) -> 0 | GP39: =IF(BI39=4,ROUND(O39+X39+Y39+GK39,2)+GX39,0) -> 0 | GR39: 0 | GS39: 3 | GT39: 0 | GV39: =ROUND(GT39,2) -> 0 | GW39: 1 | GX39: =ROUND(GV39*GW39*I39,2) -> 0 | HA39: 0 | HB39: 0 | IK39: 0
A40: 17 | B40: 1 | C40: =ROW(SmtRes!A28) -> 28 | D40: =ROW(EtalonRes!A28) -> 28 | E40: 5 | F40: 57-2-3 | G40: Разборка покрытий полов из керамических плиток | H40: 100 м2 | I40: =ROUND(245.14/100,9) -> 2.4514 | J40: 0 | O40: =ROUND(CP40,2) -> 1571.35 | P40: =ROUND(CQ40*I40,2) -> 0 | Q40: =ROUND(CR40*I40,2) -> 110.34 | R40: =ROUND(CS40*I40,2) -> 47.66 | S40: =ROUND(CT40*I40,2) -> 1461.01 | T40: =ROUND(CU40*I40,2) -> 0 | U40: =CV40*I40 -> 171.27932 | V40: =CW40*I40 -> 3.530016 | W40: =ROUND(CX40*I40,2) -> 0 | X40: =ROUND(CY40,2) -> 1206.94 | Y40: =ROUND(CZ40,2) -> 1025.9 | AA40: 16697018 | AB40: =ROUND((AC40+AD40+AF40),2) -> 641 | AC40: =ROUND((ES40),2) -> 0 | AD40: =ROUND((((ET40)-(EU40))+AE40),2) -> 45.01 | AE40: =ROUND((EU40),2) -> 19.44 | AF40: =ROUND((EV40),2) -> 595.99 | AG40: =ROUND((AP40),2) -> 0 | AH40: =(EW40) -> 69.87 | AI40: =(EX40) -> 1.44 | AJ40: =ROUND((AS40),2) -> 0 | AK40: 641 | AL40: 0 | AM40: 45.01 | AN40: 19.44 | AO40: 595.99 | AP40: 0 | AQ40: 69.87 | AR40: 1.44 | AS40: 0 | AT40: 80 | AU40: 68 | AV40: 1 | AW40: 1 | AZ40: 1 | BA40: 1 | BB40: 1 | BC40: 1 | BH40: 0 | BI40: 1 | BJ40: ФЕРр-2001, 57-2-3, приказ Минстроя России №1039/пр от 30.12.2016г. | BM40: 57001 | BN40: 0 | BP40: 0 | BQ40: 6 | BR40: 0 | BS40: 1 | BT40: 1 | BU40: 1 | BV40: 1 | BW40: 1 | BX40: 1 | BZ40: 80 | CA40: 68 | CF40: 0 | CG40: 0 | CM40: 0 | CO40: 0 | CP40: =(P40+Q40+S40) -> 1571.35 | CQ40: =AC40*BC40 -> 0 | CR40: =AD40*BB40 -> 45.01 | CS40: =AE40*BS40 -> 19.44 | CT40: =AF40*BA40 -> 595.99 | CU40: =AG40 -> 0 | CV40: =AH40 -> 69.87 | CW40: =AI40 -> 1.44 | CX40: =AJ40 -> 0 | CY40: =(((S40+R40)*AT40)/100) -> 1206.936 | CZ40: =(((S40+R40)*AU40)/100) -> 1025.8956 | DN40: 0 | DO40: 0 | DP40: 1 | DQ40: 1 | DU40: 1005 | DV40: 100 м2 | DW40: 100 м2 | DX40: 100 | EE40: 16510566 | EF40: 6 | EG40: Ремонтно-строительные работы | EH40: 0 | EJ40: 1 | EK40: 57001 | EL40: Полы | EM40: рФЕР-57 | EQ40: 131072 | ER40: 641 | ES40: 0 | ET40: 45.01 | EU40: 19.44 | EV40: 595.99 | EW40: 69.87 | EX40: 1.44 | EY40: 0 | FQ40: 0 | FR40: =ROUND(IF(AND(BH40=3,BI40=3),P40,0),2) -> 0 | FS40: 0 | FX40: 80 | FY40: 68 | GD40: 0 | GF40: -1405612292 | GG40: 2 | GH40: 1 | GI40: -2 | GJ40: 0 | GK40: =ROUND(R40*(R12)/100,2) -> 0 | GL40: =ROUND(IF(AND(BH40=3,BI40=3,FS40<>0),P40,0),2) -> 0 | GM40: =ROUND(O40+X40+Y40+GK40,2)+GX40 -> 3804.19 | GN40: =IF(OR(BI40=0,BI40=1),ROUND(O40+X40+Y40+GK40,2),0) -> 3804.19 | GO40: =IF(BI40=2,ROUND(O40+X40+Y40+GK40,2),0) -> 0 | GP40: =IF(BI40=4,ROUND(O40+X40+Y40+GK40,2)+GX40,0) -> 0 | GR40: 0 | GS40: 3 | GT40: 0 | GV40: =ROUND(GT40,2) -> 0 | GW40: 1 | GX40: =ROUND(GV40*GW40*I40,2) -> 0 | HA40: 0 | HB40: 0 | IK40: 0
A41: 17 | B41: 1 | C41: =ROW(SmtRes!A32) -> 32 | D41: =ROW(EtalonRes!A32) -> 32 | E41: 5 | F41: 57-2-3 | G41: Разборка покрытий полов из керамических плиток | H41: 100 м2 | I41: =ROUND(245.14/100,9) -> 2.4514 | J41: 0 | O41: =ROUND(CP41,2) -> 10308.03 | P41: =ROUND(CQ41*I41,2) -> 0 | Q41: =ROUND(CR41*I41,2) -> 723.81 | R41: =ROUND(CS41*I41,2) -> 312.62 | S41: =ROUND(CT41*I41,2) -> 9584.22 | T41: =ROUND(CU41*I41,2) -> 0 | U41: =CV41*I41 -> 171.27932 | V41: =CW41*I41 -> 3.530016 | W41: =ROUND(CX41*I41,2) -> 0 | X41: =ROUND(CY41,2) -> 7917.47 | Y41: =ROUND(CZ41,2) -> 6729.85 | AA41: 16697019 | AB41: =ROUND((AC41+AD41+AF41),2) -> 641 | AC41: =ROUND((ES41),2) -> 0 | AD41: =ROUND((((ET41)-(EU41))+AE41),2) -> 45.01 | AE41: =ROUND((EU41),2) -> 19.44 | AF41: =ROUND((EV41),2) -> 595.99 | AG41: =ROUND((AP41),2) -> 0 | AH41: =(EW41) -> 69.87 | AI41: =(EX41) -> 1.44 | AJ41: =ROUND((AS41),2) -> 0 | AK41: 641 | AL41: 0 | AM41: 45.01 | AN41: 19.44 | AO41: 595.99 | AP41: 0 | AQ41: 69.87 | AR41: 1.44 | AS41: 0 | AT41: 80 | AU41: 68 | AV41: 1 | AW41: 1 | AZ41: 6.56 | BA41: 6.56 | BB41: 6.56 | BC41: 6.56 | BH41: 0 | BI41: 1 | BJ41: ФЕРр-2001, 57-2-3, приказ Минстроя России №1039/пр от 30.12.2016г. | BM41: 57001 | BN41: 0 | BP41: 0 | BQ41: 6 | BR41: 0 | BS41: 6.56 | BT41: 1 | BU41: 1 | BV41: 1 | BW41: 1 | BX41: 1 | BZ41: 80 | CA41: 68 | CF41: 0 | CG41: 0 | CM41: 0 | CO41: 0 | CP41: =(P41+Q41+S41) -> 10308.03 | CQ41: =AC41*BC41 -> 0 | CR41: =AD41*BB41 -> 295.2656 | CS41: =AE41*BS41 -> 127.5264 | CT41: =AF41*BA41 -> 3909.6944 | CU41: =AG41 -> 0 | CV41: =AH41 -> 69.87 | CW41: =AI41 -> 1.44 | CX41: =AJ41 -> 0 | CY41: =(((S41+R41)*AT41)/100) -> 7917.472 | CZ41: =(((S41+R41)*AU41)/100) -> 6729.8512 | DN41: 0 | DO41: 0 | DP41: 1 | DQ41: 1 | DU41: 1005 | DV41: 100 м2 | DW41: 100 м2 | DX41: 100 | EE41: 16510566 | EF41: 6 | EG41: Ремонтно-строительные работы | EH41: 0 | EJ41: 1 | EK41: 57001 | EL41: Полы | EM41: рФЕР-57 | EQ41: 131072 | ER41: 641 | ES41: 0 | ET41: 45.01 | EU41: 19.44 | EV41: 595.99 | EW41: 69.87 | EX41: 1.44 | EY41: 0 | FQ41: 0 | FR41: =ROUND(IF(AND(BH41=3,BI41=3),P41,0),2) -> 0 | FS41: 0 | FX41: 80 | FY41: 68 | GD41: 0 | GF41: -1405612292 | GG41: 1 | GH41: 1 | GI41: 4 | GJ41: 0 | GK41: =ROUND(R41*(S12)/100,2) -> 0 | GL41: =ROUND(IF(AND(BH41=3,BI41=3,FS41<>0),P41,0),2) -> 0 | GM41: =ROUND(O41+X41+Y41+GK41,2)+GX41 -> 24955.35 | GN41: =IF(OR(BI41=0,BI41=1),ROUND(O41+X41+Y41+GK41,2),0) -> 24955.35 | GO41: =IF(BI41=2,ROUND(O41+X41+Y41+GK41,2),0) -> 0 | GP41: =IF(BI41=4,ROUND(O41+X41+Y41+GK41,2)+GX41,0) -> 0 | GR41: 0 | GS41: 3 | GT41: 0 | GV41: =ROUND(GT41,2) -> 0 | GW41: 1 | GX41: =ROUND(GV41*GW41*I41,2) -> 0 | HA41: 0 | HB41: 0 | IK41: 0
A42: 18 | B42: 1 | C42: 28 | E42: 5,1 | F42: 01.7.07.07 | G42: Строительный мусор | H42: т | I42: =I40*J42 -> 12.74728 | J42: 5.2 | O42: =ROUND(CP42,2) -> 0 | P42: =ROUND(CQ42*I42,2) -> 0 | Q42: =ROUND(CR42*I42,2) -> 0 | R42: =ROUND(CS42*I42,2) -> 0 | S42: =ROUND(CT42*I42,2) -> 0 | T42: =ROUND(CU42*I42,2) -> 0 | U42: =CV42*I42 -> 0 | V42: =CW42*I42 -> 0 | W42: =ROUND(CX42*I42,2) -> 0 | X42: =ROUND(CY42,2) -> 0 | Y42: =ROUND(CZ42,2) -> 0 | AA42: 16697018 | AB42: =ROUND((AC42+AD42+AF42),2) -> 0 | AC42: =ROUND((ES42),2) -> 0 | AD42: =ROUND((((ET42)-(EU42))+AE42),2) -> 0 | AE42: =ROUND((EU42),2) -> 0 | AF42: =ROUND((EV42),2) -> 0 | AG42: =ROUND((AP42),2) -> 0 | AH42: =(EW42) -> 0 | AI42: =(EX42) -> 0 | AJ42: =ROUND((AS42),2) -> 0 | AK42: 0 | AL42: 0 | AM42: 0 | AN42: 0 | AO42: 0 | AP42: 0 | AQ42: 0 | AR42: 0 | AS42: 0 | AT42: 80 | AU42: 68 | AV42: 1 | AW42: 1 | AZ42: 1 | BA42: 1 | BB42: 1 | BC42: 1 | BH42: 3 | BI42: 1 | BM42: 57001 | BN42: 0 | BP42: 0 | BQ42: 6 | BR42: 0 | BS42: 1 | BT42: 1 | BU42: 1 | BV42: 1 | BW42: 1 | BX42: 1 | BZ42: 80 | CA42: 68 | CF42: 0 | CG42: 0 | CM42: 0 | CO42: 0 | CP42: =(P42+Q42+S42) -> 0 | CQ42: =AC42*BC42 -> 0 | CR42: =AD42*BB42 -> 0 | CS42: =AE42*BS42 -> 0 | CT42: =AF42*BA42 -> 0 | CU42: =AG42 -> 0 | CV42: =AH42 -> 0 | CW42: =AI42 -> 0 | CX42: =AJ42 -> 0 | CY42: =(((S42+R42)*AT42)/100) -> 0 | CZ42: =(((S42+R42)*AU42)/100) -> 0 | DN42: 0 | DO42: 0 | DP42: 1 | DQ42: 1 | DU42: 1009 | DV42: т | DW42: т | DX42: 1000 | EE42: 16510566 | EF42: 6 | EG42: Ремонтно-строительные работы | EH42: 0 | EJ42: 1 | EK42: 57001 | EL42: Полы | EM42: рФЕР-57 | EQ42: 0 | ER42: 0 | ES42: 0 | ET42: 0 | EU42: 0 | EV42: 0 | EW42: 0 | EX42: 0 | FQ42: 0 | FR42: =ROUND(IF(AND(BH42=3,BI42=3),P42,0),2) -> 0 | FS42: 0 | FX42: 80 | FY42: 68 | GD42: 0 | GF42: -179832266 | GG42: 2 | GH42: 1 | GI42: -2 | GJ42: 0 | GK42: =ROUND(R42*(R12)/100,2) -> 0 | GL42: =ROUND(IF(AND(BH42=3,BI42=3,FS42<>0),P42,0),2) -> 0 | GM42: =ROUND(O42+X42+Y42+GK42,2)+GX42 -> 0 | GN42: =IF(OR(BI42=0,BI42=1),ROUND(O42+X42+Y42+GK42,2),0) -> 0 | GO42: =IF(BI42=2,ROUND(O42+X42+Y42+GK42,2),0) -> 0 | GP42: =IF(BI42=4,ROUND(O42+X42+Y42+GK42,2)+GX42,0) -> 0 | GR42: 0 | GS42: 3 | GT42: 0 | GV42: =ROUND(GT42,2) -> 0 | GW42: 1 | GX42: =ROUND(GV42*GW42*I42,2) -> 0 | HA42: 0 | HB42: 0 | IK42: 0
A43: 18 | B43: 1 | C43: 32 | E43: 5,1 | F43: 01.7.07.07 | G43: Строительный мусор | H43: т | I43: =I41*J43 -> 12.74728 | J43: 5.2 | O43: =ROUND(CP43,2) -> 0 | P43: =ROUND(CQ43*I43,2) -> 0 | Q43: =ROUND(CR43*I43,2) -> 0 | R43: =ROUND(CS43*I43,2) -> 0 | S43: =ROUND(CT43*I43,2) -> 0 | T43: =ROUND(CU43*I43,2) -> 0 | U43: =CV43*I43 -> 0 | V43: =CW43*I43 -> 0 | W43: =ROUND(CX43*I43,2) -> 0 | X43: =ROUND(CY43,2) -> 0 | Y43: =ROUND(CZ43,2) -> 0 | AA43: 16697019 | AB43: =ROUND((AC43+AD43+AF43),2) -> 0 | AC43: =ROUND((ES43),2) -> 0 | AD43: =ROUND((((ET43)-(EU43))+AE43),2) -> 0 | AE43: =ROUND((EU43),2) -> 0 | AF43: =ROUND((EV43),2) -> 0 | AG43: =ROUND((AP43),2) -> 0 | AH43: =(EW43) -> 0 | AI43: =(EX43) -> 0 | AJ43: =ROUND((AS43),2) -> 0 | AK43: 0 | AL43: 0 | AM43: 0 | AN43: 0 | AO43: 0 | AP43: 0 | AQ43: 0 | AR43: 0 | AS43: 0 | AT43: 80 | AU43: 68 | AV43: 1 | AW43: 1 | AZ43: 6.56 | BA43: 1 | BB43: 1 | BC43: 6.56 | BH43: 3 | BI43: 1 | BM43: 57001 | BN43: 0 | BP43: 0 | BQ43: 6 | BR43: 0 | BS43: 1 | BT43: 1 | BU43: 1 | BV43: 1 | BW43: 1 | BX43: 1 | BZ43: 80 | CA43: 68 | CF43: 0 | CG43: 0 | CM43: 0 | CO43: 0 | CP43: =(P43+Q43+S43) -> 0 | CQ43: =AC43*BC43 -> 0 | CR43: =AD43*BB43 -> 0 | CS43: =AE43*BS43 -> 0 | CT43: =AF43*BA43 -> 0 | CU43: =AG43 -> 0 | CV43: =AH43 -> 0 | CW43: =AI43 -> 0 | CX43: =AJ43 -> 0 | CY43: =(((S43+R43)*AT43)/100) -> 0 | CZ43: =(((S43+R43)*AU43)/100) -> 0 | DN43: 0 | DO43: 0 | DP43: 1 | DQ43: 1 | DU43: 1009 | DV43: т | DW43: т | DX43: 1000 | EE43: 16510566 | EF43: 6 | EG43: Ремонтно-строительные работы | EH43: 0 | EJ43: 1 | EK43: 57001 | EL43: Полы | EM43: рФЕР-57 | EQ43: 0 | ER43: 0 | ES43: 0 | ET43: 0 | EU43: 0 | EV43: 0 | EW43: 0 | EX43: 0 | FQ43: 0 | FR43: =ROUND(IF(AND(BH43=3,BI43=3),P43,0),2) -> 0 | FS43: 0 | FX43: 80 | FY43: 68 | GD43: 0 | GF43: -179832266 | GG43: 1 | GH43: 1 | GI43: 4 | GJ43: 0 | GK43: =ROUND(R43*(S12)/100,2) -> 0 | GL43: =ROUND(IF(AND(BH43=3,BI43=3,FS43<>0),P43,0),2) -> 0 | GM43: =ROUND(O43+X43+Y43+GK43,2)+GX43 -> 0 | GN43: =IF(OR(BI43=0,BI43=1),ROUND(O43+X43+Y43+GK43,2),0) -> 0 | GO43: =IF(BI43=2,ROUND(O43+X43+Y43+GK43,2),0) -> 0 | GP43: =IF(BI43=4,ROUND(O43+X43+Y43+GK43,2)+GX43,0) -> 0 | GR43: 0 | GS43: 3 | GT43: 0 | GV43: =ROUND(GT43,2) -> 0 | GW43: 1 | GX43: =ROUND(GV43*GW43*I43,2) -> 0 | HA43: 0 | HB43: 0 | IK43: 0
A44: 17 | B44: 1 | C44: =ROW(SmtRes!A35) -> 35 | D44: =ROW(EtalonRes!A35) -> 35 | E44: 6 | F44: 46-04-012-02 | G44: Разборка деревянных заполнений проемов оконных без подоконных досок | H44: 100 м2 | I44: =ROUND(39.94/100,9) -> 0.3994 | J44: 0 | O44: =ROUND(CP44,2) -> 654.84 | P44: =ROUND(CQ44*I44,2) -> 0 | Q44: =ROUND(CR44*I44,2) -> 96.63 | R44: =ROUND(CS44*I44,2) -> 41.73 | S44: =ROUND(CT44*I44,2) -> 558.21 | T44: =ROUND(CU44*I44,2) -> 0 | U44: =CV44*I44 -> 69.000344 | V44: =CW44*I44 -> 3.091356 | W44: =ROUND(CX44*I44,2) -> 0 | X44: =ROUND(CY44,2) -> 593.94 | Y44: =ROUND(CZ44,2) -> 359.96 | AA44: 16697018 | AB44: =ROUND((AC44+AD44+AF44),2) -> 1639.58 | AC44: =ROUND((ES44),2) -> 0 | AD44: =ROUND((((ET44)-(EU44))+AE44),2) -> 241.95 | AE44: =ROUND((EU44),2) -> 104.49 | AF44: =ROUND((EV44),2) -> 1397.63 | AG44: =ROUND((AP44),2) -> 0 | AH44: =(EW44) -> 172.76 | AI44: =(EX44) -> 7.74 | AJ44: =ROUND((AS44),2) -> 0 | AK44: 1639.58 | AL44: 0 | AM44: 241.95 | AN44: 104.49 | AO44: 1397.63 | AP44: 0 | AQ44: 172.76 | AR44: 7.74 | AS44: 0 | AT44: 99 | AU44: 60 | AV44: 1 | AW44: 1 | AZ44: 1 | BA44: 1 | BB44: 1 | BC44: 1 | BH44: 0 | BI44: 1 | BJ44: ФЕР-2001, 46-04-012-02, приказ Минстроя России №1039/пр от 30.12.2016г. | BM44: 46001 | BN44: 0 | BP44: 0 | BQ44: 2 | BR44: 0 | BS44: 1 | BT44: 1 | BU44: 1 | BV44: 1 | BW44: 1 | BX44: 1 | BZ44: 110 | CA44: 70 | CF44: 0 | CG44: 0 | CM44: 0 | CO44: 0 | CP44: =(P44+Q44+S44) -> 654.84 | CQ44: =AC44*BC44 -> 0 | CR44: =AD44*BB44 -> 241.95 | CS44: =AE44*BS44 -> 104.49 | CT44: =AF44*BA44 -> 1397.63 | CU44: =AG44 -> 0 | CV44: =AH44 -> 172.76 | CW44: =AI44 -> 7.74 | CX44: =AJ44 -> 0 | CY44: =(((S44+R44)*AT44)/100) -> 593.9406 | CZ44: =(((S44+R44)*AU44)/100) -> 359.964 | DN44: 0 | DO44: 0 | DP44: 1 | DQ44: 1 | DU44: 1005 | DV44: 100 м2 | DW44: 100 м2 | DX44: 100 | EE44: 16510555 | EF44: 2 | EG44: Общестроительные работы | EH44: 0 | EJ44: 1 | EK44: 46001 | EL44: Реконструкция зданий и сооружений | EM44: ФЕР-46 | EQ44: 131072 | ER44: 1639.58 | ES44: 0 | ET44: 241.95 | EU44: 104.49 | EV44: 1397.63 | EW44: 172.76 | EX44: 7.74 | EY44: 0 | FQ44: 0 | FR44: =ROUND(IF(AND(BH44=3,BI44=3),P44,0),2) -> 0 | FS44: 0 | FT44: *0,9 | FU44: *0,85 | FX44: 99 | FY44: 59.5 | GD44: 0 | GF44: 1660145298 | GG44: 2 | GH44: 1 | GI44: -2 | GJ44: 0 | GK44: =ROUND(R44*(R12)/100,2) -> 0 | GL44: =ROUND(IF(AND(BH44=3,BI44=3,FS44<>0),P44,0),2) -> 0 | GM44: =ROUND(O44+X44+Y44+GK44,2)+GX44 -> 1608.74 | GN44: =IF(OR(BI44=0,BI44=1),ROUND(O44+X44+Y44+GK44,2),0) -> 1608.74 | GO44: =IF(BI44=2,ROUND(O44+X44+Y44+GK44,2),0) -> 0 | GP44: =IF(BI44=4,ROUND(O44+X44+Y44+GK44,2)+GX44,0) -> 0 | GR44: 0 | GS44: 3 | GT44: 0 | GV44: =ROUND(GT44,2) -> 0 | GW44: 1 | GX44: =ROUND(GV44*GW44*I44,2) -> 0 | HA44: 0 | HB44: 0 | IK44: 0
A45: 17 | B45: 1 | C45: =ROW(SmtRes!A38) -> 38 | D45: =ROW(EtalonRes!A38) -> 38 | E45: 6 | F45: 46-04-012-02 | G45: Разборка деревянных заполнений проемов оконных без подоконных досок | H45: 100 м2 | I45: =ROUND(39.94/100,9) -> 0.3994 | J45: 0 | O45: =ROUND(CP45,2) -> 4295.8 | P45: =ROUND(CQ45*I45,2) -> 0 | Q45: =ROUND(CR45*I45,2) -> 633.92 | R45: =ROUND(CS45*I45,2) -> 273.77 | S45: =ROUND(CT45*I45,2) -> 3661.88 | T45: =ROUND(CU45*I45,2) -> 0 | U45: =CV45*I45 -> 69.000344 | V45: =CW45*I45 -> 3.091356 | W45: =ROUND(CX45*I45,2) -> 0 | X45: =ROUND(CY45,2) -> 3896.29 | Y45: =ROUND(CZ45,2) -> 2361.39 | AA45: 16697019 | AB45: =ROUND((AC45+AD45+AF45),2) -> 1639.58 | AC45: =ROUND((ES45),2) -> 0 | AD45: =ROUND((((ET45)-(EU45))+AE45),2) -> 241.95 | AE45: =ROUND((EU45),2) -> 104.49 | AF45: =ROUND((EV45),2) -> 1397.63 | AG45: =ROUND((AP45),2) -> 0 | AH45: =(EW45) -> 172.76 | AI45: =(EX45) -> 7.74 | AJ45: =ROUND((AS45),2) -> 0 | AK45: 1639.58 | AL45: 0 | AM45: 241.95 | AN45: 104.49 | AO45: 1397.63 | AP45: 0 | AQ45: 172.76 | AR45: 7.74 | AS45: 0 | AT45: 99 | AU45: 60 | AV45: 1 | AW45: 1 | AZ45: 6.56 | BA45: 6.56 | BB45: 6.56 | BC45: 6.56 | BH45: 0 | BI45: 1 | BJ45: ФЕР-2001, 46-04-012-02, приказ Минстроя России №1039/пр от 30.12.2016г. | BM45: 46001 | BN45: 0 | BP45: 0 | BQ45: 2 | BR45: 0 | BS45: 6.56 | BT45: 1 | BU45: 1 | BV45: 1 | BW45: 1 | BX45: 1 | BZ45: 110 | CA45: 70 | CF45: 0 | CG45: 0 | CM45: 0 | CO45: 0 | CP45: =(P45+Q45+S45) -> 4295.8 | CQ45: =AC45*BC45 -> 0 | CR45: =AD45*BB45 -> 1587.192 | CS45: =AE45*BS45 -> 685.4544 | CT45: =AF45*BA45 -> 9168.4528 | CU45: =AG45 -> 0 | CV45: =AH45 -> 172.76 | CW45: =AI45 -> 7.74 | CX45: =AJ45 -> 0 | CY45: =(((S45+R45)*AT45)/100) -> 3896.2935 | CZ45: =(((S45+R45)*AU45)/100) -> 2361.39 | DN45: 0 | DO45: 0 | DP45: 1 | DQ45: 1 | DU45: 1005 | DV45: 100 м2 | DW45: 100 м2 | DX45: 100 | EE45: 16510555 | EF45: 2 | EG45: Общестроительные работы | EH45: 0 | EJ45: 1 | EK45: 46001 | EL45: Реконструкция зданий и сооружений | EM45: ФЕР-46 | EQ45: 131072 | ER45: 1639.58 | ES45: 0 | ET45: 241.95 | EU45: 104.49 | EV45: 1397.63 | EW45: 172.76 | EX45: 7.74 | EY45: 0 | FQ45: 0 | FR45: =ROUND(IF(AND(BH45=3,BI45=3),P45,0),2) -> 0 | FS45: 0 | FT45: *0,9 | FU45: *0,85 | FX45: 99 | FY45: 59.5 | GD45: 0 | GF45: 1660145298 | GG45: 1 | GH45: 1 | GI45: 4 | GJ45: 0 | GK45: =ROUND(R45*(S12)/100,2) -> 0 | GL45: =ROUND(IF(AND(BH45=3,BI45=3,FS45<>0),P45,0),2) -> 0 | GM45: =ROUND(O45+X45+Y45+GK45,2)+GX45 -> 10553.48 | GN45: =IF(OR(BI45=0,BI45=1),ROUND(O45+X45+Y45+GK45,2),0) -> 10553.48 | GO45: =IF(BI45=2,ROUND(O45+X45+Y45+GK45,2),0) -> 0 | GP45: =IF(BI45=4,ROUND(O45+X45+Y45+GK45,2)+GX45,0) -> 0 | GR45: 0 | GS45: 3 | GT45: 0 | GV45: =ROUND(GT45,2) -> 0 | GW45: 1 | GX45: =ROUND(GV45*GW45*I45,2) -> 0 | HA45: 0 | HB45: 0 | IK45: 0
A46: 17 | B46: 1 | C46: =ROW(SmtRes!A42) -> 42 | D46: =ROW(EtalonRes!A42) -> 42 | E46: 7 | F46: 56-3-1 | G46: Снятие подоконных досок бетонных и мозаичных | H46: 100 м2 | I46: =ROUND(7.68/100,9) -> 0.0768 | J46: 0 | O46: =ROUND(CP46,2) -> 166.87 | P46: =ROUND(CQ46*I46,2) -> 0 | Q46: =ROUND(CR46*I46,2) -> 4.31 | R46: =ROUND(CS46*I46,2) -> 0 | S46: =ROUND(CT46*I46,2) -> 162.56 | T46: =ROUND(CU46*I46,2) -> 0 | U46: =CV46*I46 -> 21.16608 | V46: =CW46*I46 -> 0 | W46: =ROUND(CX46*I46,2) -> 0 | X46: =ROUND(CY46,2) -> 133.3 | Y46: =ROUND(CZ46,2) -> 100.79 | AA46: 16697018 | AB46: =ROUND((AC46+AD46+AF46),2) -> 2172.79 | AC46: =ROUND((ES46),2) -> 0 | AD46: =ROUND((((ET46)-(EU46))+AE46),2) -> 56.18 | AE46: =ROUND((EU46),2) -> 0 | AF46: =ROUND((EV46),2) -> 2116.61 | AG46: =ROUND((AP46),2) -> 0 | AH46: =(EW46) -> 275.6 | AI46: =(EX46) -> 0 | AJ46: =ROUND((AS46),2) -> 0 | AK46: 2172.79 | AL46: 0 | AM46: 56.18 | AN46: 0 | AO46: 2116.61 | AP46: 0 | AQ46: 275.6 | AR46: 0 | AS46: 0 | AT46: 82 | AU46: 62 | AV46: 1 | AW46: 1 | AZ46: 1 | BA46: 1 | BB46: 1 | BC46: 1 | BH46: 0 | BI46: 1 | BJ46: ФЕРр-2001, 56-3-1, приказ Минстроя России №1039/пр от 30.12.2016г. | BM46: 56001 | BN46: 0 | BP46: 0 | BQ46: 6 | BR46: 0 | BS46: 1 | BT46: 1 | BU46: 1 | BV46: 1 | BW46: 1 | BX46: 1 | BZ46: 82 | CA46: 62 | CF46: 0 | CG46: 0 | CM46: 0 | CO46: 0 | CP46: =(P46+Q46+S46) -> 166.87 | CQ46: =AC46*BC46 -> 0 | CR46: =AD46*BB46 -> 56.18 | CS46: =AE46*BS46 -> 0 | CT46: =AF46*BA46 -> 2116.61 | CU46: =AG46 -> 0 | CV46: =AH46 -> 275.6 | CW46: =AI46 -> 0 | CX46: =AJ46 -> 0 | CY46: =(((S46+R46)*AT46)/100) -> 133.2992 | CZ46: =(((S46+R46)*AU46)/100) -> 100.7872 | DN46: 0 | DO46: 0 | DP46: 1 | DQ46: 1 | DU46: 1005 | DV46: 100 м2 | DW46: 100 м2 | DX46: 100 | EE46: 16510565 | EF46: 6 | EG46: Ремонтно-строительные работы | EH46: 0 | EJ46: 1 | EK46: 56001 | EL46: Проемы | EM46: рФЕР-56 | EQ46: 131072 | ER46: 2172.79 | ES46: 0 | ET46: 56.18 | EU46: 0 | EV46: 2116.61 | EW46: 275.6 | EX46: 0 | EY46: 0 | FQ46: 0 | FR46: =ROUND(IF(AND(BH46=3,BI46=3),P46,0),2) -> 0 | FS46: 0 | FX46: 82 | FY46: 62 | GD46: 0 | GF46: 825266154 | GG46: 2 | GH46: 1 | GI46: -2 | GJ46: 0 | GK46: =ROUND(R46*(R12)/100,2) -> 0 | GL46: =ROUND(IF(AND(BH46=3,BI46=3,FS46<>0),P46,0),2) -> 0 | GM46: =ROUND(O46+X46+Y46+GK46,2)+GX46 -> 400.96 | GN46: =IF(OR(BI46=0,BI46=1),ROUND(O46+X46+Y46+GK46,2),0) -> 400.96 | GO46: =IF(BI46=2,ROUND(O46+X46+Y46+GK46,2),0) -> 0 | GP46: =IF(BI46=4,ROUND(O46+X46+Y46+GK46,2)+GX46,0) -> 0 | GR46: 0 | GS46: 3 | GT46: 0 | GV46: =ROUND(GT46,2) -> 0 | GW46: 1 | GX46: =ROUND(GV46*GW46*I46,2) -> 0 | HA46: 0 | HB46: 0 | IK46: 0
A47: 17 | B47: 1 | C47: =ROW(SmtRes!A46) -> 46 | D47: =ROW(EtalonRes!A46) -> 46 | E47: 7 | F47: 56-3-1 | G47: Снятие подоконных досок бетонных и мозаичных | H47: 100 м2 | I47: =ROUND(7.68/100,9) -> 0.0768 | J47: 0 | O47: =ROUND(CP47,2) -> 1094.67 | P47: =ROUND(CQ47*I47,2) -> 0 | Q47: =ROUND(CR47*I47,2) -> 28.3 | R47: =ROUND(CS47*I47,2) -> 0 | S47: =ROUND(CT47*I47,2) -> 1066.37 | T47: =ROUND(CU47*I47,2) -> 0 | U47: =CV47*I47 -> 21.16608 | V47: =CW47*I47 -> 0 | W47: =ROUND(CX47*I47,2) -> 0 | X47: =ROUND(CY47,2) -> 874.42 | Y47: =ROUND(CZ47,2) -> 661.15 | AA47: 16697019 | AB47: =ROUND((AC47+AD47+AF47),2) -> 2172.79 | AC47: =ROUND((ES47),2) -> 0 | AD47: =ROUND((((ET47)-(EU47))+AE47),2) -> 56.18 | AE47: =ROUND((EU47),2) -> 0 | AF47: =ROUND((EV47),2) -> 2116.61 | AG47: =ROUND((AP47),2) -> 0 | AH47: =(EW47) -> 275.6 | AI47: =(EX47) -> 0 | AJ47: =ROUND((AS47),2) -> 0 | AK47: 2172.79 | AL47: 0 | AM47: 56.18 | AN47: 0 | AO47: 2116.61 | AP47: 0 | AQ47: 275.6 | AR47: 0 | AS47: 0 | AT47: 82 | AU47: 62 | AV47: 1 | AW47: 1 | AZ47: 6.56 | BA47: 6.56 | BB47: 6.56 | BC47: 6.56 | BH47: 0 | BI47: 1 | BJ47: ФЕРр-2001, 56-3-1, приказ Минстроя России №1039/пр от 30.12.2016г. | BM47: 56001 | BN47: 0 | BP47: 0 | BQ47: 6 | BR47: 0 | BS47: 6.56 | BT47: 1 | BU47: 1 | BV47: 1 | BW47: 1 | BX47: 1 | BZ47: 82 | CA47: 62 | CF47: 0 | CG47: 0 | CM47: 0 | CO47: 0 | CP47: =(P47+Q47+S47) -> 1094.67 | CQ47: =AC47*BC47 -> 0 | CR47: =AD47*BB47 -> 368.5408 | CS47: =AE47*BS47 -> 0 | CT47: =AF47*BA47 -> 13884.962 | CU47: =AG47 -> 0 | CV47: =AH47 -> 275.6 | CW47: =AI47 -> 0 | CX47: =AJ47 -> 0 | CY47: =(((S47+R47)*AT47)/100) -> 874.4234 | CZ47: =(((S47+R47)*AU47)/100) -> 661.1494 | DN47: 0 | DO47: 0 | DP47: 1 | DQ47: 1 | DU47: 1005 | DV47: 100 м2 | DW47: 100 м2 | DX47: 100 | EE47: 16510565 | EF47: 6 | EG47: Ремонтно-строительные работы | EH47: 0 | EJ47: 1 | EK47: 56001 | EL47: Проемы | EM47: рФЕР-56 | EQ47: 131072 | ER47: 2172.79 | ES47: 0 | ET47: 56.18 | EU47: 0 | EV47: 2116.61 | EW47: 275.6 | EX47: 0 | EY47: 0 | FQ47: 0 | FR47: =ROUND(IF(AND(BH47=3,BI47=3),P47,0),2) -> 0 | FS47: 0 | FX47: 82 | FY47: 62 | GD47: 0 | GF47: 825266154 | GG47: 1 | GH47: 1 | GI47: 4 | GJ47: 0 | GK47: =ROUND(R47*(S12)/100,2) -> 0 | GL47: =ROUND(IF(AND(BH47=3,BI47=3,FS47<>0),P47,0),2) -> 0 | GM47: =ROUND(O47+X47+Y47+GK47,2)+GX47 -> 2630.24 | GN47: =IF(OR(BI47=0,BI47=1),ROUND(O47+X47+Y47+GK47,2),0) -> 2630.24 | GO47: =IF(BI47=2,ROUND(O47+X47+Y47+GK47,2),0) -> 0 | GP47: =IF(BI47=4,ROUND(O47+X47+Y47+GK47,2)+GX47,0) -> 0 | GR47: 0 | GS47: 3 | GT47: 0 | GV47: =ROUND(GT47,2) -> 0 | GW47: 1 | GX47: =ROUND(GV47*GW47*I47,2) -> 0 | HA47: 0 | HB47: 0 | IK47: 0
A48: 18 | B48: 1 | C48: 42 | E48: 7,1 | F48: 01.7.07.07 | G48: Строительный мусор | H48: т | I48: =I46*J48 -> 1.02912 | J48: 13.4 | O48: =ROUND(CP48,2) -> 0 | P48: =ROUND(CQ48*I48,2) -> 0 | Q48: =ROUND(CR48*I48,2) -> 0 | R48: =ROUND(CS48*I48,2) -> 0 | S48: =ROUND(CT48*I48,2) -> 0 | T48: =ROUND(CU48*I48,2) -> 0 | U48: =CV48*I48 -> 0 | V48: =CW48*I48 -> 0 | W48: =ROUND(CX48*I48,2) -> 0 | X48: =ROUND(CY48,2) -> 0 | Y48: =ROUND(CZ48,2) -> 0 | AA48: 16697018 | AB48: =ROUND((AC48+AD48+AF48),2) -> 0 | AC48: =ROUND((ES48),2) -> 0 | AD48: =ROUND((((ET48)-(EU48))+AE48),2) -> 0 | AE48: =ROUND((EU48),2) -> 0 | AF48: =ROUND((EV48),2) -> 0 | AG48: =ROUND((AP48),2) -> 0 | AH48: =(EW48) -> 0 | AI48: =(EX48) -> 0 | AJ48: =ROUND((AS48),2) -> 0 | AK48: 0 | AL48: 0 | AM48: 0 | AN48: 0 | AO48: 0 | AP48: 0 | AQ48: 0 | AR48: 0 | AS48: 0 | AT48: 82 | AU48: 62 | AV48: 1 | AW48: 1 | AZ48: 1 | BA48: 1 | BB48: 1 | BC48: 1 | BH48: 3 | BI48: 1 | BM48: 56001 | BN48: 0 | BP48: 0 | BQ48: 6 | BR48: 0 | BS48: 1 | BT48: 1 | BU48: 1 | BV48: 1 | BW48: 1 | BX48: 1 | BZ48: 82 | CA48: 62 | CF48: 0 | CG48: 0 | CM48: 0 | CO48: 0 | CP48: =(P48+Q48+S48) -> 0 | CQ48: =AC48*BC48 -> 0 | CR48: =AD48*BB48 -> 0 | CS48: =AE48*BS48 -> 0 | CT48: =AF48*BA48 -> 0 | CU48: =AG48 -> 0 | CV48: =AH48 -> 0 | CW48: =AI48 -> 0 | CX48: =AJ48 -> 0 | CY48: =(((S48+R48)*AT48)/100) -> 0 | CZ48: =(((S48+R48)*AU48)/100) -> 0 | DN48: 0 | DO48: 0 | DP48: 1 | DQ48: 1 | DU48: 1009 | DV48: т | DW48: т | DX48: 1000 | EE48: 16510565 | EF48: 6 | EG48: Ремонтно-строительные работы | EH48: 0 | EJ48: 1 | EK48: 56001 | EL48: Проемы | EM48: рФЕР-56 | EQ48: 0 | ER48: 0 | ES48: 0 | ET48: 0 | EU48: 0 | EV48: 0 | EW48: 0 | EX48: 0 | FQ48: 0 | FR48: =ROUND(IF(AND(BH48=3,BI48=3),P48,0),2) -> 0 | FS48: 0 | FX48: 82 | FY48: 62 | GD48: 0 | GF48: -179832266 | GG48: 2 | GH48: 1 | GI48: -2 | GJ48: 0 | GK48: =ROUND(R48*(R12)/100,2) -> 0 | GL48: =ROUND(IF(AND(BH48=3,BI48=3,FS48<>0),P48,0),2) -> 0 | GM48: =ROUND(O48+X48+Y48+GK48,2)+GX48 -> 0 | GN48: =IF(OR(BI48=0,BI48=1),ROUND(O48+X48+Y48+GK48,2),0) -> 0 | GO48: =IF(BI48=2,ROUND(O48+X48+Y48+GK48,2),0) -> 0 | GP48: =IF(BI48=4,ROUND(O48+X48+Y48+GK48,2)+GX48,0) -> 0 | GR48: 0 | GS48: 3 | GT48: 0 | GV48: =ROUND(GT48,2) -> 0 | GW48: 1 | GX48: =ROUND(GV48*GW48*I48,2) -> 0 | HA48: 0 | HB48: 0 | IK48: 0
A49: 18 | B49: 1 | C49: 46 | E49: 7,1 | F49: 01.7.07.07 | G49: Строительный мусор | H49: т | I49: =I47*J49 -> 1.02912 | J49: 13.4 | O49: =ROUND(CP49,2) -> 0 | P49: =ROUND(CQ49*I49,2) -> 0 | Q49: =ROUND(CR49*I49,2) -> 0 | R49: =ROUND(CS49*I49,2) -> 0 | S49: =ROUND(CT49*I49,2) -> 0 | T49: =ROUND(CU49*I49,2) -> 0 | U49: =CV49*I49 -> 0 | V49: =CW49*I49 -> 0 | W49: =ROUND(CX49*I49,2) -> 0 | X49: =ROUND(CY49,2) -> 0 | Y49: =ROUND(CZ49,2) -> 0 | AA49: 16697019 | AB49: =ROUND((AC49+AD49+AF49),2) -> 0 | AC49: =ROUND((ES49),2) -> 0 | AD49: =ROUND((((ET49)-(EU49))+AE49),2) -> 0 | AE49: =ROUND((EU49),2) -> 0 | AF49: =ROUND((EV49),2) -> 0 | AG49: =ROUND((AP49),2) -> 0 | AH49: =(EW49) -> 0 | AI49: =(EX49) -> 0 | AJ49: =ROUND((AS49),2) -> 0 | AK49: 0 | AL49: 0 | AM49: 0 | AN49: 0 | AO49: 0 | AP49: 0 | AQ49: 0 | AR49: 0 | AS49: 0 | AT49: 82 | AU49: 62 | AV49: 1 | AW49: 1 | AZ49: 6.56 | BA49: 1 | BB49: 1 | BC49: 6.56 | BH49: 3 | BI49: 1 | BM49: 56001 | BN49: 0 | BP49: 0 | BQ49: 6 | BR49: 0 | BS49: 1 | BT49: 1 | BU49: 1 | BV49: 1 | BW49: 1 | BX49: 1 | BZ49: 82 | CA49: 62 | CF49: 0 | CG49: 0 | CM49: 0 | CO49: 0 | CP49: =(P49+Q49+S49) -> 0 | CQ49: =AC49*BC49 -> 0 | CR49: =AD49*BB49 -> 0 | CS49: =AE49*BS49 -> 0 | CT49: =AF49*BA49 -> 0 | CU49: =AG49 -> 0 | CV49: =AH49 -> 0 | CW49: =AI49 -> 0 | CX49: =AJ49 -> 0 | CY49: =(((S49+R49)*AT49)/100) -> 0 | CZ49: =(((S49+R49)*AU49)/100) -> 0 | DN49: 0 | DO49: 0 | DP49: 1 | DQ49: 1 | DU49: 1009 | DV49: т | DW49: т | DX49: 1000 | EE49: 16510565 | EF49: 6 | EG49: Ремонтно-строительные работы | EH49: 0 | EJ49: 1 | EK49: 56001 | EL49: Проемы | EM49: рФЕР-56 | EQ49: 0 | ER49: 0 | ES49: 0 | ET49: 0 | EU49: 0 | EV49: 0 | EW49: 0 | EX49: 0 | FQ49: 0 | FR49: =ROUND(IF(AND(BH49=3,BI49=3),P49,0),2) -> 0 | FS49: 0 | FX49: 82 | FY49: 62 | GD49: 0 | GF49: -179832266 | GG49: 1 | GH49: 1 | GI49: 4 | GJ49: 0 | GK49: =ROUND(R49*(S12)/100,2) -> 0 | GL49: =ROUND(IF(AND(BH49=3,BI49=3,FS49<>0),P49,0),2) -> 0 | GM49: =ROUND(O49+X49+Y49+GK49,2)+GX49 -> 0 | GN49: =IF(OR(BI49=0,BI49=1),ROUND(O49+X49+Y49+GK49,2),0) -> 0 | GO49: =IF(BI49=2,ROUND(O49+X49+Y49+GK49,2),0) -> 0 | GP49: =IF(BI49=4,ROUND(O49+X49+Y49+GK49,2)+GX49,0) -> 0 | GR49: 0 | GS49: 3 | GT49: 0 | GV49: =ROUND(GT49,2) -> 0 | GW49: 1 | GX49: =ROUND(GV49*GW49*I49,2) -> 0 | HA49: 0 | HB49: 0 | IK49: 0
A50: 17 | B50: 1 | C50: =ROW(SmtRes!A53) -> 53 | D50: =ROW(EtalonRes!A55) -> 55 | E50: 8 | F50: 09-04-012-01 | G50: Демонтаж металлических дверных блоков в готовые проемы прим. | H50: м2 | I50: 5.4 | J50: 0 | O50: =ROUND(CP50,2) -> 144.51 | P50: =ROUND(CQ50*I50,2) -> 0 | Q50: =ROUND(CR50*I50,2) -> 54.49 | R50: =ROUND(CS50*I50,2) -> 7.45 | S50: =ROUND(CT50*I50,2) -> 90.02 | T50: =ROUND(CU50*I50,2) -> 0 | U50: =CV50*I50 -> 9.072 | V50: =CW50*I50 -> 0.6426 | W50: =ROUND(CX50*I50,2) -> 0 | X50: =ROUND(CY50,2) -> 78.95 | Y50: =ROUND(CZ50,2) -> 70.18 | AA50: 16697018 | AB50: =ROUND((AC50+AD50+AF50),2) -> 26.76 | AC50: =ROUND(((ES50*0)),2) -> 0 | AD50: =ROUND(((((ET50*0.7))-((EU50*0.7)))+AE50),2) -> 10.09 | AE50: =ROUND(((EU50*0.7)),2) -> 1.38 | AF50: =ROUND(((EV50*0.7)),2) -> 16.67 | AG50: =ROUND((AP50),2) -> 0 | AH50: =((EW50*0.7)) -> 1.68 | AI50: =((EX50*0.7)) -> 0.119 | AJ50: =ROUND((AS50),2) -> 0 | AK50: 63.94 | AL50: 25.72 | AM50: 14.41 | AN50: 1.97 | AO50: 23.81 | AP50: 0 | AQ50: 2.4 | AR50: 0.17 | AS50: 0 | AT50: 81 | AU50: 72 | AV50: 1 | AW50: 1 | AZ50: 1 | BA50: 1 | BB50: 1 | BC50: 1 | BH50: 0 | BI50: 1 | BJ50: ФЕР-2001, 09-04-012-01, приказ Минстроя России №1039/пр от 30.12.2016г. | BM50: 9001 | BN50: 0 | BP50: 0 | BQ50: 2 | BR50: 0 | BS50: 1 | BT50: 1 | BU50: 1 | BV50: 1 | BW50: 1 | BX50: 1 | BZ50: 90 | CA50: 85 | CF50: 0 | CG50: 0 | CM50: 0 | CN50: Поправка: МДС 81-36.2004, п.3.3.1.д Наименование: При демонтаже металлических конструкций | CO50: 0 | CP50: =(P50+Q50+S50) -> 144.51 | CQ50: =AC50*BC50 -> 0 | CR50: =AD50*BB50 -> 10.09 | CS50: =AE50*BS50 -> 1.38 | CT50: =AF50*BA50 -> 16.67 | CU50: =AG50 -> 0 | CV50: =AH50 -> 1.68 | CW50: =AI50 -> 0.119 | CX50: =AJ50 -> 0 | CY50: =(((S50+R50)*AT50)/100) -> 78.9507 | CZ50: =(((S50+R50)*AU50)/100) -> 70.1784 | DD50: )*0 | DE50: )*0,7 | DF50: )*0,7 | DG50: )*0,7 | DI50: )*0,7 | DJ50: )*0,7 | DN50: 0 | DO50: 0 | DP50: 1 | DQ50: 1 | DU50: 1005 | DV50: м2 | DW50: м2 | DX50: 1 | EE50: 16510486 | EF50: 2 | EG50: Общестроительные работы | EH50: 0 | EJ50: 1 | EK50: 9001 | EL50: Металлические конструкции | EM50: ФЕР-09 | EO50: Поправка: МДС 81-36.2004, п.3.3.1.д | EQ50: 131072 | ER50: 63.94 | ES50: 25.72 | ET50: 14.41 | EU50: 1.97 | EV50: 23.81 | EW50: 2.4 | EX50: 0.17 | EY50: 0 | FQ50: 0 | FR50: =ROUND(IF(AND(BH50=3,BI50=3),P50,0),2) -> 0 | FS50: 0 | FT50: *0,9 | FU50: *0,85 | FX50: 81 | FY50: 72.25 | GD50: 0 | GF50: -879872770 | GG50: 2 | GH50: 1 | GI50: -2 | GJ50: 0 | GK50: =ROUND(R50*(R12)/100,2) -> 0 | GL50: =ROUND(IF(AND(BH50=3,BI50=3,FS50<>0),P50,0),2) -> 0 | GM50: =ROUND(O50+X50+Y50+GK50,2)+GX50 -> 293.64 | GN50: =IF(OR(BI50=0,BI50=1),ROUND(O50+X50+Y50+GK50,2),0) -> 293.64 | GO50: =IF(BI50=2,ROUND(O50+X50+Y50+GK50,2),0) -> 0 | GP50: =IF(BI50=4,ROUND(O50+X50+Y50+GK50,2)+GX50,0) -> 0 | GR50: 0 | GS50: 3 | GT50: 0 | GV50: =ROUND(GT50,2) -> 0 | GW50: 1 | GX50: =ROUND(GV50*GW50*I50,2) -> 0 | HA50: 0 | HB50: 0 | IK50: 0
A51: 17 | B51: 1 | C51: =ROW(SmtRes!A60) -> 60 | D51: =ROW(EtalonRes!A64) -> 64 | E51: 8 | F51: 09-04-012-01 | G51: Демонтаж металлических дверных блоков в готовые проемы прим. | H51: м2 | I51: 5.4 | J51: 0 | O51: =ROUND(CP51,2) -> 947.95 | P51: =ROUND(CQ51*I51,2) -> 0 | Q51: =ROUND(CR51*I51,2) -> 357.43 | R51: =ROUND(CS51*I51,2) -> 48.89 | S51: =ROUND(CT51*I51,2) -> 590.52 | T51: =ROUND(CU51*I51,2) -> 0 | U51: =CV51*I51 -> 9.072 | V51: =CW51*I51 -> 0.6426 | W51: =ROUND(CX51*I51,2) -> 0 | X51: =ROUND(CY51,2) -> 517.92 | Y51: =ROUND(CZ51,2) -> 460.38 | AA51: 16697019 | AB51: =ROUND((AC51+AD51+AF51),2) -> 26.76 | AC51: =ROUND(((ES51*0)),2) -> 0 | AD51: =ROUND(((((ET51*0.7))-((EU51*0.7)))+AE51),2) -> 10.09 | AE51: =ROUND(((EU51*0.7)),2) -> 1.38 | AF51: =ROUND(((EV51*0.7)),2) -> 16.67 | AG51: =ROUND((AP51),2) -> 0 | AH51: =((EW51*0.7)) -> 1.68 | AI51: =((EX51*0.7)) -> 0.119 | AJ51: =ROUND((AS51),2) -> 0 | AK51: 63.94 | AL51: 25.72 | AM51: 14.41 | AN51: 1.97 | AO51: 23.81 | AP51: 0 | AQ51: 2.4 | AR51: 0.17 | AS51: 0 | AT51: 81 | AU51: 72 | AV51: 1 | AW51: 1 | AZ51: 6.56 | BA51: 6.56 | BB51: 6.56 | BC51: 6.56 | BH51: 0 | BI51: 1 | BJ51: ФЕР-2001, 09-04-012-01, приказ Минстроя России №1039/пр от 30.12.2016г. | BM51: 9001 | BN51: 0 | BP51: 0 | BQ51: 2 | BR51: 0 | BS51: 6.56 | BT51: 1 | BU51: 1 | BV51: 1 | BW51: 1 | BX51: 1 | BZ51: 90 | CA51: 85 | CF51: 0 | CG51: 0 | CM51: 0 | CN51: Поправка: МДС 81-36.2004, п.3.3.1.д Наименование: При демонтаже металлических конструкций | CO51: 0 | CP51: =(P51+Q51+S51) -> 947.95 | CQ51: =AC51*BC51 -> 0 | CR51: =AD51*BB51 -> 66.1904 | CS51: =AE51*BS51 -> 9.0528 | CT51: =AF51*BA51 -> 109.3552 | CU51: =AG51 -> 0 | CV51: =AH51 -> 1.68 | CW51: =AI51 -> 0.119 | CX51: =AJ51 -> 0 | CY51: =(((S51+R51)*AT51)/100) -> 517.9221 | CZ51: =(((S51+R51)*AU51)/100) -> 460.3752 | DD51: )*0 | DE51: )*0,7 | DF51: )*0,7 | DG51: )*0,7 | DI51: )*0,7 | DJ51: )*0,7 | DN51: 0 | DO51: 0 | DP51: 1 | DQ51: 1 | DU51: 1005 | DV51: м2 | DW51: м2 | DX51: 1 | EE51: 16510486 | EF51: 2 | EG51: Общестроительные работы | EH51: 0 | EJ51: 1 | EK51: 9001 | EL51: Металлические конструкции | EM51: ФЕР-09 | EO51: Поправка: МДС 81-36.2004, п.3.3.1.д | EQ51: 131072 | ER51: 63.94 | ES51: 25.72 | ET51: 14.41 | EU51: 1.97 | EV51: 23.81 | EW51: 2.4 | EX51: 0.17 | EY51: 0 | FQ51: 0 | FR51: =ROUND(IF(AND(BH51=3,BI51=3),P51,0),2) -> 0 | FS51: 0 | FT51: *0,9 | FU51: *0,85 | FX51: 81 | FY51: 72.25 | GD51: 0 | GF51: -879872770 | GG51: 1 | GH51: 1 | GI51: 4 | GJ51: 0 | GK51: =ROUND(R51*(S12)/100,2) -> 0 | GL51: =ROUND(IF(AND(BH51=3,BI51=3,FS51<>0),P51,0),2) -> 0 | GM51: =ROUND(O51+X51+Y51+GK51,2)+GX51 -> 1926.25 | GN51: =IF(OR(BI51=0,BI51=1),ROUND(O51+X51+Y51+GK51,2),0) -> 1926.25 | GO51: =IF(BI51=2,ROUND(O51+X51+Y51+GK51,2),0) -> 0 | GP51: =IF(BI51=4,ROUND(O51+X51+Y51+GK51,2)+GX51,0) -> 0 | GR51: 0 | GS51: 3 | GT51: 0 | GV51: =ROUND(GT51,2) -> 0 | GW51: 1 | GX51: =ROUND(GV51*GW51*I51,2) -> 0 | HA51: 0 | HB51: 0 | IK51: 0
A52: 17 | B52: 1 | C52: =ROW(SmtRes!A63) -> 63 | D52: =ROW(EtalonRes!A67) -> 67 | E52: 9 | F52: 46-04-012-03 | G52: Разборка деревянных заполнений проемов дверных и воротных | H52: 100 м2 | I52: =ROUND((5.4+9+3.2+1.4+1.2+4.41+4)/100,9) -> 0.2861 | J52: 0 | O52: =ROUND(CP52,2) -> 309.72 | P52: =ROUND(CQ52*I52,2) -> 0 | Q52: =ROUND(CR52*I52,2) -> 69.22 | R52: =ROUND(CS52*I52,2) -> 29.89 | S52: =ROUND(CT52*I52,2) -> 240.5 | T52: =ROUND(CU52*I52,2) -> 0 | U52: =CV52*I52 -> 29.728651 | V52: =CW52*I52 -> 2.214414 | W52: =ROUND(CX52*I52,2) -> 0 | X52: =ROUND(CY52,2) -> 267.69 | Y52: =ROUND(CZ52,2) -> 162.23 | AA52: 16697018 | AB52: =ROUND((AC52+AD52+AF52),2) -> 1082.58 | AC52: =ROUND((ES52),2) -> 0 | AD52: =ROUND((((ET52)-(EU52))+AE52),2) -> 241.95 | AE52: =ROUND((EU52),2) -> 104.49 | AF52: =ROUND((EV52),2) -> 840.63 | AG52: =ROUND((AP52),2) -> 0 | AH52: =(EW52) -> 103.91 | AI52: =(EX52) -> 7.74 | AJ52: =ROUND((AS52),2) -> 0 | AK52: 1082.58 | AL52: 0 | AM52: 241.95 | AN52: 104.49 | AO52: 840.63 | AP52: 0 | AQ52: 103.91 | AR52: 7.74 | AS52: 0 | AT52: 99 | AU52: 60 | AV52: 1 | AW52: 1 | AZ52: 1 | BA52: 1 | BB52: 1 | BC52: 1 | BH52: 0 | BI52: 1 | BJ52: ФЕР-2001, 46-04-012-03, приказ Минстроя России №1039/пр от 30.12.2016г. | BM52: 46001 | BN52: 0 | BP52: 0 | BQ52: 2 | BR52: 0 | BS52: 1 | BT52: 1 | BU52: 1 | BV52: 1 | BW52: 1 | BX52: 1 | BZ52: 110 | CA52: 70 | CF52: 0 | CG52: 0 | CM52: 0 | CO52: 0 | CP52: =(P52+Q52+S52) -> 309.72 | CQ52: =AC52*BC52 -> 0 | CR52: =AD52*BB52 -> 241.95 | CS52: =AE52*BS52 -> 104.49 | CT52: =AF52*BA52 -> 840.63 | CU52: =AG52 -> 0 | CV52: =AH52 -> 103.91 | CW52: =AI52 -> 7.74 | CX52: =AJ52 -> 0 | CY52: =(((S52+R52)*AT52)/100) -> 267.6861 | CZ52: =(((S52+R52)*AU52)/100) -> 162.234 | DN52: 0 | DO52: 0 | DP52: 1 | DQ52: 1 | DU52: 1005 | DV52: 100 м2 | DW52: 100 м2 | DX52: 100 | EE52: 16510555 | EF52: 2 | EG52: Общестроительные работы | EH52: 0 | EJ52: 1 | EK52: 46001 | EL52: Реконструкция зданий и сооружений | EM52: ФЕР-46 | EQ52: 131072 | ER52: 1082.58 | ES52: 0 | ET52: 241.95 | EU52: 104.49 | EV52: 840.63 | EW52: 103.91 | EX52: 7.74 | EY52: 0 | FQ52: 0 | FR52: =ROUND(IF(AND(BH52=3,BI52=3),P52,0),2) -> 0 | FS52: 0 | FT52: *0,9 | FU52: *0,85 | FX52: 99 | FY52: 59.5 | GD52: 0 | GF52: 309229644 | GG52: 2 | GH52: 1 | GI52: -2 | GJ52: 0 | GK52: =ROUND(R52*(R12)/100,2) -> 0 | GL52: =ROUND(IF(AND(BH52=3,BI52=3,FS52<>0),P52,0),2) -> 0 | GM52: =ROUND(O52+X52+Y52+GK52,2)+GX52 -> 739.64 | GN52: =IF(OR(BI52=0,BI52=1),ROUND(O52+X52+Y52+GK52,2),0) -> 739.64 | GO52: =IF(BI52=2,ROUND(O52+X52+Y52+GK52,2),0) -> 0 | GP52: =IF(BI52=4,ROUND(O52+X52+Y52+GK52,2)+GX52,0) -> 0 | GR52: 0 | GS52: 3 | GT52: 0 | GV52: =ROUND(GT52,2) -> 0 | GW52: 1 | GX52: =ROUND(GV52*GW52*I52,2) -> 0 | HA52: 0 | HB52: 0 | IK52: 0
A53: 17 | B53: 1 | C53: =ROW(SmtRes!A66) -> 66 | D53: =ROW(EtalonRes!A70) -> 70 | E53: 9 | F53: 46-04-012-03 | G53: Разборка деревянных заполнений проемов дверных и воротных | H53: 100 м2 | I53: =ROUND((5.4+9+3.2+1.4+1.2+4.41+4)/100,9) -> 0.2861 | J53: 0 | O53: =ROUND(CP53,2) -> 2031.81 | P53: =ROUND(CQ53*I53,2) -> 0 | Q53: =ROUND(CR53*I53,2) -> 454.1 | R53: =ROUND(CS53*I53,2) -> 196.11 | S53: =ROUND(CT53*I53,2) -> 1577.71 | T53: =ROUND(CU53*I53,2) -> 0 | U53: =CV53*I53 -> 29.728651 | V53: =CW53*I53 -> 2.214414 | W53: =ROUND(CX53*I53,2) -> 0 | X53: =ROUND(CY53,2) -> 1756.08 | Y53: =ROUND(CZ53,2) -> 1064.29 | AA53: 16697019 | AB53: =ROUND((AC53+AD53+AF53),2) -> 1082.58 | AC53: =ROUND((ES53),2) -> 0 | AD53: =ROUND((((ET53)-(EU53))+AE53),2) -> 241.95 | AE53: =ROUND((EU53),2) -> 104.49 | AF53: =ROUND((EV53),2) -> 840.63 | AG53: =ROUND((AP53),2) -> 0 | AH53: =(EW53) -> 103.91 | AI53: =(EX53) -> 7.74 | AJ53: =ROUND((AS53),2) -> 0 | AK53: 1082.58 | AL53: 0 | AM53: 241.95 | AN53: 104.49 | AO53: 840.63 | AP53: 0 | AQ53: 103.91 | AR53: 7.74 | AS53: 0 | AT53: 99 | AU53: 60 | AV53: 1 | AW53: 1 | AZ53: 6.56 | BA53: 6.56 | BB53: 6.56 | BC53: 6.56 | BH53: 0 | BI53: 1 | BJ53: ФЕР-2001, 46-04-012-03, приказ Минстроя России №1039/пр от 30.12.2016г. | BM53: 46001 | BN53: 0 | BP53: 0 | BQ53: 2 | BR53: 0 | BS53: 6.56 | BT53: 1 | BU53: 1 | BV53: 1 | BW53: 1 | BX53: 1 | BZ53: 110 | CA53: 70 | CF53: 0 | CG53: 0 | CM53: 0 | CO53: 0 | CP53: =(P53+Q53+S53) -> 2031.81 | CQ53: =AC53*BC53 -> 0 | CR53: =AD53*BB53 -> 1587.192 | CS53: =AE53*BS53 -> 685.4544 | CT53: =AF53*BA53 -> 5514.5328 | CU53: =AG53 -> 0 | CV53: =AH53 -> 103.91 | CW53: =AI53 -> 7.74 | CX53: =AJ53 -> 0 | CY53: =(((S53+R53)*AT53)/100) -> 1756.0818 | CZ53: =(((S53+R53)*AU53)/100) -> 1064.292 | DN53: 0 | DO53: 0 | DP53: 1 | DQ53: 1 | DU53: 1005 | DV53: 100 м2 | DW53: 100 м2 | DX53: 100 | EE53: 16510555 | EF53: 2 | EG53: Общестроительные работы | EH53: 0 | EJ53: 1 | EK53: 46001 | EL53: Реконструкция зданий и сооружений | EM53: ФЕР-46 | EQ53: 131072 | ER53: 1082.58 | ES53: 0 | ET53: 241.95 | EU53: 104.49 | EV53: 840.63 | EW53: 103.91 | EX53: 7.74 | EY53: 0 | FQ53: 0 | FR53: =ROUND(IF(AND(BH53=3,BI53=3),P53,0),2) -> 0 | FS53: 0 | FT53: *0,9 | FU53: *0,85 | FX53: 99 | FY53: 59.5 | GD53: 0 | GF53: 309229644 | GG53: 1 | GH53: 1 | GI53: 4 | GJ53: 0 | GK53: =ROUND(R53*(S12)/100,2) -> 0 | GL53: =ROUND(IF(AND(BH53=3,BI53=3,FS53<>0),P53,0),2) -> 0 | GM53: =ROUND(O53+X53+Y53+GK53,2)+GX53 -> 4852.18 | GN53: =IF(OR(BI53=0,BI53=1),ROUND(O53+X53+Y53+GK53,2),0) -> 4852.18 | GO53: =IF(BI53=2,ROUND(O53+X53+Y53+GK53,2),0) -> 0 | GP53: =IF(BI53=4,ROUND(O53+X53+Y53+GK53,2)+GX53,0) -> 0 | GR53: 0 | GS53: 3 | GT53: 0 | GV53: =ROUND(GT53,2) -> 0 | GW53: 1 | GX53: =ROUND(GV53*GW53*I53,2) -> 0 | HA53: 0 | HB53: 0 | IK53: 0
A54: 17 | B54: 1 | C54: =ROW(SmtRes!A69) -> 69 | D54: =ROW(EtalonRes!A73) -> 73 | E54: 10 | F54: 67-4-5 | G54: Демонтаж светильников для люминесцентных ламп | H54: 100 ШТ | I54: =ROUND(29/100,9) -> 0.29 | J54: 0 | O54: =ROUND(CP54,2) -> 42.34 | P54: =ROUND(CQ54*I54,2) -> 0 | Q54: =ROUND(CR54*I54,2) -> 0.73 | R54: =ROUND(CS54*I54,2) -> 0.31 | S54: =ROUND(CT54*I54,2) -> 41.61 | T54: =ROUND(CU54*I54,2) -> 0 | U54: =CV54*I54 -> 5.1881 | V54: =CW54*I54 -> 0.0232 | W54: =ROUND(CX54*I54,2) -> 0 | X54: =ROUND(CY54,2) -> 35.63 | Y54: =ROUND(CZ54,2) -> 27.25 | AA54: 16697018 | AB54: =ROUND((AC54+AD54+AF54),2) -> 145.98 | AC54: =ROUND((ES54),2) -> 0 | AD54: =ROUND((((ET54)-(EU54))+AE54),2) -> 2.5 | AE54: =ROUND((EU54),2) -> 1.08 | AF54: =ROUND((EV54),2) -> 143.48 | AG54: =ROUND((AP54),2) -> 0 | AH54: =(EW54) -> 17.89 | AI54: =(EX54) -> 0.08 | AJ54: =ROUND((AS54),2) -> 0 | AK54: 145.98 | AL54: 0 | AM54: 2.5 | AN54: 1.08 | AO54: 143.48 | AP54: 0 | AQ54: 17.89 | AR54: 0.08 | AS54: 0 | AT54: 85 | AU54: 65 | AV54: 1 | AW54: 1 | AZ54: 1 | BA54: 1 | BB54: 1 | BC54: 1 | BH54: 0 | BI54: 1 | BJ54: ФЕРр-2001, 67-4-5, приказ Минстроя России №1039/пр от 30.12.2016г. | BM54: 67001 | BN54: 0 | BP54: 0 | BQ54: 6 | BR54: 0 | BS54: 1 | BT54: 1 | BU54: 1 | BV54: 1 | BW54: 1 | BX54: 1 | BZ54: 85 | CA54: 65 | CF54: 0 | CG54: 0 | CM54: 0 | CO54: 0 | CP54: =(P54+Q54+S54) -> 42.34 | CQ54: =AC54*BC54 -> 0 | CR54: =AD54*BB54 -> 2.5 | CS54: =AE54*BS54 -> 1.08 | CT54: =AF54*BA54 -> 143.48 | CU54: =AG54 -> 0 | CV54: =AH54 -> 17.89 | CW54: =AI54 -> 0.08 | CX54: =AJ54 -> 0 | CY54: =(((S54+R54)*AT54)/100) -> 35.632 | CZ54: =(((S54+R54)*AU54)/100) -> 27.248 | DN54: 0 | DO54: 0 | DP54: 1 | DQ54: 1 | DU54: 1013 | DV54: 100 ШТ | DW54: 100 ШТ | DX54: 1 | EE54: 16510612 | EF54: 6 | EG54: Ремонтно-строительные работы | EH54: 0 | EJ54: 1 | EK54: 67001 | EL54: Электромонтажные работы | EM54: рФЕР-67 | EQ54: 131072 | ER54: 145.98 | ES54: 0 | ET54: 2.5 | EU54: 1.08 | EV54: 143.48 | EW54: 17.89 | EX54: 0.08 | EY54: 0 | FQ54: 0 | FR54: =ROUND(IF(AND(BH54=3,BI54=3),P54,0),2) -> 0 | FS54: 0 | FX54: 85 | FY54: 65 | GD54: 0 | GF54: 1077668203 | GG54: 2 | GH54: 1 | GI54: -2 | GJ54: 0 | GK54: =ROUND(R54*(R12)/100,2) -> 0 | GL54: =ROUND(IF(AND(BH54=3,BI54=3,FS54<>0),P54,0),2) -> 0 | GM54: =ROUND(O54+X54+Y54+GK54,2)+GX54 -> 105.22 | GN54: =IF(OR(BI54=0,BI54=1),ROUND(O54+X54+Y54+GK54,2),0) -> 105.22 | GO54: =IF(BI54=2,ROUND(O54+X54+Y54+GK54,2),0) -> 0 | GP54: =IF(BI54=4,ROUND(O54+X54+Y54+GK54,2)+GX54,0) -> 0 | GR54: 0 | GS54: 3 | GT54: 0 | GV54: =ROUND(GT54,2) -> 0 | GW54: 1 | GX54: =ROUND(GV54*GW54*I54,2) -> 0 | HA54: 0 | HB54: 0 | IK54: 0
A55: 17 | B55: 1 | C55: =ROW(SmtRes!A72) -> 72 | D55: =ROW(EtalonRes!A76) -> 76 | E55: 10 | F55: 67-4-5 | G55: Демонтаж светильников для люминесцентных ламп | H55: 100 ШТ | I55: =ROUND(29/100,9) -> 0.29 | J55: 0 | O55: =ROUND(CP55,2) -> 277.72 | P55: =ROUND(CQ55*I55,2) -> 0 | Q55: =ROUND(CR55*I55,2) -> 4.76 | R55: =ROUND(CS55*I55,2) -> 2.05 | S55: =ROUND(CT55*I55,2) -> 272.96 | T55: =ROUND(CU55*I55,2) -> 0 | U55: =CV55*I55 -> 5.1881 | V55: =CW55*I55 -> 0.0232 | W55: =ROUND(CX55*I55,2) -> 0 | X55: =ROUND(CY55,2) -> 233.76 | Y55: =ROUND(CZ55,2) -> 178.76 | AA55: 16697019 | AB55: =ROUND((AC55+AD55+AF55),2) -> 145.98 | AC55: =ROUND((ES55),2) -> 0 | AD55: =ROUND((((ET55)-(EU55))+AE55),2) -> 2.5 | AE55: =ROUND((EU55),2) -> 1.08 | AF55: =ROUND((EV55),2) -> 143.48 | AG55: =ROUND((AP55),2) -> 0 | AH55: =(EW55) -> 17.89 | AI55: =(EX55) -> 0.08 | AJ55: =ROUND((AS55),2) -> 0 | AK55: 145.98 | AL55: 0 | AM55: 2.5 | AN55: 1.08 | AO55: 143.48 | AP55: 0 | AQ55: 17.89 | AR55: 0.08 | AS55: 0 | AT55: 85 | AU55: 65 | AV55: 1 | AW55: 1 | AZ55: 6.56 | BA55: 6.56 | BB55: 6.56 | BC55: 6.56 | BH55: 0 | BI55: 1 | BJ55: ФЕРр-2001, 67-4-5, приказ Минстроя России №1039/пр от 30.12.2016г. | BM55: 67001 | BN55: 0 | BP55: 0 | BQ55: 6 | BR55: 0 | BS55: 6.56 | BT55: 1 | BU55: 1 | BV55: 1 | BW55: 1 | BX55: 1 | BZ55: 85 | CA55: 65 | CF55: 0 | CG55: 0 | CM55: 0 | CO55: 0 | CP55: =(P55+Q55+S55) -> 277.72 | CQ55: =AC55*BC55 -> 0 | CR55: =AD55*BB55 -> 16.4 | CS55: =AE55*BS55 -> 7.0848 | CT55: =AF55*BA55 -> 941.2288 | CU55: =AG55 -> 0 | CV55: =AH55 -> 17.89 | CW55: =AI55 -> 0.08 | CX55: =AJ55 -> 0 | CY55: =(((S55+R55)*AT55)/100) -> 233.7585 | CZ55: =(((S55+R55)*AU55)/100) -> 178.7565 | DN55: 0 | DO55: 0 | DP55: 1 | DQ55: 1 | DU55: 1013 | DV55: 100 ШТ | DW55: 100 ШТ | DX55: 1 | EE55: 16510612 | EF55: 6 | EG55: Ремонтно-строительные работы | EH55: 0 | EJ55: 1 | EK55: 67001 | EL55: Электромонтажные работы | EM55: рФЕР-67 | EQ55: 131072 | ER55: 145.98 | ES55: 0 | ET55: 2.5 | EU55: 1.08 | EV55: 143.48 | EW55: 17.89 | EX55: 0.08 | EY55: 0 | FQ55: 0 | FR55: =ROUND(IF(AND(BH55=3,BI55=3),P55,0),2) -> 0 | FS55: 0 | FX55: 85 | FY55: 65 | GD55: 0 | GF55: 1077668203 | GG55: 1 | GH55: 1 | GI55: 4 | GJ55: 0 | GK55: =ROUND(R55*(S12)/100,2) -> 0 | GL55: =ROUND(IF(AND(BH55=3,BI55=3,FS55<>0),P55,0),2) -> 0 | GM55: =ROUND(O55+X55+Y55+GK55,2)+GX55 -> 690.24 | GN55: =IF(OR(BI55=0,BI55=1),ROUND(O55+X55+Y55+GK55,2),0) -> 690.24 | GO55: =IF(BI55=2,ROUND(O55+X55+Y55+GK55,2),0) -> 0 | GP55: =IF(BI55=4,ROUND(O55+X55+Y55+GK55,2)+GX55,0) -> 0 | GR55: 0 | GS55: 3 | GT55: 0 | GV55: =ROUND(GT55,2) -> 0 | GW55: 1 | GX55: =ROUND(GV55*GW55*I55,2) -> 0 | HA55: 0 | HB55: 0 | IK55: 0
A56: 17 | B56: 1 | C56: =ROW(SmtRes!A75) -> 75 | D56: =ROW(EtalonRes!A79) -> 79 | E56: 11 | F56: 67-4-4 | G56: Демонтаж бра, плафонов | H56: 100 ШТ | I56: =ROUND(7/100,9) -> 0.07 | J56: 0 | O56: =ROUND(CP56,2) -> 5.97 | P56: =ROUND(CQ56*I56,2) -> 0 | Q56: =ROUND(CR56*I56,2) -> 0.07 | R56: =ROUND(CS56*I56,2) -> 0.03 | S56: =ROUND(CT56*I56,2) -> 5.9 | T56: =ROUND(CU56*I56,2) -> 0 | U56: =CV56*I56 -> 0.7567 | V56: =CW56*I56 -> 0.0021 | W56: =ROUND(CX56*I56,2) -> 0 | X56: =ROUND(CY56,2) -> 5.04 | Y56: =ROUND(CZ56,2) -> 3.85 | AA56: 16697018 | AB56: =ROUND((AC56+AD56+AF56),2) -> 85.26 | AC56: =ROUND((ES56),2) -> 0 | AD56: =ROUND((((ET56)-(EU56))+AE56),2) -> 0.94 | AE56: =ROUND((EU56),2) -> 0.41 | AF56: =ROUND((EV56),2) -> 84.32 | AG56: =ROUND((AP56),2) -> 0 | AH56: =(EW56) -> 10.81 | AI56: =(EX56) -> 0.03 | AJ56: =ROUND((AS56),2) -> 0 | AK56: 85.26 | AL56: 0 | AM56: 0.94 | AN56: 0.41 | AO56: 84.32 | AP56: 0 | AQ56: 10.81 | AR56: 0.03 | AS56: 0 | AT56: 85 | AU56: 65 | AV56: 1 | AW56: 1 | AZ56: 1 | BA56: 1 | BB56: 1 | BC56: 1 | BH56: 0 | BI56: 1 | BJ56: ФЕРр-2001, 67-4-4, приказ Минстроя России №1039/пр от 30.12.2016г. | BM56: 67001 | BN56: 0 | BP56: 0 | BQ56: 6 | BR56: 0 | BS56: 1 | BT56: 1 | BU56: 1 | BV56: 1 | BW56: 1 | BX56: 1 | BZ56: 85 | CA56: 65 | CF56: 0 | CG56: 0 | CM56: 0 | CO56: 0 | CP56: =(P56+Q56+S56) -> 5.97 | CQ56: =AC56*BC56 -> 0 | CR56: =AD56*BB56 -> 0.94 | CS56: =AE56*BS56 -> 0.41 | CT56: =AF56*BA56 -> 84.32 | CU56: =AG56 -> 0 | CV56: =AH56 -> 10.81 | CW56: =AI56 -> 0.03 | CX56: =AJ56 -> 0 | CY56: =(((S56+R56)*AT56)/100) -> 5.0405 | CZ56: =(((S56+R56)*AU56)/100) -> 3.8545 | DN56: 0 | DO56: 0 | DP56: 1 | DQ56: 1 | DU56: 1013 | DV56: 100 ШТ | DW56: 100 ШТ | DX56: 1 | EE56: 16510612 | EF56: 6 | EG56: Ремонтно-строительные работы | EH56: 0 | EJ56: 1 | EK56: 67001 | EL56: Электромонтажные работы | EM56: рФЕР-67 | EQ56: 131072 | ER56: 85.26 | ES56: 0 | ET56: 0.94 | EU56: 0.41 | EV56: 84.32 | EW56: 10.81 | EX56: 0.03 | EY56: 0 | FQ56: 0 | FR56: =ROUND(IF(AND(BH56=3,BI56=3),P56,0),2) -> 0 | FS56: 0 | FX56: 85 | FY56: 65 | GD56: 0 | GF56: 956926288 | GG56: 2 | GH56: 1 | GI56: -2 | GJ56: 0 | GK56: =ROUND(R56*(R12)/100,2) -> 0 | GL56: =ROUND(IF(AND(BH56=3,BI56=3,FS56<>0),P56,0),2) -> 0 | GM56: =ROUND(O56+X56+Y56+GK56,2)+GX56 -> 14.86 | GN56: =IF(OR(BI56=0,BI56=1),ROUND(O56+X56+Y56+GK56,2),0) -> 14.86 | GO56: =IF(BI56=2,ROUND(O56+X56+Y56+GK56,2),0) -> 0 | GP56: =IF(BI56=4,ROUND(O56+X56+Y56+GK56,2)+GX56,0) -> 0 | GR56: 0 | GS56: 3 | GT56: 0 | GV56: =ROUND(GT56,2) -> 0 | GW56: 1 | GX56: =ROUND(GV56*GW56*I56,2) -> 0 | HA56: 0 | HB56: 0 | IK56: 0
A57: 17 | B57: 1 | C57: =ROW(SmtRes!A78) -> 78 | D57: =ROW(EtalonRes!A82) -> 82 | E57: 11 | F57: 67-4-4 | G57: Демонтаж бра, плафонов | H57: 100 ШТ | I57: =ROUND(7/100,9) -> 0.07 | J57: 0 | O57: =ROUND(CP57,2) -> 39.15 | P57: =ROUND(CQ57*I57,2) -> 0 | Q57: =ROUND(CR57*I57,2) -> 0.43 | R57: =ROUND(CS57*I57,2) -> 0.19 | S57: =ROUND(CT57*I57,2) -> 38.72 | T57: =ROUND(CU57*I57,2) -> 0 | U57: =CV57*I57 -> 0.7567 | V57: =CW57*I57 -> 0.0021 | W57: =ROUND(CX57*I57,2) -> 0 | X57: =ROUND(CY57,2) -> 33.07 | Y57: =ROUND(CZ57,2) -> 25.29 | AA57: 16697019 | AB57: =ROUND((AC57+AD57+AF57),2) -> 85.26 | AC57: =ROUND((ES57),2) -> 0 | AD57: =ROUND((((ET57)-(EU57))+AE57),2) -> 0.94 | AE57: =ROUND((EU57),2) -> 0.41 | AF57: =ROUND((EV57),2) -> 84.32 | AG57: =ROUND((AP57),2) -> 0 | AH57: =(EW57) -> 10.81 | AI57: =(EX57) -> 0.03 | AJ57: =ROUND((AS57),2) -> 0 | AK57: 85.26 | AL57: 0 | AM57: 0.94 | AN57: 0.41 | AO57: 84.32 | AP57: 0 | AQ57: 10.81 | AR57: 0.03 | AS57: 0 | AT57: 85 | AU57: 65 | AV57: 1 | AW57: 1 | AZ57: 6.56 | BA57: 6.56 | BB57: 6.56 | BC57: 6.56 | BH57: 0 | BI57: 1 | BJ57: ФЕРр-2001, 67-4-4, приказ Минстроя России №1039/пр от 30.12.2016г. | BM57: 67001 | BN57: 0 | BP57: 0 | BQ57: 6 | BR57: 0 | BS57: 6.56 | BT57: 1 | BU57: 1 | BV57: 1 | BW57: 1 | BX57: 1 | BZ57: 85 | CA57: 65 | CF57: 0 | CG57: 0 | CM57: 0 | CO57: 0 | CP57: =(P57+Q57+S57) -> 39.15 | CQ57: =AC57*BC57 -> 0 | CR57: =AD57*BB57 -> 6.1664 | CS57: =AE57*BS57 -> 2.6896 | CT57: =AF57*BA57 -> 553.1392 | CU57: =AG57 -> 0 | CV57: =AH57 -> 10.81 | CW57: =AI57 -> 0.03 | CX57: =AJ57 -> 0 | CY57: =(((S57+R57)*AT57)/100) -> 33.0735 | CZ57: =(((S57+R57)*AU57)/100) -> 25.2915 | DN57: 0 | DO57: 0 | DP57: 1 | DQ57: 1 | DU57: 1013 | DV57: 100 ШТ | DW57: 100 ШТ | DX57: 1 | EE57: 16510612 | EF57: 6 | EG57: Ремонтно-строительные работы | EH57: 0 | EJ57: 1 | EK57: 67001 | EL57: Электромонтажные работы | EM57: рФЕР-67 | EQ57: 131072 | ER57: 85.26 | ES57: 0 | ET57: 0.94 | EU57: 0.41 | EV57: 84.32 | EW57: 10.81 | EX57: 0.03 | EY57: 0 | FQ57: 0 | FR57: =ROUND(IF(AND(BH57=3,BI57=3),P57,0),2) -> 0 | FS57: 0 | FX57: 85 | FY57: 65 | GD57: 0 | GF57: 956926288 | GG57: 1 | GH57: 1 | GI57: 4 | GJ57: 0 | GK57: =ROUND(R57*(S12)/100,2) -> 0 | GL57: =ROUND(IF(AND(BH57=3,BI57=3,FS57<>0),P57,0),2) -> 0 | GM57: =ROUND(O57+X57+Y57+GK57,2)+GX57 -> 97.51 | GN57: =IF(OR(BI57=0,BI57=1),ROUND(O57+X57+Y57+GK57,2),0) -> 97.51 | GO57: =IF(BI57=2,ROUND(O57+X57+Y57+GK57,2),0) -> 0 | GP57: =IF(BI57=4,ROUND(O57+X57+Y57+GK57,2)+GX57,0) -> 0 | GR57: 0 | GS57: 3 | GT57: 0 | GV57: =ROUND(GT57,2) -> 0 | GW57: 1 | GX57: =ROUND(GV57*GW57*I57,2) -> 0 | HA57: 0 | HB57: 0 | IK57: 0
A58: 17 | B58: 1 | C58: =ROW(SmtRes!A81) -> 81 | D58: =ROW(EtalonRes!A85) -> 85 | E58: 12 | F58: 67-3-1 | G58: Демонтаж кабеля | H58: 100 м | I58: =ROUND(713.2/100,9) -> 7.132 | J58: 0 | O58: =ROUND(CP58,2) -> 538.47 | P58: =ROUND(CQ58*I58,2) -> 0 | Q58: =ROUND(CR58*I58,2) -> 2.21 | R58: =ROUND(CS58*I58,2) -> 1 | S58: =ROUND(CT58*I58,2) -> 536.26 | T58: =ROUND(CU58*I58,2) -> 0 | U58: =CV58*I58 -> 68.75248 | V58: =CW58*I58 -> 0.07132 | W58: =ROUND(CX58*I58,2) -> 0 | X58: =ROUND(CY58,2) -> 456.67 | Y58: =ROUND(CZ58,2) -> 349.22 | AA58: 16697018 | AB58: =ROUND((AC58+AD58+AF58),2) -> 75.5 | AC58: =ROUND((ES58),2) -> 0 | AD58: =ROUND((((ET58)-(EU58))+AE58),2) -> 0.31 | AE58: =ROUND((EU58),2) -> 0.14 | AF58: =ROUND((EV58),2) -> 75.19 | AG58: =ROUND((AP58),2) -> 0 | AH58: =(EW58) -> 9.64 | AI58: =(EX58) -> 0.01 | AJ58: =ROUND((AS58),2) -> 0 | AK58: 75.5 | AL58: 0 | AM58: 0.31 | AN58: 0.14 | AO58: 75.19 | AP58: 0 | AQ58: 9.64 | AR58: 0.01 | AS58: 0 | AT58: 85 | AU58: 65 | AV58: 1 | AW58: 1 | AZ58: 1 | BA58: 1 | BB58: 1 | BC58: 1 | BH58: 0 | BI58: 1 | BJ58: ФЕРр-2001, 67-3-1, приказ Минстроя России №1039/пр от 30.12.2016г. | BM58: 67001 | BN58: 0 | BP58: 0 | BQ58: 6 | BR58: 0 | BS58: 1 | BT58: 1 | BU58: 1 | BV58: 1 | BW58: 1 | BX58: 1 | BZ58: 85 | CA58: 65 | CF58: 0 | CG58: 0 | CM58: 0 | CO58: 0 | CP58: =(P58+Q58+S58) -> 538.47 | CQ58: =AC58*BC58 -> 0 | CR58: =AD58*BB58 -> 0.31 | CS58: =AE58*BS58 -> 0.14 | CT58: =AF58*BA58 -> 75.19 | CU58: =AG58 -> 0 | CV58: =AH58 -> 9.64 | CW58: =AI58 -> 0.01 | CX58: =AJ58 -> 0 | CY58: =(((S58+R58)*AT58)/100) -> 456.671 | CZ58: =(((S58+R58)*AU58)/100) -> 349.219 | DN58: 0 | DO58: 0 | DP58: 1 | DQ58: 1 | DU58: 1003 | DV58: 100 м | DW58: 100 м | DX58: 100 | EE58: 16510612 | EF58: 6 | EG58: Ремонтно-строительные работы | EH58: 0 | EJ58: 1 | EK58: 67001 | EL58: Электромонтажные работы | EM58: рФЕР-67 | EQ58: 131072 | ER58: 75.5 | ES58: 0 | ET58: 0.31 | EU58: 0.14 | EV58: 75.19 | EW58: 9.64 | EX58: 0.01 | EY58: 0 | FQ58: 0 | FR58: =ROUND(IF(AND(BH58=3,BI58=3),P58,0),2) -> 0 | FS58: 0 | FX58: 85 | FY58: 65 | GD58: 0 | GF58: 994189354 | GG58: 2 | GH58: 1 | GI58: -2 | GJ58: 0 | GK58: =ROUND(R58*(R12)/100,2) -> 0 | GL58: =ROUND(IF(AND(BH58=3,BI58=3,FS58<>0),P58,0),2) -> 0 | GM58: =ROUND(O58+X58+Y58+GK58,2)+GX58 -> 1344.36 | GN58: =IF(OR(BI58=0,BI58=1),ROUND(O58+X58+Y58+GK58,2),0) -> 1344.36 | GO58: =IF(BI58=2,ROUND(O58+X58+Y58+GK58,2),0) -> 0 | GP58: =IF(BI58=4,ROUND(O58+X58+Y58+GK58,2)+GX58,0) -> 0 | GR58: 0 | GS58: 3 | GT58: 0 | GV58: =ROUND(GT58,2) -> 0 | GW58: 1 | GX58: =ROUND(GV58*GW58*I58,2) -> 0 | HA58: 0 | HB58: 0 | IK58: 0
A59: 17 | B59: 1 | C59: =ROW(SmtRes!A84) -> 84 | D59: =ROW(EtalonRes!A88) -> 88 | E59: 12 | F59: 67-3-1 | G59: Демонтаж кабеля | H59: 100 м | I59: =ROUND(713.2/100,9) -> 7.132 | J59: 0 | O59: =ROUND(CP59,2) -> 3532.33 | P59: =ROUND(CQ59*I59,2) -> 0 | Q59: =ROUND(CR59*I59,2) -> 14.5 | R59: =ROUND(CS59*I59,2) -> 6.55 | S59: =ROUND(CT59*I59,2) -> 3517.83 | T59: =ROUND(CU59*I59,2) -> 0 | U59: =CV59*I59 -> 68.75248 | V59: =CW59*I59 -> 0.07132 | W59: =ROUND(CX59*I59,2) -> 0 | X59: =ROUND(CY59,2) -> 2995.72 | Y59: =ROUND(CZ59,2) -> 2290.85 | AA59: 16697019 | AB59: =ROUND((AC59+AD59+AF59),2) -> 75.5 | AC59: =ROUND((ES59),2) -> 0 | AD59: =ROUND((((ET59)-(EU59))+AE59),2) -> 0.31 | AE59: =ROUND((EU59),2) -> 0.14 | AF59: =ROUND((EV59),2) -> 75.19 | AG59: =ROUND((AP59),2) -> 0 | AH59: =(EW59) -> 9.64 | AI59: =(EX59) -> 0.01 | AJ59: =ROUND((AS59),2) -> 0 | AK59: 75.5 | AL59: 0 | AM59: 0.31 | AN59: 0.14 | AO59: 75.19 | AP59: 0 | AQ59: 9.64 | AR59: 0.01 | AS59: 0 | AT59: 85 | AU59: 65 | AV59: 1 | AW59: 1 | AZ59: 6.56 | BA59: 6.56 | BB59: 6.56 | BC59: 6.56 | BH59: 0 | BI59: 1 | BJ59: ФЕРр-2001, 67-3-1, приказ Минстроя России №1039/пр от 30.12.2016г. | BM59: 67001 | BN59: 0 | BP59: 0 | BQ59: 6 | BR59: 0 | BS59: 6.56 | BT59: 1 | BU59: 1 | BV59: 1 | BW59: 1 | BX59: 1 | BZ59: 85 | CA59: 65 | CF59: 0 | CG59: 0 | CM59: 0 | CO59: 0 | CP59: =(P59+Q59+S59) -> 3532.33 | CQ59: =AC59*BC59 -> 0 | CR59: =AD59*BB59 -> 2.0336 | CS59: =AE59*BS59 -> 0.9184 | CT59: =AF59*BA59 -> 493.2464 | CU59: =AG59 -> 0 | CV59: =AH59 -> 9.64 | CW59: =AI59 -> 0.01 | CX59: =AJ59 -> 0 | CY59: =(((S59+R59)*AT59)/100) -> 2995.723 | CZ59: =(((S59+R59)*AU59)/100) -> 2290.847 | DN59: 0 | DO59: 0 | DP59: 1 | DQ59: 1 | DU59: 1003 | DV59: 100 м | DW59: 100 м | DX59: 100 | EE59: 16510612 | EF59: 6 | EG59: Ремонтно-строительные работы | EH59: 0 | EJ59: 1 | EK59: 67001 | EL59: Электромонтажные работы | EM59: рФЕР-67 | EQ59: 131072 | ER59: 75.5 | ES59: 0 | ET59: 0.31 | EU59: 0.14 | EV59: 75.19 | EW59: 9.64 | EX59: 0.01 | EY59: 0 | FQ59: 0 | FR59: =ROUND(IF(AND(BH59=3,BI59=3),P59,0),2) -> 0 | FS59: 0 | FX59: 85 | FY59: 65 | GD59: 0 | GF59: 994189354 | GG59: 1 | GH59: 1 | GI59: 4 | GJ59: 0 | GK59: =ROUND(R59*(S12)/100,2) -> 0 | GL59: =ROUND(IF(AND(BH59=3,BI59=3,FS59<>0),P59,0),2) -> 0 | GM59: =ROUND(O59+X59+Y59+GK59,2)+GX59 -> 8818.9 | GN59: =IF(OR(BI59=0,BI59=1),ROUND(O59+X59+Y59+GK59,2),0) -> 8818.9 | GO59: =IF(BI59=2,ROUND(O59+X59+Y59+GK59,2),0) -> 0 | GP59: =IF(BI59=4,ROUND(O59+X59+Y59+GK59,2)+GX59,0) -> 0 | GR59: 0 | GS59: 3 | GT59: 0 | GV59: =ROUND(GT59,2) -> 0 | GW59: 1 | GX59: =ROUND(GV59*GW59*I59,2) -> 0 | HA59: 0 | HB59: 0 | IK59: 0
A60: 17 | B60: 1 | C60: =ROW(SmtRes!A85) -> 85 | D60: =ROW(EtalonRes!A89) -> 89 | E60: 13 | F60: 67-4-1 | G60: Демонтаж выключателей, розеток | H60: 100 ШТ | I60: =ROUND((36+20)/100,9) -> 0.56 | J60: 0 | O60: =ROUND(CP60,2) -> 25.51 | P60: =ROUND(CQ60*I60,2) -> 0 | Q60: =ROUND(CR60*I60,2) -> 0 | R60: =ROUND(CS60*I60,2) -> 0 | S60: =ROUND(CT60*I60,2) -> 25.51 | T60: =ROUND(CU60*I60,2) -> 0 | U60: =CV60*I60 -> 3.2704 | V60: =CW60*I60 -> 0 | W60: =ROUND(CX60*I60,2) -> 0 | X60: =ROUND(CY60,2) -> 21.68 | Y60: =ROUND(CZ60,2) -> 16.58 | AA60: 16697018 | AB60: =ROUND((AC60+AD60+AF60),2) -> 45.55 | AC60: =ROUND((ES60),2) -> 0 | AD60: =ROUND((((ET60)-(EU60))+AE60),2) -> 0 | AE60: =ROUND((EU60),2) -> 0 | AF60: =ROUND((EV60),2) -> 45.55 | AG60: =ROUND((AP60),2) -> 0 | AH60: =(EW60) -> 5.84 | AI60: =(EX60) -> 0 | AJ60: =ROUND((AS60),2) -> 0 | AK60: 45.55 | AL60: 0 | AM60: 0 | AN60: 0 | AO60: 45.55 | AP60: 0 | AQ60: 5.84 | AR60: 0 | AS60: 0 | AT60: 85 | AU60: 65 | AV60: 1 | AW60: 1 | AZ60: 1 | BA60: 1 | BB60: 1 | BC60: 1 | BH60: 0 | BI60: 1 | BJ60: ФЕРр-2001, 67-4-1, приказ Минстроя России №1039/пр от 30.12.2016г. | BM60: 67001 | BN60: 0 | BP60: 0 | BQ60: 6 | BR60: 0 | BS60: 1 | BT60: 1 | BU60: 1 | BV60: 1 | BW60: 1 | BX60: 1 | BZ60: 85 | CA60: 65 | CF60: 0 | CG60: 0 | CM60: 0 | CO60: 0 | CP60: =(P60+Q60+S60) -> 25.51 | CQ60: =AC60*BC60 -> 0 | CR60: =AD60*BB60 -> 0 | CS60: =AE60*BS60 -> 0 | CT60: =AF60*BA60 -> 45.55 | CU60: =AG60 -> 0 | CV60: =AH60 -> 5.84 | CW60: =AI60 -> 0 | CX60: =AJ60 -> 0 | CY60: =(((S60+R60)*AT60)/100) -> 21.6835 | CZ60: =(((S60+R60)*AU60)/100) -> 16.5815 | DN60: 0 | DO60: 0 | DP60: 1 | DQ60: 1 | DU60: 1013 | DV60: 100 ШТ | DW60: 100 ШТ | DX60: 1 | EE60: 16510612 | EF60: 6 | EG60: Ремонтно-строительные работы | EH60: 0 | EJ60: 1 | EK60: 67001 | EL60: Электромонтажные работы | EM60: рФЕР-67 | EQ60: 131072 | ER60: 45.55 | ES60: 0 | ET60: 0 | EU60: 0 | EV60: 45.55 | EW60: 5.84 | EX60: 0 | EY60: 0 | FQ60: 0 | FR60: =ROUND(IF(AND(BH60=3,BI60=3),P60,0),2) -> 0 | FS60: 0 | FX60: 85 | FY60: 65 | GD60: 0 | GF60: -729058478 | GG60: 2 | GH60: 1 | GI60: -2 | GJ60: 0 | GK60: =ROUND(R60*(R12)/100,2) -> 0 | GL60: =ROUND(IF(AND(BH60=3,BI60=3,FS60<>0),P60,0),2) -> 0 | GM60: =ROUND(O60+X60+Y60+GK60,2)+GX60 -> 63.77 | GN60: =IF(OR(BI60=0,BI60=1),ROUND(O60+X60+Y60+GK60,2),0) -> 63.77 | GO60: =IF(BI60=2,ROUND(O60+X60+Y60+GK60,2),0) -> 0 | GP60: =IF(BI60=4,ROUND(O60+X60+Y60+GK60,2)+GX60,0) -> 0 | GR60: 0 | GS60: 3 | GT60: 0 | GV60: =ROUND(GT60,2) -> 0 | GW60: 1 | GX60: =ROUND(GV60*GW60*I60,2) -> 0 | HA60: 0 | HB60: 0 | IK60: 0
A61: 17 | B61: 1 | C61: =ROW(SmtRes!A86) -> 86 | D61: =ROW(EtalonRes!A90) -> 90 | E61: 13 | F61: 67-4-1 | G61: Демонтаж выключателей, розеток | H61: 100 ШТ | I61: =ROUND((36+20)/100,9) -> 0.56 | J61: 0 | O61: =ROUND(CP61,2) -> 167.33 | P61: =ROUND(CQ61*I61,2) -> 0 | Q61: =ROUND(CR61*I61,2) -> 0 | R61: =ROUND(CS61*I61,2) -> 0 | S61: =ROUND(CT61*I61,2) -> 167.33 | T61: =ROUND(CU61*I61,2) -> 0 | U61: =CV61*I61 -> 3.2704 | V61: =CW61*I61 -> 0 | W61: =ROUND(CX61*I61,2) -> 0 | X61: =ROUND(CY61,2) -> 142.23 | Y61: =ROUND(CZ61,2) -> 108.76 | AA61: 16697019 | AB61: =ROUND((AC61+AD61+AF61),2) -> 45.55 | AC61: =ROUND((ES61),2) -> 0 | AD61: =ROUND((((ET61)-(EU61))+AE61),2) -> 0 | AE61: =ROUND((EU61),2) -> 0 | AF61: =ROUND((EV61),2) -> 45.55 | AG61: =ROUND((AP61),2) -> 0 | AH61: =(EW61) -> 5.84 | AI61: =(EX61) -> 0 | AJ61: =ROUND((AS61),2) -> 0 | AK61: 45.55 | AL61: 0 | AM61: 0 | AN61: 0 | AO61: 45.55 | AP61: 0 | AQ61: 5.84 | AR61: 0 | AS61: 0 | AT61: 85 | AU61: 65 | AV61: 1 | AW61: 1 | AZ61: 6.56 | BA61: 6.56 | BB61: 6.56 | BC61: 6.56 | BH61: 0 | BI61: 1 | BJ61: ФЕРр-2001, 67-4-1, приказ Минстроя России №1039/пр от 30.12.2016г. | BM61: 67001 | BN61: 0 | BP61: 0 | BQ61: 6 | BR61: 0 | BS61: 6.56 | BT61: 1 | BU61: 1 | BV61: 1 | BW61: 1 | BX61: 1 | BZ61: 85 | CA61: 65 | CF61: 0 | CG61: 0 | CM61: 0 | CO61: 0 | CP61: =(P61+Q61+S61) -> 167.33 | CQ61: =AC61*BC61 -> 0 | CR61: =AD61*BB61 -> 0 | CS61: =AE61*BS61 -> 0 | CT61: =AF61*BA61 -> 298.808 | CU61: =AG61 -> 0 | CV61: =AH61 -> 5.84 | CW61: =AI61 -> 0 | CX61: =AJ61 -> 0 | CY61: =(((S61+R61)*AT61)/100) -> 142.2305 | CZ61: =(((S61+R61)*AU61)/100) -> 108.7645 | DN61: 0 | DO61: 0 | DP61: 1 | DQ61: 1 | DU61: 1013 | DV61: 100 ШТ | DW61: 100 ШТ | DX61: 1 | EE61: 16510612 | EF61: 6 | EG61: Ремонтно-строительные работы | EH61: 0 | EJ61: 1 | EK61: 67001 | EL61: Электромонтажные работы | EM61: рФЕР-67 | EQ61: 131072 | ER61: 45.55 | ES61: 0 | ET61: 0 | EU61: 0 | EV61: 45.55 | EW61: 5.84 | EX61: 0 | EY61: 0 | FQ61: 0 | FR61: =ROUND(IF(AND(BH61=3,BI61=3),P61,0),2) -> 0 | FS61: 0 | FX61: 85 | FY61: 65 | GD61: 0 | GF61: -729058478 | GG61: 1 | GH61: 1 | GI61: 4 | GJ61: 0 | GK61: =ROUND(R61*(S12)/100,2) -> 0 | GL61: =ROUND(IF(AND(BH61=3,BI61=3,FS61<>0),P61,0),2) -> 0 | GM61: =ROUND(O61+X61+Y61+GK61,2)+GX61 -> 418.32 | GN61: =IF(OR(BI61=0,BI61=1),ROUND(O61+X61+Y61+GK61,2),0) -> 418.32 | GO61: =IF(BI61=2,ROUND(O61+X61+Y61+GK61,2),0) -> 0 | GP61: =IF(BI61=4,ROUND(O61+X61+Y61+GK61,2)+GX61,0) -> 0 | GR61: 0 | GS61: 3 | GT61: 0 | GV61: =ROUND(GT61,2) -> 0 | GW61: 1 | GX61: =ROUND(GV61*GW61*I61,2) -> 0 | HA61: 0 | HB61: 0 | IK61: 0
A62: 17 | B62: 1 | C62: =ROW(SmtRes!A89) -> 89 | D62: =ROW(EtalonRes!A93) -> 93 | E62: 14 | F62: 65-31-1 | G62: Демонтаж осевых вентиляторов весом до 0,05 т | H62: 100 ШТ | I62: =ROUND(1/100,9) -> 0.01 | J62: 0 | O62: =ROUND(CP62,2) -> 48.65 | P62: =ROUND(CQ62*I62,2) -> 0 | Q62: =ROUND(CR62*I62,2) -> 0.23 | R62: =ROUND(CS62*I62,2) -> 0.1 | S62: =ROUND(CT62*I62,2) -> 48.42 | T62: =ROUND(CU62*I62,2) -> 0 | U62: =CV62*I62 -> 5.677 | V62: =CW62*I62 -> 0.0075 | W62: =ROUND(CX62*I62,2) -> 0 | X62: =ROUND(CY62,2) -> 35.9 | Y62: =ROUND(CZ62,2) -> 24.26 | AA62: 16697018 | AB62: =ROUND((AC62+AD62+AF62),2) -> 4865.93 | AC62: =ROUND((ES62),2) -> 0 | AD62: =ROUND((((ET62)-(EU62))+AE62),2) -> 23.45 | AE62: =ROUND((EU62),2) -> 10.13 | AF62: =ROUND((EV62),2) -> 4842.48 | AG62: =ROUND((AP62),2) -> 0 | AH62: =(EW62) -> 567.7 | AI62: =(EX62) -> 0.75 | AJ62: =ROUND((AS62),2) -> 0 | AK62: 4865.93 | AL62: 0 | AM62: 23.45 | AN62: 10.13 | AO62: 4842.48 | AP62: 0 | AQ62: 567.7 | AR62: 0.75 | AS62: 0 | AT62: 74 | AU62: 50 | AV62: 1 | AW62: 1 | AZ62: 1 | BA62: 1 | BB62: 1 | BC62: 1 | BH62: 0 | BI62: 1 | BJ62: ФЕРр-2001, 65-31-1, приказ Минстроя России №1039/пр от 30.12.2016г. | BM62: 65005 | BN62: 0 | BP62: 0 | BQ62: 6 | BR62: 0 | BS62: 1 | BT62: 1 | BU62: 1 | BV62: 1 | BW62: 1 | BX62: 1 | BZ62: 74 | CA62: 50 | CF62: 0 | CG62: 0 | CM62: 0 | CO62: 0 | CP62: =(P62+Q62+S62) -> 48.65 | CQ62: =AC62*BC62 -> 0 | CR62: =AD62*BB62 -> 23.45 | CS62: =AE62*BS62 -> 10.13 | CT62: =AF62*BA62 -> 4842.48 | CU62: =AG62 -> 0 | CV62: =AH62 -> 567.7 | CW62: =AI62 -> 0.75 | CX62: =AJ62 -> 0 | CY62: =(((S62+R62)*AT62)/100) -> 35.9048 | CZ62: =(((S62+R62)*AU62)/100) -> 24.26 | DN62: 0 | DO62: 0 | DP62: 1 | DQ62: 1 | DU62: 1013 | DV62: 100 ШТ | DW62: 100 ШТ | DX62: 1 | EE62: 16510584 | EF62: 6 | EG62: Ремонтно-строительные работы | EH62: 0 | EJ62: 1 | EK62: 65005 | EL62: Внтуренниие с/техработы: демонтаж, разборка, промывка | EM62: рФЕР-65 | EQ62: 131072 | ER62: 4865.93 | ES62: 0 | ET62: 23.45 | EU62: 10.13 | EV62: 4842.48 | EW62: 567.7 | EX62: 0.75 | EY62: 0 | FQ62: 0 | FR62: =ROUND(IF(AND(BH62=3,BI62=3),P62,0),2) -> 0 | FS62: 0 | FX62: 74 | FY62: 50 | GD62: 0 | GF62: 2018875729 | GG62: 2 | GH62: 1 | GI62: -2 | GJ62: 0 | GK62: =ROUND(R62*(R12)/100,2) -> 0 | GL62: =ROUND(IF(AND(BH62=3,BI62=3,FS62<>0),P62,0),2) -> 0 | GM62: =ROUND(O62+X62+Y62+GK62,2)+GX62 -> 108.81 | GN62: =IF(OR(BI62=0,BI62=1),ROUND(O62+X62+Y62+GK62,2),0) -> 108.81 | GO62: =IF(BI62=2,ROUND(O62+X62+Y62+GK62,2),0) -> 0 | GP62: =IF(BI62=4,ROUND(O62+X62+Y62+GK62,2)+GX62,0) -> 0 | GR62: 0 | GS62: 3 | GT62: 0 | GV62: =ROUND(GT62,2) -> 0 | GW62: 1 | GX62: =ROUND(GV62*GW62*I62,2) -> 0 | HA62: 0 | HB62: 0 | IK62: 0
A63: 17 | B63: 1 | C63: =ROW(SmtRes!A92) -> 92 | D63: =ROW(EtalonRes!A96) -> 96 | E63: 14 | F63: 65-31-1 | G63: Демонтаж осевых вентиляторов весом до 0,05 т | H63: 100 ШТ | I63: =ROUND(1/100,9) -> 0.01 | J63: 0 | O63: =ROUND(CP63,2) -> 319.21 | P63: =ROUND(CQ63*I63,2) -> 0 | Q63: =ROUND(CR63*I63,2) -> 1.54 | R63: =ROUND(CS63*I63,2) -> 0.66 | S63: =ROUND(CT63*I63,2) -> 317.67 | T63: =ROUND(CU63*I63,2) -> 0 | U63: =CV63*I63 -> 5.677 | V63: =CW63*I63 -> 0.0075 | W63: =ROUND(CX63*I63,2) -> 0 | X63: =ROUND(CY63,2) -> 235.56 | Y63: =ROUND(CZ63,2) -> 159.17 | AA63: 16697019 | AB63: =ROUND((AC63+AD63+AF63),2) -> 4865.93 | AC63: =ROUND((ES63),2) -> 0 | AD63: =ROUND((((ET63)-(EU63))+AE63),2) -> 23.45 | AE63: =ROUND((EU63),2) -> 10.13 | AF63: =ROUND((EV63),2) -> 4842.48 | AG63: =ROUND((AP63),2) -> 0 | AH63: =(EW63) -> 567.7 | AI63: =(EX63) -> 0.75 | AJ63: =ROUND((AS63),2) -> 0 | AK63: 4865.93 | AL63: 0 | AM63: 23.45 | AN63: 10.13 | AO63: 4842.48 | AP63: 0 | AQ63: 567.7 | AR63: 0.75 | AS63: 0 | AT63: 74 | AU63: 50 | AV63: 1 | AW63: 1 | AZ63: 6.56 | BA63: 6.56 | BB63: 6.56 | BC63: 6.56 | BH63: 0 | BI63: 1 | BJ63: ФЕРр-2001, 65-31-1, приказ Минстроя России №1039/пр от 30.12.2016г. | BM63: 65005 | BN63: 0 | BP63: 0 | BQ63: 6 | BR63: 0 | BS63: 6.56 | BT63: 1 | BU63: 1 | BV63: 1 | BW63: 1 | BX63: 1 | BZ63: 74 | CA63: 50 | CF63: 0 | CG63: 0 | CM63: 0 | CO63: 0 | CP63: =(P63+Q63+S63) -> 319.21 | CQ63: =AC63*BC63 -> 0 | CR63: =AD63*BB63 -> 153.832 | CS63: =AE63*BS63 -> 66.4528 | CT63: =AF63*BA63 -> 31766.669 | CU63: =AG63 -> 0 | CV63: =AH63 -> 567.7 | CW63: =AI63 -> 0.75 | CX63: =AJ63 -> 0 | CY63: =(((S63+R63)*AT63)/100) -> 235.5642 | CZ63: =(((S63+R63)*AU63)/100) -> 159.165 | DN63: 0 | DO63: 0 | DP63: 1 | DQ63: 1 | DU63: 1013 | DV63: 100 ШТ | DW63: 100 ШТ | DX63: 1 | EE63: 16510584 | EF63: 6 | EG63: Ремонтно-строительные работы | EH63: 0 | EJ63: 1 | EK63: 65005 | EL63: Внтуренниие с/техработы: демонтаж, разборка, промывка | EM63: рФЕР-65 | EQ63: 131072 | ER63: 4865.93 | ES63: 0 | ET63: 23.45 | EU63: 10.13 | EV63: 4842.48 | EW63: 567.7 | EX63: 0.75 | EY63: 0 | FQ63: 0 | FR63: =ROUND(IF(AND(BH63=3,BI63=3),P63,0),2) -> 0 | FS63: 0 | FX63: 74 | FY63: 50 | GD63: 0 | GF63: 2018875729 | GG63: 1 | GH63: 1 | GI63: 4 | GJ63: 0 | GK63: =ROUND(R63*(S12)/100,2) -> 0 | GL63: =ROUND(IF(AND(BH63=3,BI63=3,FS63<>0),P63,0),2) -> 0 | GM63: =ROUND(O63+X63+Y63+GK63,2)+GX63 -> 713.94 | GN63: =IF(OR(BI63=0,BI63=1),ROUND(O63+X63+Y63+GK63,2),0) -> 713.94 | GO63: =IF(BI63=2,ROUND(O63+X63+Y63+GK63,2),0) -> 0 | GP63: =IF(BI63=4,ROUND(O63+X63+Y63+GK63,2)+GX63,0) -> 0 | GR63: 0 | GS63: 3 | GT63: 0 | GV63: =ROUND(GT63,2) -> 0 | GW63: 1 | GX63: =ROUND(GV63*GW63*I63,2) -> 0 | HA63: 0 | HB63: 0 | IK63: 0
A64: 17 | B64: 1 | C64: =ROW(SmtRes!A105) -> 105 | D64: =ROW(EtalonRes!A109) -> 109 | E64: 15 | F64: м08-03-599-12 | G64: Демонтаж. Щитки осветительные, устанавливаемые на стене болтами на конструкции, масса щитка до 6 кг прим. | H64: ШТ | I64: 4 | J64: 0 | O64: =ROUND(CP64,2) -> 38.48 | P64: =ROUND(CQ64*I64,2) -> 0 | Q64: =ROUND(CR64*I64,2) -> 6 | R64: =ROUND(CS64*I64,2) -> 0.76 | S64: =ROUND(CT64*I64,2) -> 32.48 | T64: =ROUND(CU64*I64,2) -> 0 | U64: =CV64*I64 -> 3.276 | V64: =CW64*I64 -> 0.06 | W64: =ROUND(CX64*I64,2) -> 0 | X64: =ROUND(CY64,2) -> 31.58 | Y64: =ROUND(CZ64,2) -> 21.61 | AA64: 16697018 | AB64: =ROUND((AC64+AD64+AF64),2) -> 9.62 | AC64: =ROUND(((ES64*0)),2) -> 0 | AD64: =ROUND(((((ET64*0.3))-((EU64*0.3)))+AE64),2) -> 1.5 | AE64: =ROUND(((EU64*0.3)),2) -> 0.19 | AF64: =ROUND(((EV64*0.3)),2) -> 8.12 | AG64: =ROUND((AP64),2) -> 0 | AH64: =((EW64*0.3)) -> 0.819 | AI64: =((EX64*0.3)) -> 0.015 | AJ64: =ROUND((AS64),2) -> 0 | AK64: 78.92 | AL64: 46.85 | AM64: 4.99 | AN64: 0.64 | AO64: 27.08 | AP64: 0 | AQ64: 2.73 | AR64: 0.05 | AS64: 0 | AT64: 95 | AU64: 65 | AV64: 1 | AW64: 1 | AZ64: 1 | BA64: 1 | BB64: 1 | BC64: 1 | BH64: 0 | BI64: 2 | BJ64: ФЕРм-2001, м08-03-599-12, приказ Минстроя России №1039/пр от 30.12.2016г. | BM64: 108001 | BN64: 0 | BP64: 0 | BQ64: 3 | BR64: 0 | BS64: 1 | BT64: 1 | BU64: 1 | BV64: 1 | BW64: 1 | BX64: 1 | BZ64: 95 | CA64: 65 | CF64: 0 | CG64: 0 | CM64: 0 | CN64: Поправка: МДС 81-37.2004, п.3.2.1.4 Наименование: Для оборудования легковесного, габаритного, поступающего на стройку в собранном виде, при монтаже которого отсутствуют работы по сварке, демонтаж при условии что оборудование не подлежит дальнейшему использованию (предназначено в лом) без разборки и резки | CO64: 0 | CP64: =(P64+Q64+S64) -> 38.48 | CQ64: =AC64*BC64 -> 0 | CR64: =AD64*BB64 -> 1.5 | CS64: =AE64*BS64 -> 0.19 | CT64: =AF64*BA64 -> 8.12 | CU64: =AG64 -> 0 | CV64: =AH64 -> 0.819 | CW64: =AI64 -> 0.015 | CX64: =AJ64 -> 0 | CY64: =(((S64+R64)*AT64)/100) -> 31.578 | CZ64: =(((S64+R64)*AU64)/100) -> 21.606 | DD64: )*0 | DE64: )*0,3 | DF64: )*0,3 | DG64: )*0,3 | DI64: )*0,3 | DJ64: )*0,3 | DN64: 0 | DO64: 0 | DP64: 1 | DQ64: 1 | DU64: 1013 | DV64: ШТ | DW64: ШТ | DX64: 1 | EE64: 16510370 | EF64: 3 | EG64: Монтажные работы | EH64: 0 | EJ64: 2 | EK64: 108001 | EL64: Электромонтажные работы , отдел 01-03 : ( на АЭС НР = 110% ) - (работы по упр. авиа.- движением: СП=55% ( {АВИА}=1; обычные работы : СП=65 - {AВИА}=0), при работе на АЭС СП= 68% ) | EM64: мФЕР-08 | EO64: Поправка: МДС 81-37.2004, п.3.2.1.4 | EQ64: 131072 | ER64: 78.92 | ES64: 46.85 | ET64: 4.99 | EU64: 0.64 | EV64: 27.08 | EW64: 2.73 | EX64: 0.05 | EY64: 0 | FQ64: 0 | FR64: =ROUND(IF(AND(BH64=3,BI64=3),P64,0),2) -> 0 | FS64: 0 | FX64: 95 | FY64: 65 | GD64: 0 | GF64: 241844528 | GG64: 2 | GH64: 1 | GI64: -2 | GJ64: 0 | GK64: =ROUND(R64*(R12)/100,2) -> 0 | GL64: =ROUND(IF(AND(BH64=3,BI64=3,FS64<>0),P64,0),2) -> 0 | GM64: =ROUND(O64+X64+Y64+GK64,2)+GX64 -> 91.67 | GN64: =IF(OR(BI64=0,BI64=1),ROUND(O64+X64+Y64+GK64,2),0) -> 0 | GO64: =IF(BI64=2,ROUND(O64+X64+Y64+GK64,2),0) -> 91.67 | GP64: =IF(BI64=4,ROUND(O64+X64+Y64+GK64,2)+GX64,0) -> 0 | GR64: 0 | GS64: 3 | GT64: 0 | GV64: =ROUND(GT64,2) -> 0 | GW64: 1 | GX64: =ROUND(GV64*GW64*I64,2) -> 0 | HA64: 0 | HB64: 0 | IK64: 0
A65: 17 | B65: 1 | C65: =ROW(SmtRes!A118) -> 118 | D65: =ROW(EtalonRes!A122) -> 122 | E65: 15 | F65: м08-03-599-12 | G65: Демонтаж. Щитки осветительные, устанавливаемые на стене болтами на конструкции, масса щитка до 6 кг прим. | H65: ШТ | I65: 4 | J65: 0 | O65: =ROUND(CP65,2) -> 252.43 | P65: =ROUND(CQ65*I65,2) -> 0 | Q65: =ROUND(CR65*I65,2) -> 39.36 | R65: =ROUND(CS65*I65,2) -> 4.99 | S65: =ROUND(CT65*I65,2) -> 213.07 | T65: =ROUND(CU65*I65,2) -> 0 | U65: =CV65*I65 -> 3.276 | V65: =CW65*I65 -> 0.06 | W65: =ROUND(CX65*I65,2) -> 0 | X65: =ROUND(CY65,2) -> 207.16 | Y65: =ROUND(CZ65,2) -> 141.74 | AA65: 16697019 | AB65: =ROUND((AC65+AD65+AF65),2) -> 9.62 | AC65: =ROUND(((ES65*0)),2) -> 0 | AD65: =ROUND(((((ET65*0.3))-((EU65*0.3)))+AE65),2) -> 1.5 | AE65: =ROUND(((EU65*0.3)),2) -> 0.19 | AF65: =ROUND(((EV65*0.3)),2) -> 8.12 | AG65: =ROUND((AP65),2) -> 0 | AH65: =((EW65*0.3)) -> 0.819 | AI65: =((EX65*0.3)) -> 0.015 | AJ65: =ROUND((AS65),2) -> 0 | AK65: 78.92 | AL65: 46.85 | AM65: 4.99 | AN65: 0.64 | AO65: 27.08 | AP65: 0 | AQ65: 2.73 | AR65: 0.05 | AS65: 0 | AT65: 95 | AU65: 65 | AV65: 1 | AW65: 1 | AZ65: 6.56 | BA65: 6.56 | BB65: 6.56 | BC65: 6.56 | BH65: 0 | BI65: 2 | BJ65: ФЕРм-2001, м08-03-599-12, приказ Минстроя России №1039/пр от 30.12.2016г. | BM65: 108001 | BN65: 0 | BP65: 0 | BQ65: 3 | BR65: 0 | BS65: 6.56 | BT65: 1 | BU65: 1 | BV65: 1 | BW65: 1 | BX65: 1 | BZ65: 95 | CA65: 65 | CF65: 0 | CG65: 0 | CM65: 0 | CN65: Поправка: МДС 81-37.2004, п.3.2.1.4 Наименование: Для оборудования легковесного, габаритного, поступающего на стройку в собранном виде, при монтаже которого отсутствуют работы по сварке, демонтаж при условии что оборудование не подлежит дальнейшему использованию (предназначено в лом) без разборки и резки | CO65: 0 | CP65: =(P65+Q65+S65) -> 252.43 | CQ65: =AC65*BC65 -> 0 | CR65: =AD65*BB65 -> 9.84 | CS65: =AE65*BS65 -> 1.2464 | CT65: =AF65*BA65 -> 53.2672 | CU65: =AG65 -> 0 | CV65: =AH65 -> 0.819 | CW65: =AI65 -> 0.015 | CX65: =AJ65 -> 0 | CY65: =(((S65+R65)*AT65)/100) -> 207.157 | CZ65: =(((S65+R65)*AU65)/100) -> 141.739 | DD65: )*0 | DE65: )*0,3 | DF65: )*0,3 | DG65: )*0,3 | DI65: )*0,3 | DJ65: )*0,3 | DN65: 0 | DO65: 0 | DP65: 1 | DQ65: 1 | DU65: 1013 | DV65: ШТ | DW65: ШТ | DX65: 1 | EE65: 16510370 | EF65: 3 | EG65: Монтажные работы | EH65: 0 | EJ65: 2 | EK65: 108001 | EL65: Электромонтажные работы , отдел 01-03 : ( на АЭС НР = 110% ) - (работы по упр. авиа.- движением: СП=55% ( {АВИА}=1; обычные работы : СП=65 - {AВИА}=0), при работе на АЭС СП= 68% ) | EM65: мФЕР-08 | EO65: Поправка: МДС 81-37.2004, п.3.2.1.4 | EQ65: 131072 | ER65: 78.92 | ES65: 46.85 | ET65: 4.99 | EU65: 0.64 | EV65: 27.08 | EW65: 2.73 | EX65: 0.05 | EY65: 0 | FQ65: 0 | FR65: =ROUND(IF(AND(BH65=3,BI65=3),P65,0),2) -> 0 | FS65: 0 | FX65: 95 | FY65: 65 | GD65: 0 | GF65: 241844528 | GG65: 1 | GH65: 1 | GI65: 4 | GJ65: 0 | GK65: =ROUND(R65*(S12)/100,2) -> 0 | GL65: =ROUND(IF(AND(BH65=3,BI65=3,FS65<>0),P65,0),2) -> 0 | GM65: =ROUND(O65+X65+Y65+GK65,2)+GX65 -> 601.33 | GN65: =IF(OR(BI65=0,BI65=1),ROUND(O65+X65+Y65+GK65,2),0) -> 0 | GO65: =IF(BI65=2,ROUND(O65+X65+Y65+GK65,2),0) -> 601.33 | GP65: =IF(BI65=4,ROUND(O65+X65+Y65+GK65,2)+GX65,0) -> 0 | GR65: 0 | GS65: 3 | GT65: 0 | GV65: =ROUND(GT65,2) -> 0 | GW65: 1 | GX65: =ROUND(GV65*GW65*I65,2) -> 0 | HA65: 0 | HB65: 0 | IK65: 0
A66: 17 | B66: 1 | C66: =ROW(SmtRes!A119) -> 119 | D66: =ROW(EtalonRes!A123) -> 123 | E66: 16 | F66: 65-14-1 | G66: Разборка трубопроводов из водогазопроводных труб в зданиях и сооружениях на резьбе диаметром до 32 мм | H66: 100 м | I66: =ROUND((146+57)/100,9) -> 2.03 | J66: 0 | O66: =ROUND(CP66,2) -> 654.53 | P66: =ROUND(CQ66*I66,2) -> 0 | Q66: =ROUND(CR66*I66,2) -> 0 | R66: =ROUND(CS66*I66,2) -> 0 | S66: =ROUND(CT66*I66,2) -> 654.53 | T66: =ROUND(CU66*I66,2) -> 0 | U66: =CV66*I66 -> 76.734 | V66: =CW66*I66 -> 0 | W66: =ROUND(CX66*I66,2) -> 0 | X66: =ROUND(CY66,2) -> 484.35 | Y66: =ROUND(CZ66,2) -> 327.27 | AA66: 16697018 | AB66: =ROUND((AC66+AD66+AF66),2) -> 322.43 | AC66: =ROUND((ES66),2) -> 0 | AD66: =ROUND((((ET66)-(EU66))+AE66),2) -> 0 | AE66: =ROUND((EU66),2) -> 0 | AF66: =ROUND((EV66),2) -> 322.43 | AG66: =ROUND((AP66),2) -> 0 | AH66: =(EW66) -> 37.8 | AI66: =(EX66) -> 0 | AJ66: =ROUND((AS66),2) -> 0 | AK66: 322.43 | AL66: 0 | AM66: 0 | AN66: 0 | AO66: 322.43 | AP66: 0 | AQ66: 37.8 | AR66: 0 | AS66: 0 | AT66: 74 | AU66: 50 | AV66: 1 | AW66: 1 | AZ66: 1 | BA66: 1 | BB66: 1 | BC66: 1 | BH66: 0 | BI66: 1 | BJ66: ФЕРр-2001, 65-14-1, приказ Минстроя России №1039/пр от 30.12.2016г. | BM66: 65002 | BN66: 0 | BP66: 0 | BQ66: 6 | BR66: 0 | BS66: 1 | BT66: 1 | BU66: 1 | BV66: 1 | BW66: 1 | BX66: 1 | BZ66: 74 | CA66: 50 | CF66: 0 | CG66: 0 | CM66: 0 | CO66: 0 | CP66: =(P66+Q66+S66) -> 654.53 | CQ66: =AC66*BC66 -> 0 | CR66: =AD66*BB66 -> 0 | CS66: =AE66*BS66 -> 0 | CT66: =AF66*BA66 -> 322.43 | CU66: =AG66 -> 0 | CV66: =AH66 -> 37.8 | CW66: =AI66 -> 0 | CX66: =AJ66 -> 0 | CY66: =(((S66+R66)*AT66)/100) -> 484.3522 | CZ66: =(((S66+R66)*AU66)/100) -> 327.265 | DN66: 0 | DO66: 0 | DP66: 1 | DQ66: 1 | DU66: 1003 | DV66: 100 м | DW66: 100 м | DX66: 100 | EE66: 16510577 | EF66: 6 | EG66: Ремонтно-строительные работы | EH66: 0 | EJ66: 1 | EK66: 65002 | EL66: Внтуренниие с/техработы: демонтаж, разборка, промывка | EM66: рФЕР-65 | EQ66: 131072 | ER66: 322.43 | ES66: 0 | ET66: 0 | EU66: 0 | EV66: 322.43 | EW66: 37.8 | EX66: 0 | EY66: 0 | FQ66: 0 | FR66: =ROUND(IF(AND(BH66=3,BI66=3),P66,0),2) -> 0 | FS66: 0 | FX66: 74 | FY66: 50 | GD66: 0 | GF66: -1819699879 | GG66: 2 | GH66: 1 | GI66: -2 | GJ66: 0 | GK66: =ROUND(R66*(R12)/100,2) -> 0 | GL66: =ROUND(IF(AND(BH66=3,BI66=3,FS66<>0),P66,0),2) -> 0 | GM66: =ROUND(O66+X66+Y66+GK66,2)+GX66 -> 1466.15 | GN66: =IF(OR(BI66=0,BI66=1),ROUND(O66+X66+Y66+GK66,2),0) -> 1466.15 | GO66: =IF(BI66=2,ROUND(O66+X66+Y66+GK66,2),0) -> 0 | GP66: =IF(BI66=4,ROUND(O66+X66+Y66+GK66,2)+GX66,0) -> 0 | GR66: 0 | GS66: 3 | GT66: 0 | GV66: =ROUND(GT66,2) -> 0 | GW66: 1 | GX66: =ROUND(GV66*GW66*I66,2) -> 0 | HA66: 0 | HB66: 0 | IK66: 0
A67: 17 | B67: 1 | C67: =ROW(SmtRes!A120) -> 120 | D67: =ROW(EtalonRes!A124) -> 124 | E67: 16 | F67: 65-14-1 | G67: Разборка трубопроводов из водогазопроводных труб в зданиях и сооружениях на резьбе диаметром до 32 мм | H67: 100 м | I67: =ROUND((146+57)/100,9) -> 2.03 | J67: 0 | O67: =ROUND(CP67,2) -> 4293.74 | P67: =ROUND(CQ67*I67,2) -> 0 | Q67: =ROUND(CR67*I67,2) -> 0 | R67: =ROUND(CS67*I67,2) -> 0 | S67: =ROUND(CT67*I67,2) -> 4293.74 | T67: =ROUND(CU67*I67,2) -> 0 | U67: =CV67*I67 -> 76.734 | V67: =CW67*I67 -> 0 | W67: =ROUND(CX67*I67,2) -> 0 | X67: =ROUND(CY67,2) -> 3177.37 | Y67: =ROUND(CZ67,2) -> 2146.87 | AA67: 16697019 | AB67: =ROUND((AC67+AD67+AF67),2) -> 322.43 | AC67: =ROUND((ES67),2) -> 0 | AD67: =ROUND((((ET67)-(EU67))+AE67),2) -> 0 | AE67: =ROUND((EU67),2) -> 0 | AF67: =ROUND((EV67),2) -> 322.43 | AG67: =ROUND((AP67),2) -> 0 | AH67: =(EW67) -> 37.8 | AI67: =(EX67) -> 0 | AJ67: =ROUND((AS67),2) -> 0 | AK67: 322.43 | AL67: 0 | AM67: 0 | AN67: 0 | AO67: 322.43 | AP67: 0 | AQ67: 37.8 | AR67: 0 | AS67: 0 | AT67: 74 | AU67: 50 | AV67: 1 | AW67: 1 | AZ67: 6.56 | BA67: 6.56 | BB67: 6.56 | BC67: 6.56 | BH67: 0 | BI67: 1 | BJ67: ФЕРр-2001, 65-14-1, приказ Минстроя России №1039/пр от 30.12.2016г. | BM67: 65002 | BN67: 0 | BP67: 0 | BQ67: 6 | BR67: 0 | BS67: 6.56 | BT67: 1 | BU67: 1 | BV67: 1 | BW67: 1 | BX67: 1 | BZ67: 74 | CA67: 50 | CF67: 0 | CG67: 0 | CM67: 0 | CO67: 0 | CP67: =(P67+Q67+S67) -> 4293.74 | CQ67: =AC67*BC67 -> 0 | CR67: =AD67*BB67 -> 0 | CS67: =AE67*BS67 -> 0 | CT67: =AF67*BA67 -> 2115.1408 | CU67: =AG67 -> 0 | CV67: =AH67 -> 37.8 | CW67: =AI67 -> 0 | CX67: =AJ67 -> 0 | CY67: =(((S67+R67)*AT67)/100) -> 3177.3676 | CZ67: =(((S67+R67)*AU67)/100) -> 2146.87 | DN67: 0 | DO67: 0 | DP67: 1 | DQ67: 1 | DU67: 1003 | DV67: 100 м | DW67: 100 м | DX67: 100 | EE67: 16510577 | EF67: 6 | EG67: Ремонтно-строительные работы | EH67: 0 | EJ67: 1 | EK67: 65002 | EL67: Внтуренниие с/техработы: демонтаж, разборка, промывка | EM67: рФЕР-65 | EQ67: 131072 | ER67: 322.43 | ES67: 0 | ET67: 0 | EU67: 0 | EV67: 322.43 | EW67: 37.8 | EX67: 0 | EY67: 0 | FQ67: 0 | FR67: =ROUND(IF(AND(BH67=3,BI67=3),P67,0),2) -> 0 | FS67: 0 | FX67: 74 | FY67: 50 | GD67: 0 | GF67: -1819699879 | GG67: 1 | GH67: 1 | GI67: 4 | GJ67: 0 | GK67: =ROUND(R67*(S12)/100,2) -> 0 | GL67: =ROUND(IF(AND(BH67=3,BI67=3,FS67<>0),P67,0),2) -> 0 | GM67: =ROUND(O67+X67+Y67+GK67,2)+GX67 -> 9617.98 | GN67: =IF(OR(BI67=0,BI67=1),ROUND(O67+X67+Y67+GK67,2),0) -> 9617.98 | GO67: =IF(BI67=2,ROUND(O67+X67+Y67+GK67,2),0) -> 0 | GP67: =IF(BI67=4,ROUND(O67+X67+Y67+GK67,2)+GX67,0) -> 0 | GR67: 0 | GS67: 3 | GT67: 0 | GV67: =ROUND(GT67,2) -> 0 | GW67: 1 | GX67: =ROUND(GV67*GW67*I67,2) -> 0 | HA67: 0 | HB67: 0 | IK67: 0
A68: 17 | B68: 1 | C68: =ROW(SmtRes!A124) -> 124 | D68: =ROW(EtalonRes!A128) -> 128 | E68: 17 | F68: 65-3-7 | G68: Снятие смесителя без душевой сетки | H68: 100 ШТ | I68: =ROUND(17/100,9) -> 0.17 | J68: 0 | O68: =ROUND(CP68,2) -> 53.6 | P68: =ROUND(CQ68*I68,2) -> 0 | Q68: =ROUND(CR68*I68,2) -> 0.37 | R68: =ROUND(CS68*I68,2) -> 0.16 | S68: =ROUND(CT68*I68,2) -> 53.23 | T68: =ROUND(CU68*I68,2) -> 0 | U68: =CV68*I68 -> 6.2407 | V68: =CW68*I68 -> 0.0119 | W68: =ROUND(CX68*I68,2) -> 0 | X68: =ROUND(CY68,2) -> 39.51 | Y68: =ROUND(CZ68,2) -> 26.7 | AA68: 16697018 | AB68: =ROUND((AC68+AD68+AF68),2) -> 315.33 | AC68: =ROUND((ES68),2) -> 0 | AD68: =ROUND((((ET68)-(EU68))+AE68),2) -> 2.19 | AE68: =ROUND((EU68),2) -> 0.95 | AF68: =ROUND((EV68),2) -> 313.14 | AG68: =ROUND((AP68),2) -> 0 | AH68: =(EW68) -> 36.71 | AI68: =(EX68) -> 0.07 | AJ68: =ROUND((AS68),2) -> 0 | AK68: 315.33 | AL68: 0 | AM68: 2.19 | AN68: 0.95 | AO68: 313.14 | AP68: 0 | AQ68: 36.71 | AR68: 0.07 | AS68: 0 | AT68: 74 | AU68: 50 | AV68: 1 | AW68: 1 | AZ68: 1 | BA68: 1 | BB68: 1 | BC68: 1 | BH68: 0 | BI68: 1 | BJ68: ФЕРр-2001, 65-3-7, приказ Минстроя России №1039/пр от 30.12.2016г. | BM68: 65001 | BN68: 0 | BP68: 0 | BQ68: 6 | BR68: 0 | BS68: 1 | BT68: 1 | BU68: 1 | BV68: 1 | BW68: 1 | BX68: 1 | BZ68: 74 | CA68: 50 | CF68: 0 | CG68: 0 | CM68: 0 | CO68: 0 | CP68: =(P68+Q68+S68) -> 53.6 | CQ68: =AC68*BC68 -> 0 | CR68: =AD68*BB68 -> 2.19 | CS68: =AE68*BS68 -> 0.95 | CT68: =AF68*BA68 -> 313.14 | CU68: =AG68 -> 0 | CV68: =AH68 -> 36.71 | CW68: =AI68 -> 0.07 | CX68: =AJ68 -> 0 | CY68: =(((S68+R68)*AT68)/100) -> 39.5086 | CZ68: =(((S68+R68)*AU68)/100) -> 26.695 | DN68: 0 | DO68: 0 | DP68: 1 | DQ68: 1 | DU68: 1013 | DV68: 100 ШТ | DW68: 100 ШТ | DX68: 1 | EE68: 16510574 | EF68: 6 | EG68: Ремонтно-строительные работы | EH68: 0 | EJ68: 1 | EK68: 65001 | EL68: Внтуренниие с/техработы: демонтаж, разборка, промывка | EM68: рФЕР-65 | EQ68: 131072 | ER68: 315.33 | ES68: 0 | ET68: 2.19 | EU68: 0.95 | EV68: 313.14 | EW68: 36.71 | EX68: 0.07 | EY68: 0 | FQ68: 0 | FR68: =ROUND(IF(AND(BH68=3,BI68=3),P68,0),2) -> 0 | FS68: 0 | FX68: 74 | FY68: 50 | GD68: 0 | GF68: 2129386662 | GG68: 2 | GH68: 1 | GI68: -2 | GJ68: 0 | GK68: =ROUND(R68*(R12)/100,2) -> 0 | GL68: =ROUND(IF(AND(BH68=3,BI68=3,FS68<>0),P68,0),2) -> 0 | GM68: =ROUND(O68+X68+Y68+GK68,2)+GX68 -> 119.81 | GN68: =IF(OR(BI68=0,BI68=1),ROUND(O68+X68+Y68+GK68,2),0) -> 119.81 | GO68: =IF(BI68=2,ROUND(O68+X68+Y68+GK68,2),0) -> 0 | GP68: =IF(BI68=4,ROUND(O68+X68+Y68+GK68,2)+GX68,0) -> 0 | GR68: 0 | GS68: 3 | GT68: 0 | GV68: =ROUND(GT68,2) -> 0 | GW68: 1 | GX68: =ROUND(GV68*GW68*I68,2) -> 0 | HA68: 0 | HB68: 0 | IK68: 0
A69: 17 | B69: 1 | C69: =ROW(SmtRes!A128) -> 128 | D69: =ROW(EtalonRes!A132) -> 132 | E69: 17 | F69: 65-3-7 | G69: Снятие смесителя без душевой сетки | H69: 100 ШТ | I69: =ROUND(17/100,9) -> 0.17 | J69: 0 | O69: =ROUND(CP69,2) -> 351.65 | P69: =ROUND(CQ69*I69,2) -> 0 | Q69: =ROUND(CR69*I69,2) -> 2.44 | R69: =ROUND(CS69*I69,2) -> 1.06 | S69: =ROUND(CT69*I69,2) -> 349.21 | T69: =ROUND(CU69*I69,2) -> 0 | U69: =CV69*I69 -> 6.2407 | V69: =CW69*I69 -> 0.0119 | W69: =ROUND(CX69*I69,2) -> 0 | X69: =ROUND(CY69,2) -> 259.2 | Y69: =ROUND(CZ69,2) -> 175.14 | AA69: 16697019 | AB69: =ROUND((AC69+AD69+AF69),2) -> 315.33 | AC69: =ROUND((ES69),2) -> 0 | AD69: =ROUND((((ET69)-(EU69))+AE69),2) -> 2.19 | AE69: =ROUND((EU69),2) -> 0.95 | AF69: =ROUND((EV69),2) -> 313.14 | AG69: =ROUND((AP69),2) -> 0 | AH69: =(EW69) -> 36.71 | AI69: =(EX69) -> 0.07 | AJ69: =ROUND((AS69),2) -> 0 | AK69: 315.33 | AL69: 0 | AM69: 2.19 | AN69: 0.95 | AO69: 313.14 | AP69: 0 | AQ69: 36.71 | AR69: 0.07 | AS69: 0 | AT69: 74 | AU69: 50 | AV69: 1 | AW69: 1 | AZ69: 6.56 | BA69: 6.56 | BB69: 6.56 | BC69: 6.56 | BH69: 0 | BI69: 1 | BJ69: ФЕРр-2001, 65-3-7, приказ Минстроя России №1039/пр от 30.12.2016г. | BM69: 65001 | BN69: 0 | BP69: 0 | BQ69: 6 | BR69: 0 | BS69: 6.56 | BT69: 1 | BU69: 1 | BV69: 1 | BW69: 1 | BX69: 1 | BZ69: 74 | CA69: 50 | CF69: 0 | CG69: 0 | CM69: 0 | CO69: 0 | CP69: =(P69+Q69+S69) -> 351.65 | CQ69: =AC69*BC69 -> 0 | CR69: =AD69*BB69 -> 14.3664 | CS69: =AE69*BS69 -> 6.232 | CT69: =AF69*BA69 -> 2054.1984 | CU69: =AG69 -> 0 | CV69: =AH69 -> 36.71 | CW69: =AI69 -> 0.07 | CX69: =AJ69 -> 0 | CY69: =(((S69+R69)*AT69)/100) -> 259.1998 | CZ69: =(((S69+R69)*AU69)/100) -> 175.135 | DN69: 0 | DO69: 0 | DP69: 1 | DQ69: 1 | DU69: 1013 | DV69: 100 ШТ | DW69: 100 ШТ | DX69: 1 | EE69: 16510574 | EF69: 6 | EG69: Ремонтно-строительные работы | EH69: 0 | EJ69: 1 | EK69: 65001 | EL69: Внтуренниие с/техработы: демонтаж, разборка, промывка | EM69: рФЕР-65 | EQ69: 131072 | ER69: 315.33 | ES69: 0 | ET69: 2.19 | EU69: 0.95 | EV69: 313.14 | EW69: 36.71 | EX69: 0.07 | EY69: 0 | FQ69: 0 | FR69: =ROUND(IF(AND(BH69=3,BI69=3),P69,0),2) -> 0 | FS69: 0 | FX69: 74 | FY69: 50 | GD69: 0 | GF69: 2129386662 | GG69: 1 | GH69: 1 | GI69: 4 | GJ69: 0 | GK69: =ROUND(R69*(S12)/100,2) -> 0 | GL69: =ROUND(IF(AND(BH69=3,BI69=3,FS69<>0),P69,0),2) -> 0 | GM69: =ROUND(O69+X69+Y69+GK69,2)+GX69 -> 785.99 | GN69: =IF(OR(BI69=0,BI69=1),ROUND(O69+X69+Y69+GK69,2),0) -> 785.99 | GO69: =IF(BI69=2,ROUND(O69+X69+Y69+GK69,2),0) -> 0 | GP69: =IF(BI69=4,ROUND(O69+X69+Y69+GK69,2)+GX69,0) -> 0 | GR69: 0 | GS69: 3 | GT69: 0 | GV69: =ROUND(GT69,2) -> 0 | GW69: 1 | GX69: =ROUND(GV69*GW69*I69,2) -> 0 | HA69: 0 | HB69: 0 | IK69: 0
A70: 18 | B70: 1 | C70: 124 | E70: 17,1 | F70: 01.7.07.07 | G70: Строительный мусор и масса возвратных материалов | H70: т | I70: =I68*J70 -> 0.0374 | J70: 0.22 | O70: =ROUND(CP70,2) -> 0 | P70: =ROUND(CQ70*I70,2) -> 0 | Q70: =ROUND(CR70*I70,2) -> 0 | R70: =ROUND(CS70*I70,2) -> 0 | S70: =ROUND(CT70*I70,2) -> 0 | T70: =ROUND(CU70*I70,2) -> 0 | U70: =CV70*I70 -> 0 | V70: =CW70*I70 -> 0 | W70: =ROUND(CX70*I70,2) -> 0 | X70: =ROUND(CY70,2) -> 0 | Y70: =ROUND(CZ70,2) -> 0 | AA70: 16697018 | AB70: =ROUND((AC70+AD70+AF70),2) -> 0 | AC70: =ROUND((ES70),2) -> 0 | AD70: =ROUND((((ET70)-(EU70))+AE70),2) -> 0 | AE70: =ROUND((EU70),2) -> 0 | AF70: =ROUND((EV70),2) -> 0 | AG70: =ROUND((AP70),2) -> 0 | AH70: =(EW70) -> 0 | AI70: =(EX70) -> 0 | AJ70: =ROUND((AS70),2) -> 0 | AK70: 0 | AL70: 0 | AM70: 0 | AN70: 0 | AO70: 0 | AP70: 0 | AQ70: 0 | AR70: 0 | AS70: 0 | AT70: 74 | AU70: 50 | AV70: 1 | AW70: 1 | AZ70: 1 | BA70: 1 | BB70: 1 | BC70: 1 | BH70: 3 | BI70: 1 | BM70: 65001 | BN70: 0 | BP70: 0 | BQ70: 6 | BR70: 0 | BS70: 1 | BT70: 1 | BU70: 1 | BV70: 1 | BW70: 1 | BX70: 1 | BZ70: 74 | CA70: 50 | CF70: 0 | CG70: 0 | CM70: 0 | CO70: 0 | CP70: =(P70+Q70+S70) -> 0 | CQ70: =AC70*BC70 -> 0 | CR70: =AD70*BB70 -> 0 | CS70: =AE70*BS70 -> 0 | CT70: =AF70*BA70 -> 0 | CU70: =AG70 -> 0 | CV70: =AH70 -> 0 | CW70: =AI70 -> 0 | CX70: =AJ70 -> 0 | CY70: =(((S70+R70)*AT70)/100) -> 0 | CZ70: =(((S70+R70)*AU70)/100) -> 0 | DN70: 0 | DO70: 0 | DP70: 1 | DQ70: 1 | DU70: 1009 | DV70: т | DW70: т | DX70: 1000 | EE70: 16510574 | EF70: 6 | EG70: Ремонтно-строительные работы | EH70: 0 | EJ70: 1 | EK70: 65001 | EL70: Внтуренниие с/техработы: демонтаж, разборка, промывка | EM70: рФЕР-65 | EQ70: 0 | ER70: 0 | ES70: 0 | ET70: 0 | EU70: 0 | EV70: 0 | EW70: 0 | EX70: 0 | FQ70: 0 | FR70: =ROUND(IF(AND(BH70=3,BI70=3),P70,0),2) -> 0 | FS70: 0 | FX70: 74 | FY70: 50 | GD70: 0 | GF70: -66286256 | GG70: 2 | GH70: 1 | GI70: -2 | GJ70: 0 | GK70: =ROUND(R70*(R12)/100,2) -> 0 | GL70: =ROUND(IF(AND(BH70=3,BI70=3,FS70<>0),P70,0),2) -> 0 | GM70: =ROUND(O70+X70+Y70+GK70,2)+GX70 -> 0 | GN70: =IF(OR(BI70=0,BI70=1),ROUND(O70+X70+Y70+GK70,2),0) -> 0 | GO70: =IF(BI70=2,ROUND(O70+X70+Y70+GK70,2),0) -> 0 | GP70: =IF(BI70=4,ROUND(O70+X70+Y70+GK70,2)+GX70,0) -> 0 | GR70: 0 | GS70: 3 | GT70: 0 | GV70: =ROUND(GT70,2) -> 0 | GW70: 1 | GX70: =ROUND(GV70*GW70*I70,2) -> 0 | HA70: 0 | HB70: 0 | IK70: 0
A71: 18 | B71: 1 | C71: 128 | E71: 17,1 | F71: 01.7.07.07 | G71: Строительный мусор и масса возвратных материалов | H71: т | I71: =I69*J71 -> 0.0374 | J71: 0.22 | O71: =ROUND(CP71,2) -> 0 | P71: =ROUND(CQ71*I71,2) -> 0 | Q71: =ROUND(CR71*I71,2) -> 0 | R71: =ROUND(CS71*I71,2) -> 0 | S71: =ROUND(CT71*I71,2) -> 0 | T71: =ROUND(CU71*I71,2) -> 0 | U71: =CV71*I71 -> 0 | V71: =CW71*I71 -> 0 | W71: =ROUND(CX71*I71,2) -> 0 | X71: =ROUND(CY71,2) -> 0 | Y71: =ROUND(CZ71,2) -> 0 | AA71: 16697019 | AB71: =ROUND((AC71+AD71+AF71),2) -> 0 | AC71: =ROUND((ES71),2) -> 0 | AD71: =ROUND((((ET71)-(EU71))+AE71),2) -> 0 | AE71: =ROUND((EU71),2) -> 0 | AF71: =ROUND((EV71),2) -> 0 | AG71: =ROUND((AP71),2) -> 0 | AH71: =(EW71) -> 0 | AI71: =(EX71) -> 0 | AJ71: =ROUND((AS71),2) -> 0 | AK71: 0 | AL71: 0 | AM71: 0 | AN71: 0 | AO71: 0 | AP71: 0 | AQ71: 0 | AR71: 0 | AS71: 0 | AT71: 74 | AU71: 50 | AV71: 1 | AW71: 1 | AZ71: 6.56 | BA71: 1 | BB71: 1 | BC71: 6.56 | BH71: 3 | BI71: 1 | BM71: 65001 | BN71: 0 | BP71: 0 | BQ71: 6 | BR71: 0 | BS71: 1 | BT71: 1 | BU71: 1 | BV71: 1 | BW71: 1 | BX71: 1 | BZ71: 74 | CA71: 50 | CF71: 0 | CG71: 0 | CM71: 0 | CO71: 0 | CP71: =(P71+Q71+S71) -> 0 | CQ71: =AC71*BC71 -> 0 | CR71: =AD71*BB71 -> 0 | CS71: =AE71*BS71 -> 0 | CT71: =AF71*BA71 -> 0 | CU71: =AG71 -> 0 | CV71: =AH71 -> 0 | CW71: =AI71 -> 0 | CX71: =AJ71 -> 0 | CY71: =(((S71+R71)*AT71)/100) -> 0 | CZ71: =(((S71+R71)*AU71)/100) -> 0 | DN71: 0 | DO71: 0 | DP71: 1 | DQ71: 1 | DU71: 1009 | DV71: т | DW71: т | DX71: 1000 | EE71: 16510574 | EF71: 6 | EG71: Ремонтно-строительные работы | EH71: 0 | EJ71: 1 | EK71: 65001 | EL71: Внтуренниие с/техработы: демонтаж, разборка, промывка | EM71: рФЕР-65 | EQ71: 0 | ER71: 0 | ES71: 0 | ET71: 0 | EU71: 0 | EV71: 0 | EW71: 0 | EX71: 0 | FQ71: 0 | FR71: =ROUND(IF(AND(BH71=3,BI71=3),P71,0),2) -> 0 | FS71: 0 | FX71: 74 | FY71: 50 | GD71: 0 | GF71: -66286256 | GG71: 1 | GH71: 1 | GI71: 4 | GJ71: 0 | GK71: =ROUND(R71*(S12)/100,2) -> 0 | GL71: =ROUND(IF(AND(BH71=3,BI71=3,FS71<>0),P71,0),2) -> 0 | GM71: =ROUND(O71+X71+Y71+GK71,2)+GX71 -> 0 | GN71: =IF(OR(BI71=0,BI71=1),ROUND(O71+X71+Y71+GK71,2),0) -> 0 | GO71: =IF(BI71=2,ROUND(O71+X71+Y71+GK71,2),0) -> 0 | GP71: =IF(BI71=4,ROUND(O71+X71+Y71+GK71,2)+GX71,0) -> 0 | GR71: 0 | GS71: 3 | GT71: 0 | GV71: =ROUND(GT71,2) -> 0 | GW71: 1 | GX71: =ROUND(GV71*GW71*I71,2) -> 0 | HA71: 0 | HB71: 0 | IK71: 0
A72: 17 | B72: 1 | C72: =ROW(SmtRes!A132) -> 132 | D72: =ROW(EtalonRes!A136) -> 136 | E72: 18 | F72: 65-4-3 | G72: Демонтаж моек с последующей установкой прим. | H72: 100 ШТ | I72: =ROUND(8/100,9) -> 0.08 | J72: 0 | O72: =ROUND(CP72,2) -> 71.99 | P72: =ROUND(CQ72*I72,2) -> 0 | Q72: =ROUND(CR72*I72,2) -> 1.98 | R72: =ROUND(CS72*I72,2) -> 0.85 | S72: =ROUND(CT72*I72,2) -> 70.01 | T72: =ROUND(CU72*I72,2) -> 0 | U72: =CV72*I72 -> 8.208 | V72: =CW72*I72 -> 0.0632 | W72: =ROUND(CX72*I72,2) -> 0 | X72: =ROUND(CY72,2) -> 52.44 | Y72: =ROUND(CZ72,2) -> 35.43 | AA72: 16697018 | AB72: =ROUND((AC72+AD72+AF72),2) -> 899.88 | AC72: =ROUND((ES72),2) -> 0 | AD72: =ROUND((((ET72)-(EU72))+AE72),2) -> 24.7 | AE72: =ROUND((EU72),2) -> 10.67 | AF72: =ROUND((EV72),2) -> 875.18 | AG72: =ROUND((AP72),2) -> 0 | AH72: =(EW72) -> 102.6 | AI72: =(EX72) -> 0.79 | AJ72: =ROUND((AS72),2) -> 0 | AK72: 899.88 | AL72: 0 | AM72: 24.7 | AN72: 10.67 | AO72: 875.18 | AP72: 0 | AQ72: 102.6 | AR72: 0.79 | AS72: 0 | AT72: 74 | AU72: 50 | AV72: 1 | AW72: 1 | AZ72: 1 | BA72: 1 | BB72: 1 | BC72: 1 | BH72: 0 | BI72: 1 | BJ72: ФЕРр-2001, 65-4-3, приказ Минстроя России №1039/пр от 30.12.2016г. | BM72: 65001 | BN72: 0 | BP72: 0 | BQ72: 6 | BR72: 0 | BS72: 1 | BT72: 1 | BU72: 1 | BV72: 1 | BW72: 1 | BX72: 1 | BZ72: 74 | CA72: 50 | CF72: 0 | CG72: 0 | CM72: 0 | CO72: 0 | CP72: =(P72+Q72+S72) -> 71.99 | CQ72: =AC72*BC72 -> 0 | CR72: =AD72*BB72 -> 24.7 | CS72: =AE72*BS72 -> 10.67 | CT72: =AF72*BA72 -> 875.18 | CU72: =AG72 -> 0 | CV72: =AH72 -> 102.6 | CW72: =AI72 -> 0.79 | CX72: =AJ72 -> 0 | CY72: =(((S72+R72)*AT72)/100) -> 52.4364 | CZ72: =(((S72+R72)*AU72)/100) -> 35.43 | DN72: 0 | DO72: 0 | DP72: 1 | DQ72: 1 | DU72: 1013 | DV72: 100 ШТ | DW72: 100 ШТ | DX72: 1 | EE72: 16510574 | EF72: 6 | EG72: Ремонтно-строительные работы | EH72: 0 | EJ72: 1 | EK72: 65001 | EL72: Внтуренниие с/техработы: демонтаж, разборка, промывка | EM72: рФЕР-65 | EQ72: 131072 | ER72: 899.88 | ES72: 0 | ET72: 24.7 | EU72: 10.67 | EV72: 875.18 | EW72: 102.6 | EX72: 0.79 | EY72: 0 | FQ72: 0 | FR72: =ROUND(IF(AND(BH72=3,BI72=3),P72,0),2) -> 0 | FS72: 0 | FX72: 74 | FY72: 50 | GD72: 0 | GF72: 1753251518 | GG72: 2 | GH72: 1 | GI72: -2 | GJ72: 0 | GK72: =ROUND(R72*(R12)/100,2) -> 0 | GL72: =ROUND(IF(AND(BH72=3,BI72=3,FS72<>0),P72,0),2) -> 0 | GM72: =ROUND(O72+X72+Y72+GK72,2)+GX72 -> 159.86 | GN72: =IF(OR(BI72=0,BI72=1),ROUND(O72+X72+Y72+GK72,2),0) -> 159.86 | GO72: =IF(BI72=2,ROUND(O72+X72+Y72+GK72,2),0) -> 0 | GP72: =IF(BI72=4,ROUND(O72+X72+Y72+GK72,2)+GX72,0) -> 0 | GR72: 0 | GS72: 3 | GT72: 0 | GV72: =ROUND(GT72,2) -> 0 | GW72: 1 | GX72: =ROUND(GV72*GW72*I72,2) -> 0 | HA72: 0 | HB72: 0 | IK72: 0
A73: 17 | B73: 1 | C73: =ROW(SmtRes!A136) -> 136 | D73: =ROW(EtalonRes!A140) -> 140 | E73: 18 | F73: 65-4-3 | G73: Демонтаж моек с последующей установкой прим. | H73: 100 ШТ | I73: =ROUND(8/100,9) -> 0.08 | J73: 0 | O73: =ROUND(CP73,2) -> 472.25 | P73: =ROUND(CQ73*I73,2) -> 0 | Q73: =ROUND(CR73*I73,2) -> 12.96 | R73: =ROUND(CS73*I73,2) -> 5.6 | S73: =ROUND(CT73*I73,2) -> 459.29 | T73: =ROUND(CU73*I73,2) -> 0 | U73: =CV73*I73 -> 8.208 | V73: =CW73*I73 -> 0.0632 | W73: =ROUND(CX73*I73,2) -> 0 | X73: =ROUND(CY73,2) -> 344.02 | Y73: =ROUND(CZ73,2) -> 232.45 | AA73: 16697019 | AB73: =ROUND((AC73+AD73+AF73),2) -> 899.88 | AC73: =ROUND((ES73),2) -> 0 | AD73: =ROUND((((ET73)-(EU73))+AE73),2) -> 24.7 | AE73: =ROUND((EU73),2) -> 10.67 | AF73: =ROUND((EV73),2) -> 875.18 | AG73: =ROUND((AP73),2) -> 0 | AH73: =(EW73) -> 102.6 | AI73: =(EX73) -> 0.79 | AJ73: =ROUND((AS73),2) -> 0 | AK73: 899.88 | AL73: 0 | AM73: 24.7 | AN73: 10.67 | AO73: 875.18 | AP73: 0 | AQ73: 102.6 | AR73: 0.79 | AS73: 0 | AT73: 74 | AU73: 50 | AV73: 1 | AW73: 1 | AZ73: 6.56 | BA73: 6.56 | BB73: 6.56 | BC73: 6.56 | BH73: 0 | BI73: 1 | BJ73: ФЕРр-2001, 65-4-3, приказ Минстроя России №1039/пр от 30.12.2016г. | BM73: 65001 | BN73: 0 | BP73: 0 | BQ73: 6 | BR73: 0 | BS73: 6.56 | BT73: 1 | BU73: 1 | BV73: 1 | BW73: 1 | BX73: 1 | BZ73: 74 | CA73: 50 | CF73: 0 | CG73: 0 | CM73: 0 | CO73: 0 | CP73: =(P73+Q73+S73) -> 472.25 | CQ73: =AC73*BC73 -> 0 | CR73: =AD73*BB73 -> 162.032 | CS73: =AE73*BS73 -> 69.9952 | CT73: =AF73*BA73 -> 5741.1808 | CU73: =AG73 -> 0 | CV73: =AH73 -> 102.6 | CW73: =AI73 -> 0.79 | CX73: =AJ73 -> 0 | CY73: =(((S73+R73)*AT73)/100) -> 344.0186 | CZ73: =(((S73+R73)*AU73)/100) -> 232.445 | DN73: 0 | DO73: 0 | DP73: 1 | DQ73: 1 | DU73: 1013 | DV73: 100 ШТ | DW73: 100 ШТ | DX73: 1 | EE73: 16510574 | EF73: 6 | EG73: Ремонтно-строительные работы | EH73: 0 | EJ73: 1 | EK73: 65001 | EL73: Внтуренниие с/техработы: демонтаж, разборка, промывка | EM73: рФЕР-65 | EQ73: 131072 | ER73: 899.88 | ES73: 0 | ET73: 24.7 | EU73: 10.67 | EV73: 875.18 | EW73: 102.6 | EX73: 0.79 | EY73: 0 | FQ73: 0 | FR73: =ROUND(IF(AND(BH73=3,BI73=3),P73,0),2) -> 0 | FS73: 0 | FX73: 74 | FY73: 50 | GD73: 0 | GF73: 1753251518 | GG73: 1 | GH73: 1 | GI73: 4 | GJ73: 0 | GK73: =ROUND(R73*(S12)/100,2) -> 0 | GL73: =ROUND(IF(AND(BH73=3,BI73=3,FS73<>0),P73,0),2) -> 0 | GM73: =ROUND(O73+X73+Y73+GK73,2)+GX73 -> 1048.72 | GN73: =IF(OR(BI73=0,BI73=1),ROUND(O73+X73+Y73+GK73,2),0) -> 1048.72 | GO73: =IF(BI73=2,ROUND(O73+X73+Y73+GK73,2),0) -> 0 | GP73: =IF(BI73=4,ROUND(O73+X73+Y73+GK73,2)+GX73,0) -> 0 | GR73: 0 | GS73: 3 | GT73: 0 | GV73: =ROUND(GT73,2) -> 0 | GW73: 1 | GX73: =ROUND(GV73*GW73*I73,2) -> 0 | HA73: 0 | HB73: 0 | IK73: 0
A74: 18 | B74: 1 | C74: 132 | E74: 18,1 | F74: 01.7.07.07 | G74: Строительный мусор и масса возвратных материалов | H74: т | I74: =I72*J74 -> 0.0944 | J74: 1.18 | O74: =ROUND(CP74,2) -> 0 | P74: =ROUND(CQ74*I74,2) -> 0 | Q74: =ROUND(CR74*I74,2) -> 0 | R74: =ROUND(CS74*I74,2) -> 0 | S74: =ROUND(CT74*I74,2) -> 0 | T74: =ROUND(CU74*I74,2) -> 0 | U74: =CV74*I74 -> 0 | V74: =CW74*I74 -> 0 | W74: =ROUND(CX74*I74,2) -> 0 | X74: =ROUND(CY74,2) -> 0 | Y74: =ROUND(CZ74,2) -> 0 | AA74: 16697018 | AB74: =ROUND((AC74+AD74+AF74),2) -> 0 | AC74: =ROUND((ES74),2) -> 0 | AD74: =ROUND((((ET74)-(EU74))+AE74),2) -> 0 | AE74: =ROUND((EU74),2) -> 0 | AF74: =ROUND((EV74),2) -> 0 | AG74: =ROUND((AP74),2) -> 0 | AH74: =(EW74) -> 0 | AI74: =(EX74) -> 0 | AJ74: =ROUND((AS74),2) -> 0 | AK74: 0 | AL74: 0 | AM74: 0 | AN74: 0 | AO74: 0 | AP74: 0 | AQ74: 0 | AR74: 0 | AS74: 0 | AT74: 74 | AU74: 50 | AV74: 1 | AW74: 1 | AZ74: 1 | BA74: 1 | BB74: 1 | BC74: 1 | BH74: 3 | BI74: 1 | BM74: 65001 | BN74: 0 | BP74: 0 | BQ74: 6 | BR74: 0 | BS74: 1 | BT74: 1 | BU74: 1 | BV74: 1 | BW74: 1 | BX74: 1 | BZ74: 74 | CA74: 50 | CF74: 0 | CG74: 0 | CM74: 0 | CO74: 0 | CP74: =(P74+Q74+S74) -> 0 | CQ74: =AC74*BC74 -> 0 | CR74: =AD74*BB74 -> 0 | CS74: =AE74*BS74 -> 0 | CT74: =AF74*BA74 -> 0 | CU74: =AG74 -> 0 | CV74: =AH74 -> 0 | CW74: =AI74 -> 0 | CX74: =AJ74 -> 0 | CY74: =(((S74+R74)*AT74)/100) -> 0 | CZ74: =(((S74+R74)*AU74)/100) -> 0 | DN74: 0 | DO74: 0 | DP74: 1 | DQ74: 1 | DU74: 1009 | DV74: т | DW74: т | DX74: 1000 | EE74: 16510574 | EF74: 6 | EG74: Ремонтно-строительные работы | EH74: 0 | EJ74: 1 | EK74: 65001 | EL74: Внтуренниие с/техработы: демонтаж, разборка, промывка | EM74: рФЕР-65 | EQ74: 0 | ER74: 0 | ES74: 0 | ET74: 0 | EU74: 0 | EV74: 0 | EW74: 0 | EX74: 0 | FQ74: 0 | FR74: =ROUND(IF(AND(BH74=3,BI74=3),P74,0),2) -> 0 | FS74: 0 | FX74: 74 | FY74: 50 | GD74: 0 | GF74: -66286256 | GG74: 2 | GH74: 1 | GI74: -2 | GJ74: 0 | GK74: =ROUND(R74*(R12)/100,2) -> 0 | GL74: =ROUND(IF(AND(BH74=3,BI74=3,FS74<>0),P74,0),2) -> 0 | GM74: =ROUND(O74+X74+Y74+GK74,2)+GX74 -> 0 | GN74: =IF(OR(BI74=0,BI74=1),ROUND(O74+X74+Y74+GK74,2),0) -> 0 | GO74: =IF(BI74=2,ROUND(O74+X74+Y74+GK74,2),0) -> 0 | GP74: =IF(BI74=4,ROUND(O74+X74+Y74+GK74,2)+GX74,0) -> 0 | GR74: 0 | GS74: 3 | GT74: 0 | GV74: =ROUND(GT74,2) -> 0 | GW74: 1 | GX74: =ROUND(GV74*GW74*I74,2) -> 0 | HA74: 0 | HB74: 0 | IK74: 0
A75: 18 | B75: 1 | C75: 136 | E75: 18,1 | F75: 01.7.07.07 | G75: Строительный мусор и масса возвратных материалов | H75: т | I75: =I73*J75 -> 0.0944 | J75: 1.18 | O75: =ROUND(CP75,2) -> 0 | P75: =ROUND(CQ75*I75,2) -> 0 | Q75: =ROUND(CR75*I75,2) -> 0 | R75: =ROUND(CS75*I75,2) -> 0 | S75: =ROUND(CT75*I75,2) -> 0 | T75: =ROUND(CU75*I75,2) -> 0 | U75: =CV75*I75 -> 0 | V75: =CW75*I75 -> 0 | W75: =ROUND(CX75*I75,2) -> 0 | X75: =ROUND(CY75,2) -> 0 | Y75: =ROUND(CZ75,2) -> 0 | AA75: 16697019 | AB75: =ROUND((AC75+AD75+AF75),2) -> 0 | AC75: =ROUND((ES75),2) -> 0 | AD75: =ROUND((((ET75)-(EU75))+AE75),2) -> 0 | AE75: =ROUND((EU75),2) -> 0 | AF75: =ROUND((EV75),2) -> 0 | AG75: =ROUND((AP75),2) -> 0 | AH75: =(EW75) -> 0 | AI75: =(EX75) -> 0 | AJ75: =ROUND((AS75),2) -> 0 | AK75: 0 | AL75: 0 | AM75: 0 | AN75: 0 | AO75: 0 | AP75: 0 | AQ75: 0 | AR75: 0 | AS75: 0 | AT75: 74 | AU75: 50 | AV75: 1 | AW75: 1 | AZ75: 6.56 | BA75: 1 | BB75: 1 | BC75: 6.56 | BH75: 3 | BI75: 1 | BM75: 65001 | BN75: 0 | BP75: 0 | BQ75: 6 | BR75: 0 | BS75: 1 | BT75: 1 | BU75: 1 | BV75: 1 | BW75: 1 | BX75: 1 | BZ75: 74 | CA75: 50 | CF75: 0 | CG75: 0 | CM75: 0 | CO75: 0 | CP75: =(P75+Q75+S75) -> 0 | CQ75: =AC75*BC75 -> 0 | CR75: =AD75*BB75 -> 0 | CS75: =AE75*BS75 -> 0 | CT75: =AF75*BA75 -> 0 | CU75: =AG75 -> 0 | CV75: =AH75 -> 0 | CW75: =AI75 -> 0 | CX75: =AJ75 -> 0 | CY75: =(((S75+R75)*AT75)/100) -> 0 | CZ75: =(((S75+R75)*AU75)/100) -> 0 | DN75: 0 | DO75: 0 | DP75: 1 | DQ75: 1 | DU75: 1009 | DV75: т | DW75: т | DX75: 1000 | EE75: 16510574 | EF75: 6 | EG75: Ремонтно-строительные работы | EH75: 0 | EJ75: 1 | EK75: 65001 | EL75: Внтуренниие с/техработы: демонтаж, разборка, промывка | EM75: рФЕР-65 | EQ75: 0 | ER75: 0 | ES75: 0 | ET75: 0 | EU75: 0 | EV75: 0 | EW75: 0 | EX75: 0 | FQ75: 0 | FR75: =ROUND(IF(AND(BH75=3,BI75=3),P75,0),2) -> 0 | FS75: 0 | FX75: 74 | FY75: 50 | GD75: 0 | GF75: -66286256 | GG75: 1 | GH75: 1 | GI75: 4 | GJ75: 0 | GK75: =ROUND(R75*(S12)/100,2) -> 0 | GL75: =ROUND(IF(AND(BH75=3,BI75=3,FS75<>0),P75,0),2) -> 0 | GM75: =ROUND(O75+X75+Y75+GK75,2)+GX75 -> 0 | GN75: =IF(OR(BI75=0,BI75=1),ROUND(O75+X75+Y75+GK75,2),0) -> 0 | GO75: =IF(BI75=2,ROUND(O75+X75+Y75+GK75,2),0) -> 0 | GP75: =IF(BI75=4,ROUND(O75+X75+Y75+GK75,2)+GX75,0) -> 0 | GR75: 0 | GS75: 3 | GT75: 0 | GV75: =ROUND(GT75,2) -> 0 | GW75: 1 | GX75: =ROUND(GV75*GW75*I75,2) -> 0 | HA75: 0 | HB75: 0 | IK75: 0
A76: 17 | B76: 1 | C76: =ROW(SmtRes!A140) -> 140 | D76: =ROW(EtalonRes!A144) -> 144 | E76: 19 | F76: 65-4-1 | G76: Демонтаж умывальников и раковин | H76: 100 ШТ | I76: =ROUND(8/100,9) -> 0.08 | J76: 0 | O76: =ROUND(CP76,2) -> 35.66 | P76: =ROUND(CQ76*I76,2) -> 0 | Q76: =ROUND(CR76*I76,2) -> 0.65 | R76: =ROUND(CS76*I76,2) -> 0.28 | S76: =ROUND(CT76*I76,2) -> 35.01 | T76: =ROUND(CU76*I76,2) -> 0 | U76: =CV76*I76 -> 4.104 | V76: =CW76*I76 -> 0.0208 | W76: =ROUND(CX76*I76,2) -> 0 | X76: =ROUND(CY76,2) -> 26.11 | Y76: =ROUND(CZ76,2) -> 17.65 | AA76: 16697018 | AB76: =ROUND((AC76+AD76+AF76),2) -> 445.72 | AC76: =ROUND((ES76),2) -> 0 | AD76: =ROUND((((ET76)-(EU76))+AE76),2) -> 8.13 | AE76: =ROUND((EU76),2) -> 3.51 | AF76: =ROUND((EV76),2) -> 437.59 | AG76: =ROUND((AP76),2) -> 0 | AH76: =(EW76) -> 51.3 | AI76: =(EX76) -> 0.26 | AJ76: =ROUND((AS76),2) -> 0 | AK76: 445.72 | AL76: 0 | AM76: 8.13 | AN76: 3.51 | AO76: 437.59 | AP76: 0 | AQ76: 51.3 | AR76: 0.26 | AS76: 0 | AT76: 74 | AU76: 50 | AV76: 1 | AW76: 1 | AZ76: 1 | BA76: 1 | BB76: 1 | BC76: 1 | BH76: 0 | BI76: 1 | BJ76: ФЕРр-2001, 65-4-1, приказ Минстроя России №1039/пр от 30.12.2016г. | BM76: 65001 | BN76: 0 | BP76: 0 | BQ76: 6 | BR76: 0 | BS76: 1 | BT76: 1 | BU76: 1 | BV76: 1 | BW76: 1 | BX76: 1 | BZ76: 74 | CA76: 50 | CF76: 0 | CG76: 0 | CM76: 0 | CO76: 0 | CP76: =(P76+Q76+S76) -> 35.66 | CQ76: =AC76*BC76 -> 0 | CR76: =AD76*BB76 -> 8.13 | CS76: =AE76*BS76 -> 3.51 | CT76: =AF76*BA76 -> 437.59 | CU76: =AG76 -> 0 | CV76: =AH76 -> 51.3 | CW76: =AI76 -> 0.26 | CX76: =AJ76 -> 0 | CY76: =(((S76+R76)*AT76)/100) -> 26.1146 | CZ76: =(((S76+R76)*AU76)/100) -> 17.645 | DN76: 0 | DO76: 0 | DP76: 1 | DQ76: 1 | DU76: 1013 | DV76: 100 ШТ | DW76: 100 ШТ | DX76: 1 | EE76: 16510574 | EF76: 6 | EG76: Ремонтно-строительные работы | EH76: 0 | EJ76: 1 | EK76: 65001 | EL76: Внтуренниие с/техработы: демонтаж, разборка, промывка | EM76: рФЕР-65 | EQ76: 131072 | ER76: 445.72 | ES76: 0 | ET76: 8.13 | EU76: 3.51 | EV76: 437.59 | EW76: 51.3 | EX76: 0.26 | EY76: 0 | FQ76: 0 | FR76: =ROUND(IF(AND(BH76=3,BI76=3),P76,0),2) -> 0 | FS76: 0 | FX76: 74 | FY76: 50 | GD76: 0 | GF76: -869396583 | GG76: 2 | GH76: 1 | GI76: -2 | GJ76: 0 | GK76: =ROUND(R76*(R12)/100,2) -> 0 | GL76: =ROUND(IF(AND(BH76=3,BI76=3,FS76<>0),P76,0),2) -> 0 | GM76: =ROUND(O76+X76+Y76+GK76,2)+GX76 -> 79.42 | GN76: =IF(OR(BI76=0,BI76=1),ROUND(O76+X76+Y76+GK76,2),0) -> 79.42 | GO76: =IF(BI76=2,ROUND(O76+X76+Y76+GK76,2),0) -> 0 | GP76: =IF(BI76=4,ROUND(O76+X76+Y76+GK76,2)+GX76,0) -> 0 | GR76: 0 | GS76: 3 | GT76: 0 | GV76: =ROUND(GT76,2) -> 0 | GW76: 1 | GX76: =ROUND(GV76*GW76*I76,2) -> 0 | HA76: 0 | HB76: 0 | IK76: 0
A77: 17 | B77: 1 | C77: =ROW(SmtRes!A144) -> 144 | D77: =ROW(EtalonRes!A148) -> 148 | E77: 19 | F77: 65-4-1 | G77: Демонтаж умывальников и раковин | H77: 100 ШТ | I77: =ROUND(8/100,9) -> 0.08 | J77: 0 | O77: =ROUND(CP77,2) -> 233.92 | P77: =ROUND(CQ77*I77,2) -> 0 | Q77: =ROUND(CR77*I77,2) -> 4.27 | R77: =ROUND(CS77*I77,2) -> 1.84 | S77: =ROUND(CT77*I77,2) -> 229.65 | T77: =ROUND(CU77*I77,2) -> 0 | U77: =CV77*I77 -> 4.104 | V77: =CW77*I77 -> 0.0208 | W77: =ROUND(CX77*I77,2) -> 0 | X77: =ROUND(CY77,2) -> 171.3 | Y77: =ROUND(CZ77,2) -> 115.75 | AA77: 16697019 | AB77: =ROUND((AC77+AD77+AF77),2) -> 445.72 | AC77: =ROUND((ES77),2) -> 0 | AD77: =ROUND((((ET77)-(EU77))+AE77),2) -> 8.13 | AE77: =ROUND((EU77),2) -> 3.51 | AF77: =ROUND((EV77),2) -> 437.59 | AG77: =ROUND((AP77),2) -> 0 | AH77: =(EW77) -> 51.3 | AI77: =(EX77) -> 0.26 | AJ77: =ROUND((AS77),2) -> 0 | AK77: 445.72 | AL77: 0 | AM77: 8.13 | AN77: 3.51 | AO77: 437.59 | AP77: 0 | AQ77: 51.3 | AR77: 0.26 | AS77: 0 | AT77: 74 | AU77: 50 | AV77: 1 | AW77: 1 | AZ77: 6.56 | BA77: 6.56 | BB77: 6.56 | BC77: 6.56 | BH77: 0 | BI77: 1 | BJ77: ФЕРр-2001, 65-4-1, приказ Минстроя России №1039/пр от 30.12.2016г. | BM77: 65001 | BN77: 0 | BP77: 0 | BQ77: 6 | BR77: 0 | BS77: 6.56 | BT77: 1 | BU77: 1 | BV77: 1 | BW77: 1 | BX77: 1 | BZ77: 74 | CA77: 50 | CF77: 0 | CG77: 0 | CM77: 0 | CO77: 0 | CP77: =(P77+Q77+S77) -> 233.92 | CQ77: =AC77*BC77 -> 0 | CR77: =AD77*BB77 -> 53.3328 | CS77: =AE77*BS77 -> 23.0256 | CT77: =AF77*BA77 -> 2870.5904 | CU77: =AG77 -> 0 | CV77: =AH77 -> 51.3 | CW77: =AI77 -> 0.26 | CX77: =AJ77 -> 0 | CY77: =(((S77+R77)*AT77)/100) -> 171.3026 | CZ77: =(((S77+R77)*AU77)/100) -> 115.745 | DN77: 0 | DO77: 0 | DP77: 1 | DQ77: 1 | DU77: 1013 | DV77: 100 ШТ | DW77: 100 ШТ | DX77: 1 | EE77: 16510574 | EF77: 6 | EG77: Ремонтно-строительные работы | EH77: 0 | EJ77: 1 | EK77: 65001 | EL77: Внтуренниие с/техработы: демонтаж, разборка, промывка | EM77: рФЕР-65 | EQ77: 131072 | ER77: 445.72 | ES77: 0 | ET77: 8.13 | EU77: 3.51 | EV77: 437.59 | EW77: 51.3 | EX77: 0.26 | EY77: 0 | FQ77: 0 | FR77: =ROUND(IF(AND(BH77=3,BI77=3),P77,0),2) -> 0 | FS77: 0 | FX77: 74 | FY77: 50 | GD77: 0 | GF77: -869396583 | GG77: 1 | GH77: 1 | GI77: 4 | GJ77: 0 | GK77: =ROUND(R77*(S12)/100,2) -> 0 | GL77: =ROUND(IF(AND(BH77=3,BI77=3,FS77<>0),P77,0),2) -> 0 | GM77: =ROUND(O77+X77+Y77+GK77,2)+GX77 -> 520.97 | GN77: =IF(OR(BI77=0,BI77=1),ROUND(O77+X77+Y77+GK77,2),0) -> 520.97 | GO77: =IF(BI77=2,ROUND(O77+X77+Y77+GK77,2),0) -> 0 | GP77: =IF(BI77=4,ROUND(O77+X77+Y77+GK77,2)+GX77,0) -> 0 | GR77: 0 | GS77: 3 | GT77: 0 | GV77: =ROUND(GT77,2) -> 0 | GW77: 1 | GX77: =ROUND(GV77*GW77*I77,2) -> 0 | HA77: 0 | HB77: 0 | IK77: 0
A78: 18 | B78: 1 | C78: 140 | E78: 19,1 | F78: 01.7.07.07 | G78: Строительный мусор и масса возвратных материалов | H78: т | I78: =I76*J78 -> 0.1456 | J78: 1.82 | O78: =ROUND(CP78,2) -> 0 | P78: =ROUND(CQ78*I78,2) -> 0 | Q78: =ROUND(CR78*I78,2) -> 0 | R78: =ROUND(CS78*I78,2) -> 0 | S78: =ROUND(CT78*I78,2) -> 0 | T78: =ROUND(CU78*I78,2) -> 0 | U78: =CV78*I78 -> 0 | V78: =CW78*I78 -> 0 | W78: =ROUND(CX78*I78,2) -> 0 | X78: =ROUND(CY78,2) -> 0 | Y78: =ROUND(CZ78,2) -> 0 | AA78: 16697018 | AB78: =ROUND((AC78+AD78+AF78),2) -> 0 | AC78: =ROUND((ES78),2) -> 0 | AD78: =ROUND((((ET78)-(EU78))+AE78),2) -> 0 | AE78: =ROUND((EU78),2) -> 0 | AF78: =ROUND((EV78),2) -> 0 | AG78: =ROUND((AP78),2) -> 0 | AH78: =(EW78) -> 0 | AI78: =(EX78) -> 0 | AJ78: =ROUND((AS78),2) -> 0 | AK78: 0 | AL78: 0 | AM78: 0 | AN78: 0 | AO78: 0 | AP78: 0 | AQ78: 0 | AR78: 0 | AS78: 0 | AT78: 74 | AU78: 50 | AV78: 1 | AW78: 1 | AZ78: 1 | BA78: 1 | BB78: 1 | BC78: 1 | BH78: 3 | BI78: 1 | BM78: 65001 | BN78: 0 | BP78: 0 | BQ78: 6 | BR78: 0 | BS78: 1 | BT78: 1 | BU78: 1 | BV78: 1 | BW78: 1 | BX78: 1 | BZ78: 74 | CA78: 50 | CF78: 0 | CG78: 0 | CM78: 0 | CO78: 0 | CP78: =(P78+Q78+S78) -> 0 | CQ78: =AC78*BC78 -> 0 | CR78: =AD78*BB78 -> 0 | CS78: =AE78*BS78 -> 0 | CT78: =AF78*BA78 -> 0 | CU78: =AG78 -> 0 | CV78: =AH78 -> 0 | CW78: =AI78 -> 0 | CX78: =AJ78 -> 0 | CY78: =(((S78+R78)*AT78)/100) -> 0 | CZ78: =(((S78+R78)*AU78)/100) -> 0 | DN78: 0 | DO78: 0 | DP78: 1 | DQ78: 1 | DU78: 1009 | DV78: т | DW78: т | DX78: 1000 | EE78: 16510574 | EF78: 6 | EG78: Ремонтно-строительные работы | EH78: 0 | EJ78: 1 | EK78: 65001 | EL78: Внтуренниие с/техработы: демонтаж, разборка, промывка | EM78: рФЕР-65 | EQ78: 0 | ER78: 0 | ES78: 0 | ET78: 0 | EU78: 0 | EV78: 0 | EW78: 0 | EX78: 0 | FQ78: 0 | FR78: =ROUND(IF(AND(BH78=3,BI78=3),P78,0),2) -> 0 | FS78: 0 | FX78: 74 | FY78: 50 | GD78: 0 | GF78: -66286256 | GG78: 2 | GH78: 1 | GI78: -2 | GJ78: 0 | GK78: =ROUND(R78*(R12)/100,2) -> 0 | GL78: =ROUND(IF(AND(BH78=3,BI78=3,FS78<>0),P78,0),2) -> 0 | GM78: =ROUND(O78+X78+Y78+GK78,2)+GX78 -> 0 | GN78: =IF(OR(BI78=0,BI78=1),ROUND(O78+X78+Y78+GK78,2),0) -> 0 | GO78: =IF(BI78=2,ROUND(O78+X78+Y78+GK78,2),0) -> 0 | GP78: =IF(BI78=4,ROUND(O78+X78+Y78+GK78,2)+GX78,0) -> 0 | GR78: 0 | GS78: 3 | GT78: 0 | GV78: =ROUND(GT78,2) -> 0 | GW78: 1 | GX78: =ROUND(GV78*GW78*I78,2) -> 0 | HA78: 0 | HB78: 0 | IK78: 0
A79: 18 | B79: 1 | C79: 144 | E79: 19,1 | F79: 01.7.07.07 | G79: Строительный мусор и масса возвратных материалов | H79: т | I79: =I77*J79 -> 0.1456 | J79: 1.82 | O79: =ROUND(CP79,2) -> 0 | P79: =ROUND(CQ79*I79,2) -> 0 | Q79: =ROUND(CR79*I79,2) -> 0 | R79: =ROUND(CS79*I79,2) -> 0 | S79: =ROUND(CT79*I79,2) -> 0 | T79: =ROUND(CU79*I79,2) -> 0 | U79: =CV79*I79 -> 0 | V79: =CW79*I79 -> 0 | W79: =ROUND(CX79*I79,2) -> 0 | X79: =ROUND(CY79,2) -> 0 | Y79: =ROUND(CZ79,2) -> 0 | AA79: 16697019 | AB79: =ROUND((AC79+AD79+AF79),2) -> 0 | AC79: =ROUND((ES79),2) -> 0 | AD79: =ROUND((((ET79)-(EU79))+AE79),2) -> 0 | AE79: =ROUND((EU79),2) -> 0 | AF79: =ROUND((EV79),2) -> 0 | AG79: =ROUND((AP79),2) -> 0 | AH79: =(EW79) -> 0 | AI79: =(EX79) -> 0 | AJ79: =ROUND((AS79),2) -> 0 | AK79: 0 | AL79: 0 | AM79: 0 | AN79: 0 | AO79: 0 | AP79: 0 | AQ79: 0 | AR79: 0 | AS79: 0 | AT79: 74 | AU79: 50 | AV79: 1 | AW79: 1 | AZ79: 6.56 | BA79: 1 | BB79: 1 | BC79: 6.56 | BH79: 3 | BI79: 1 | BM79: 65001 | BN79: 0 | BP79: 0 | BQ79: 6 | BR79: 0 | BS79: 1 | BT79: 1 | BU79: 1 | BV79: 1 | BW79: 1 | BX79: 1 | BZ79: 74 | CA79: 50 | CF79: 0 | CG79: 0 | CM79: 0 | CO79: 0 | CP79: =(P79+Q79+S79) -> 0 | CQ79: =AC79*BC79 -> 0 | CR79: =AD79*BB79 -> 0 | CS79: =AE79*BS79 -> 0 | CT79: =AF79*BA79 -> 0 | CU79: =AG79 -> 0 | CV79: =AH79 -> 0 | CW79: =AI79 -> 0 | CX79: =AJ79 -> 0 | CY79: =(((S79+R79)*AT79)/100) -> 0 | CZ79: =(((S79+R79)*AU79)/100) -> 0 | DN79: 0 | DO79: 0 | DP79: 1 | DQ79: 1 | DU79: 1009 | DV79: т | DW79: т | DX79: 1000 | EE79: 16510574 | EF79: 6 | EG79: Ремонтно-строительные работы | EH79: 0 | EJ79: 1 | EK79: 65001 | EL79: Внтуренниие с/техработы: демонтаж, разборка, промывка | EM79: рФЕР-65 | EQ79: 0 | ER79: 0 | ES79: 0 | ET79: 0 | EU79: 0 | EV79: 0 | EW79: 0 | EX79: 0 | FQ79: 0 | FR79: =ROUND(IF(AND(BH79=3,BI79=3),P79,0),2) -> 0 | FS79: 0 | FX79: 74 | FY79: 50 | GD79: 0 | GF79: -66286256 | GG79: 1 | GH79: 1 | GI79: 4 | GJ79: 0 | GK79: =ROUND(R79*(S12)/100,2) -> 0 | GL79: =ROUND(IF(AND(BH79=3,BI79=3,FS79<>0),P79,0),2) -> 0 | GM79: =ROUND(O79+X79+Y79+GK79,2)+GX79 -> 0 | GN79: =IF(OR(BI79=0,BI79=1),ROUND(O79+X79+Y79+GK79,2),0) -> 0 | GO79: =IF(BI79=2,ROUND(O79+X79+Y79+GK79,2),0) -> 0 | GP79: =IF(BI79=4,ROUND(O79+X79+Y79+GK79,2)+GX79,0) -> 0 | GR79: 0 | GS79: 3 | GT79: 0 | GV79: =ROUND(GT79,2) -> 0 | GW79: 1 | GX79: =ROUND(GV79*GW79*I79,2) -> 0 | HA79: 0 | HB79: 0 | IK79: 0
A80: 17 | B80: 1 | C80: =ROW(SmtRes!A147) -> 147 | D80: =ROW(EtalonRes!A151) -> 151 | E80: 20 | F80: 65-19-1 | G80: Демонтаж радиаторов весом до 80 кг | H80: 100 ШТ | I80: =ROUND(7/100,9) -> 0.07 | J80: 0 | O80: =ROUND(CP80,2) -> 65.5 | P80: =ROUND(CQ80*I80,2) -> 0 | Q80: =ROUND(CR80*I80,2) -> 4.9 | R80: =ROUND(CS80*I80,2) -> 2.12 | S80: =ROUND(CT80*I80,2) -> 60.6 | T80: =ROUND(CU80*I80,2) -> 0 | U80: =CV80*I80 -> 7.7 | V80: =CW80*I80 -> 0.1568 | W80: =ROUND(CX80*I80,2) -> 0 | X80: =ROUND(CY80,2) -> 46.41 | Y80: =ROUND(CZ80,2) -> 31.36 | AA80: 16697018 | AB80: =ROUND((AC80+AD80+AF80),2) -> 935.72 | AC80: =ROUND((ES80),2) -> 0 | AD80: =ROUND((((ET80)-(EU80))+AE80),2) -> 70.02 | AE80: =ROUND((EU80),2) -> 30.24 | AF80: =ROUND((EV80),2) -> 865.7 | AG80: =ROUND((AP80),2) -> 0 | AH80: =(EW80) -> 110 | AI80: =(EX80) -> 2.24 | AJ80: =ROUND((AS80),2) -> 0 | AK80: 935.72 | AL80: 0 | AM80: 70.02 | AN80: 30.24 | AO80: 865.7 | AP80: 0 | AQ80: 110 | AR80: 2.24 | AS80: 0 | AT80: 74 | AU80: 50 | AV80: 1 | AW80: 1 | AZ80: 1 | BA80: 1 | BB80: 1 | BC80: 1 | BH80: 0 | BI80: 1 | BJ80: ФЕРр-2001, 65-19-1, приказ Минстроя России №1039/пр от 30.12.2016г. | BM80: 65003 | BN80: 0 | BP80: 0 | BQ80: 6 | BR80: 0 | BS80: 1 | BT80: 1 | BU80: 1 | BV80: 1 | BW80: 1 | BX80: 1 | BZ80: 74 | CA80: 50 | CF80: 0 | CG80: 0 | CM80: 0 | CO80: 0 | CP80: =(P80+Q80+S80) -> 65.5 | CQ80: =AC80*BC80 -> 0 | CR80: =AD80*BB80 -> 70.02 | CS80: =AE80*BS80 -> 30.24 | CT80: =AF80*BA80 -> 865.7 | CU80: =AG80 -> 0 | CV80: =AH80 -> 110 | CW80: =AI80 -> 2.24 | CX80: =AJ80 -> 0 | CY80: =(((S80+R80)*AT80)/100) -> 46.4128 | CZ80: =(((S80+R80)*AU80)/100) -> 31.36 | DN80: 0 | DO80: 0 | DP80: 1 | DQ80: 1 | DU80: 1013 | DV80: 100 ШТ | DW80: 100 ШТ | DX80: 1 | EE80: 16510578 | EF80: 6 | EG80: Ремонтно-строительные работы | EH80: 0 | EJ80: 1 | EK80: 65003 | EL80: Внтуренниие с/техработы: демонтаж, разборка, промывка | EM80: рФЕР-65 | EQ80: 131072 | ER80: 935.72 | ES80: 0 | ET80: 70.02 | EU80: 30.24 | EV80: 865.7 | EW80: 110 | EX80: 2.24 | EY80: 0 | FQ80: 0 | FR80: =ROUND(IF(AND(BH80=3,BI80=3),P80,0),2) -> 0 | FS80: 0 | FX80: 74 | FY80: 50 | GD80: 0 | GF80: -808117515 | GG80: 2 | GH80: 1 | GI80: -2 | GJ80: 0 | GK80: =ROUND(R80*(R12)/100,2) -> 0 | GL80: =ROUND(IF(AND(BH80=3,BI80=3,FS80<>0),P80,0),2) -> 0 | GM80: =ROUND(O80+X80+Y80+GK80,2)+GX80 -> 143.27 | GN80: =IF(OR(BI80=0,BI80=1),ROUND(O80+X80+Y80+GK80,2),0) -> 143.27 | GO80: =IF(BI80=2,ROUND(O80+X80+Y80+GK80,2),0) -> 0 | GP80: =IF(BI80=4,ROUND(O80+X80+Y80+GK80,2)+GX80,0) -> 0 | GR80: 0 | GS80: 3 | GT80: 0 | GV80: =ROUND(GT80,2) -> 0 | GW80: 1 | GX80: =ROUND(GV80*GW80*I80,2) -> 0 | HA80: 0 | HB80: 0 | IK80: 0
A81: 17 | B81: 1 | C81: =ROW(SmtRes!A150) -> 150 | D81: =ROW(EtalonRes!A154) -> 154 | E81: 20 | F81: 65-19-1 | G81: Демонтаж радиаторов весом до 80 кг | H81: 100 ШТ | I81: =ROUND(7/100,9) -> 0.07 | J81: 0 | O81: =ROUND(CP81,2) -> 429.68 | P81: =ROUND(CQ81*I81,2) -> 0 | Q81: =ROUND(CR81*I81,2) -> 32.15 | R81: =ROUND(CS81*I81,2) -> 13.89 | S81: =ROUND(CT81*I81,2) -> 397.53 | T81: =ROUND(CU81*I81,2) -> 0 | U81: =CV81*I81 -> 7.7 | V81: =CW81*I81 -> 0.1568 | W81: =ROUND(CX81*I81,2) -> 0 | X81: =ROUND(CY81,2) -> 304.45 | Y81: =ROUND(CZ81,2) -> 205.71 | AA81: 16697019 | AB81: =ROUND((AC81+AD81+AF81),2) -> 935.72 | AC81: =ROUND((ES81),2) -> 0 | AD81: =ROUND((((ET81)-(EU81))+AE81),2) -> 70.02 | AE81: =ROUND((EU81),2) -> 30.24 | AF81: =ROUND((EV81),2) -> 865.7 | AG81: =ROUND((AP81),2) -> 0 | AH81: =(EW81) -> 110 | AI81: =(EX81) -> 2.24 | AJ81: =ROUND((AS81),2) -> 0 | AK81: 935.72 | AL81: 0 | AM81: 70.02 | AN81: 30.24 | AO81: 865.7 | AP81: 0 | AQ81: 110 | AR81: 2.24 | AS81: 0 | AT81: 74 | AU81: 50 | AV81: 1 | AW81: 1 | AZ81: 6.56 | BA81: 6.56 | BB81: 6.56 | BC81: 6.56 | BH81: 0 | BI81: 1 | BJ81: ФЕРр-2001, 65-19-1, приказ Минстроя России №1039/пр от 30.12.2016г. | BM81: 65003 | BN81: 0 | BP81: 0 | BQ81: 6 | BR81: 0 | BS81: 6.56 | BT81: 1 | BU81: 1 | BV81: 1 | BW81: 1 | BX81: 1 | BZ81: 74 | CA81: 50 | CF81: 0 | CG81: 0 | CM81: 0 | CO81: 0 | CP81: =(P81+Q81+S81) -> 429.68 | CQ81: =AC81*BC81 -> 0 | CR81: =AD81*BB81 -> 459.3312 | CS81: =AE81*BS81 -> 198.3744 | CT81: =AF81*BA81 -> 5678.992 | CU81: =AG81 -> 0 | CV81: =AH81 -> 110 | CW81: =AI81 -> 2.24 | CX81: =AJ81 -> 0 | CY81: =(((S81+R81)*AT81)/100) -> 304.4508 | CZ81: =(((S81+R81)*AU81)/100) -> 205.71 | DN81: 0 | DO81: 0 | DP81: 1 | DQ81: 1 | DU81: 1013 | DV81: 100 ШТ | DW81: 100 ШТ | DX81: 1 | EE81: 16510578 | EF81: 6 | EG81: Ремонтно-строительные работы | EH81: 0 | EJ81: 1 | EK81: 65003 | EL81: Внтуренниие с/техработы: демонтаж, разборка, промывка | EM81: рФЕР-65 | EQ81: 131072 | ER81: 935.72 | ES81: 0 | ET81: 70.02 | EU81: 30.24 | EV81: 865.7 | EW81: 110 | EX81: 2.24 | EY81: 0 | FQ81: 0 | FR81: =ROUND(IF(AND(BH81=3,BI81=3),P81,0),2) -> 0 | FS81: 0 | FX81: 74 | FY81: 50 | GD81: 0 | GF81: -808117515 | GG81: 1 | GH81: 1 | GI81: 4 | GJ81: 0 | GK81: =ROUND(R81*(S12)/100,2) -> 0 | GL81: =ROUND(IF(AND(BH81=3,BI81=3,FS81<>0),P81,0),2) -> 0 | GM81: =ROUND(O81+X81+Y81+GK81,2)+GX81 -> 939.84 | GN81: =IF(OR(BI81=0,BI81=1),ROUND(O81+X81+Y81+GK81,2),0) -> 939.84 | GO81: =IF(BI81=2,ROUND(O81+X81+Y81+GK81,2),0) -> 0 | GP81: =IF(BI81=4,ROUND(O81+X81+Y81+GK81,2)+GX81,0) -> 0 | GR81: 0 | GS81: 3 | GT81: 0 | GV81: =ROUND(GT81,2) -> 0 | GW81: 1 | GX81: =ROUND(GV81*GW81*I81,2) -> 0 | HA81: 0 | HB81: 0 | IK81: 0
A82: 17 | B82: 1 | C82: =ROW(SmtRes!A154) -> 154 | D82: =ROW(EtalonRes!A158) -> 158 | E82: 21 | F82: 65-14-4 | G82: Разборка трубопроводов из водогазопроводных труб в зданиях и сооружениях на сварке диаметром до 100 мм | H82: 100 м | I82: =ROUND(7.2/100,9) -> 0.072 | J82: 0 | O82: =ROUND(CP82,2) -> 43.46 | P82: =ROUND(CQ82*I82,2) -> 2.18 | Q82: =ROUND(CR82*I82,2) -> 1.18 | R82: =ROUND(CS82*I82,2) -> 0 | S82: =ROUND(CT82*I82,2) -> 40.1 | T82: =ROUND(CU82*I82,2) -> 0 | U82: =CV82*I82 -> 4.7016 | V82: =CW82*I82 -> 0 | W82: =ROUND(CX82*I82,2) -> 0 | X82: =ROUND(CY82,2) -> 29.67 | Y82: =ROUND(CZ82,2) -> 20.05 | AA82: 16697018 | AB82: =ROUND((AC82+AD82+AF82),2) -> 603.67 | AC82: =ROUND((ES82),2) -> 30.34 | AD82: =ROUND((((ET82)-(EU82))+AE82),2) -> 16.32 | AE82: =ROUND((EU82),2) -> 0 | AF82: =ROUND((EV82),2) -> 557.01 | AG82: =ROUND((AP82),2) -> 0 | AH82: =(EW82) -> 65.3 | AI82: =(EX82) -> 0 | AJ82: =ROUND((AS82),2) -> 0 | AK82: 603.67 | AL82: 30.34 | AM82: 16.32 | AN82: 0 | AO82: 557.01 | AP82: 0 | AQ82: 65.3 | AR82: 0 | AS82: 0 | AT82: 74 | AU82: 50 | AV82: 1 | AW82: 1 | AZ82: 1 | BA82: 1 | BB82: 1 | BC82: 1 | BH82: 0 | BI82: 1 | BJ82: ФЕРр-2001, 65-14-4, приказ Минстроя России №1039/пр от 30.12.2016г. | BM82: 65002 | BN82: 0 | BP82: 0 | BQ82: 6 | BR82: 0 | BS82: 1 | BT82: 1 | BU82: 1 | BV82: 1 | BW82: 1 | BX82: 1 | BZ82: 74 | CA82: 50 | CF82: 0 | CG82: 0 | CM82: 0 | CO82: 0 | CP82: =(P82+Q82+S82) -> 43.46 | CQ82: =AC82*BC82 -> 30.34 | CR82: =AD82*BB82 -> 16.32 | CS82: =AE82*BS82 -> 0 | CT82: =AF82*BA82 -> 557.01 | CU82: =AG82 -> 0 | CV82: =AH82 -> 65.3 | CW82: =AI82 -> 0 | CX82: =AJ82 -> 0 | CY82: =(((S82+R82)*AT82)/100) -> 29.674 | CZ82: =(((S82+R82)*AU82)/100) -> 20.05 | DN82: 0 | DO82: 0 | DP82: 1 | DQ82: 1 | DU82: 1003 | DV82: 100 м | DW82: 100 м | DX82: 100 | EE82: 16510577 | EF82: 6 | EG82: Ремонтно-строительные работы | EH82: 0 | EJ82: 1 | EK82: 65002 | EL82: Внтуренниие с/техработы: демонтаж, разборка, промывка | EM82: рФЕР-65 | EQ82: 131072 | ER82: 603.67 | ES82: 30.34 | ET82: 16.32 | EU82: 0 | EV82: 557.01 | EW82: 65.3 | EX82: 0 | EY82: 0 | FQ82: 0 | FR82: =ROUND(IF(AND(BH82=3,BI82=3),P82,0),2) -> 0 | FS82: 0 | FX82: 74 | FY82: 50 | GD82: 0 | GF82: 966717939 | GG82: 2 | GH82: 1 | GI82: -2 | GJ82: 0 | GK82: =ROUND(R82*(R12)/100,2) -> 0 | GL82: =ROUND(IF(AND(BH82=3,BI82=3,FS82<>0),P82,0),2) -> 0 | GM82: =ROUND(O82+X82+Y82+GK82,2)+GX82 -> 93.18 | GN82: =IF(OR(BI82=0,BI82=1),ROUND(O82+X82+Y82+GK82,2),0) -> 93.18 | GO82: =IF(BI82=2,ROUND(O82+X82+Y82+GK82,2),0) -> 0 | GP82: =IF(BI82=4,ROUND(O82+X82+Y82+GK82,2)+GX82,0) -> 0 | GR82: 0 | GS82: 3 | GT82: 0 | GV82: =ROUND(GT82,2) -> 0 | GW82: 1 | GX82: =ROUND(GV82*GW82*I82,2) -> 0 | HA82: 0 | HB82: 0 | IK82: 0
A83: 17 | B83: 1 | C83: =ROW(SmtRes!A158) -> 158 | D83: =ROW(EtalonRes!A162) -> 162 | E83: 21 | F83: 65-14-4 | G83: Разборка трубопроводов из водогазопроводных труб в зданиях и сооружениях на сварке диаметром до 100 мм | H83: 100 м | I83: =ROUND(7.2/100,9) -> 0.072 | J83: 0 | O83: =ROUND(CP83,2) -> 285.13 | P83: =ROUND(CQ83*I83,2) -> 14.33 | Q83: =ROUND(CR83*I83,2) -> 7.71 | R83: =ROUND(CS83*I83,2) -> 0 | S83: =ROUND(CT83*I83,2) -> 263.09 | T83: =ROUND(CU83*I83,2) -> 0 | U83: =CV83*I83 -> 4.7016 | V83: =CW83*I83 -> 0 | W83: =ROUND(CX83*I83,2) -> 0 | X83: =ROUND(CY83,2) -> 194.69 | Y83: =ROUND(CZ83,2) -> 131.55 | AA83: 16697019 | AB83: =ROUND((AC83+AD83+AF83),2) -> 603.67 | AC83: =ROUND((ES83),2) -> 30.34 | AD83: =ROUND((((ET83)-(EU83))+AE83),2) -> 16.32 | AE83: =ROUND((EU83),2) -> 0 | AF83: =ROUND((EV83),2) -> 557.01 | AG83: =ROUND((AP83),2) -> 0 | AH83: =(EW83) -> 65.3 | AI83: =(EX83) -> 0 | AJ83: =ROUND((AS83),2) -> 0 | AK83: 603.67 | AL83: 30.34 | AM83: 16.32 | AN83: 0 | AO83: 557.01 | AP83: 0 | AQ83: 65.3 | AR83: 0 | AS83: 0 | AT83: 74 | AU83: 50 | AV83: 1 | AW83: 1 | AZ83: 6.56 | BA83: 6.56 | BB83: 6.56 | BC83: 6.56 | BH83: 0 | BI83: 1 | BJ83: ФЕРр-2001, 65-14-4, приказ Минстроя России №1039/пр от 30.12.2016г. | BM83: 65002 | BN83: 0 | BP83: 0 | BQ83: 6 | BR83: 0 | BS83: 6.56 | BT83: 1 | BU83: 1 | BV83: 1 | BW83: 1 | BX83: 1 | BZ83: 74 | CA83: 50 | CF83: 0 | CG83: 0 | CM83: 0 | CO83: 0 | CP83: =(P83+Q83+S83) -> 285.13 | CQ83: =AC83*BC83 -> 199.0304 | CR83: =AD83*BB83 -> 107.0592 | CS83: =AE83*BS83 -> 0 | CT83: =AF83*BA83 -> 3653.9856 | CU83: =AG83 -> 0 | CV83: =AH83 -> 65.3 | CW83: =AI83 -> 0 | CX83: =AJ83 -> 0 | CY83: =(((S83+R83)*AT83)/100) -> 194.6866 | CZ83: =(((S83+R83)*AU83)/100) -> 131.545 | DN83: 0 | DO83: 0 | DP83: 1 | DQ83: 1 | DU83: 1003 | DV83: 100 м | DW83: 100 м | DX83: 100 | EE83: 16510577 | EF83: 6 | EG83: Ремонтно-строительные работы | EH83: 0 | EJ83: 1 | EK83: 65002 | EL83: Внтуренниие с/техработы: демонтаж, разборка, промывка | EM83: рФЕР-65 | EQ83: 131072 | ER83: 603.67 | ES83: 30.34 | ET83: 16.32 | EU83: 0 | EV83: 557.01 | EW83: 65.3 | EX83: 0 | EY83: 0 | FQ83: 0 | FR83: =ROUND(IF(AND(BH83=3,BI83=3),P83,0),2) -> 0 | FS83: 0 | FX83: 74 | FY83: 50 | GD83: 0 | GF83: 966717939 | GG83: 1 | GH83: 1 | GI83: 4 | GJ83: 0 | GK83: =ROUND(R83*(S12)/100,2) -> 0 | GL83: =ROUND(IF(AND(BH83=3,BI83=3,FS83<>0),P83,0),2) -> 0 | GM83: =ROUND(O83+X83+Y83+GK83,2)+GX83 -> 611.37 | GN83: =IF(OR(BI83=0,BI83=1),ROUND(O83+X83+Y83+GK83,2),0) -> 611.37 | GO83: =IF(BI83=2,ROUND(O83+X83+Y83+GK83,2),0) -> 0 | GP83: =IF(BI83=4,ROUND(O83+X83+Y83+GK83,2)+GX83,0) -> 0 | GR83: 0 | GS83: 3 | GT83: 0 | GV83: =ROUND(GT83,2) -> 0 | GW83: 1 | GX83: =ROUND(GV83*GW83*I83,2) -> 0 | HA83: 0 | HB83: 0 | IK83: 0
A84: 17 | B84: 1 | C84: =ROW(SmtRes!A162) -> 162 | D84: =ROW(EtalonRes!A166) -> 166 | E84: 22 | F84: 65-2-1 | G84: Разборка трубопроводов из чугунных канализационных труб диаметром 50 мм | H84: 100 м | I84: =ROUND(52.4/100,9) -> 0.524 | J84: 0 | O84: =ROUND(CP84,2) -> 307.61 | P84: =ROUND(CQ84*I84,2) -> 0 | Q84: =ROUND(CR84*I84,2) -> 2.62 | R84: =ROUND(CS84*I84,2) -> 1.13 | S84: =ROUND(CT84*I84,2) -> 304.99 | T84: =ROUND(CU84*I84,2) -> 0 | U84: =CV84*I84 -> 36.0512 | V84: =CW84*I84 -> 0.08384 | W84: =ROUND(CX84*I84,2) -> 0 | X84: =ROUND(CY84,2) -> 226.53 | Y84: =ROUND(CZ84,2) -> 153.06 | AA84: 16697018 | AB84: =ROUND((AC84+AD84+AF84),2) -> 587.05 | AC84: =ROUND((ES84),2) -> 0 | AD84: =ROUND((((ET84)-(EU84))+AE84),2) -> 5 | AE84: =ROUND((EU84),2) -> 2.16 | AF84: =ROUND((EV84),2) -> 582.05 | AG84: =ROUND((AP84),2) -> 0 | AH84: =(EW84) -> 68.8 | AI84: =(EX84) -> 0.16 | AJ84: =ROUND((AS84),2) -> 0 | AK84: 587.05 | AL84: 0 | AM84: 5 | AN84: 2.16 | AO84: 582.05 | AP84: 0 | AQ84: 68.8 | AR84: 0.16 | AS84: 0 | AT84: 74 | AU84: 50 | AV84: 1 | AW84: 1 | AZ84: 1 | BA84: 1 | BB84: 1 | BC84: 1 | BH84: 0 | BI84: 1 | BJ84: ФЕРр-2001, 65-2-1, приказ Минстроя России №1039/пр от 30.12.2016г. | BM84: 65001 | BN84: 0 | BP84: 0 | BQ84: 6 | BR84: 0 | BS84: 1 | BT84: 1 | BU84: 1 | BV84: 1 | BW84: 1 | BX84: 1 | BZ84: 74 | CA84: 50 | CF84: 0 | CG84: 0 | CM84: 0 | CO84: 0 | CP84: =(P84+Q84+S84) -> 307.61 | CQ84: =AC84*BC84 -> 0 | CR84: =AD84*BB84 -> 5 | CS84: =AE84*BS84 -> 2.16 | CT84: =AF84*BA84 -> 582.05 | CU84: =AG84 -> 0 | CV84: =AH84 -> 68.8 | CW84: =AI84 -> 0.16 | CX84: =AJ84 -> 0 | CY84: =(((S84+R84)*AT84)/100) -> 226.5288 | CZ84: =(((S84+R84)*AU84)/100) -> 153.06 | DN84: 0 | DO84: 0 | DP84: 1 | DQ84: 1 | DU84: 1003 | DV84: 100 м | DW84: 100 м | DX84: 100 | EE84: 16510574 | EF84: 6 | EG84: Ремонтно-строительные работы | EH84: 0 | EJ84: 1 | EK84: 65001 | EL84: Внтуренниие с/техработы: демонтаж, разборка, промывка | EM84: рФЕР-65 | EQ84: 131072 | ER84: 587.05 | ES84: 0 | ET84: 5 | EU84: 2.16 | EV84: 582.05 | EW84: 68.8 | EX84: 0.16 | EY84: 0 | FQ84: 0 | FR84: =ROUND(IF(AND(BH84=3,BI84=3),P84,0),2) -> 0 | FS84: 0 | FX84: 74 | FY84: 50 | GD84: 0 | GF84: 2103085353 | GG84: 2 | GH84: 1 | GI84: -2 | GJ84: 0 | GK84: =ROUND(R84*(R12)/100,2) -> 0 | GL84: =ROUND(IF(AND(BH84=3,BI84=3,FS84<>0),P84,0),2) -> 0 | GM84: =ROUND(O84+X84+Y84+GK84,2)+GX84 -> 687.2 | GN84: =IF(OR(BI84=0,BI84=1),ROUND(O84+X84+Y84+GK84,2),0) -> 687.2 | GO84: =IF(BI84=2,ROUND(O84+X84+Y84+GK84,2),0) -> 0 | GP84: =IF(BI84=4,ROUND(O84+X84+Y84+GK84,2)+GX84,0) -> 0 | GR84: 0 | GS84: 3 | GT84: 0 | GV84: =ROUND(GT84,2) -> 0 | GW84: 1 | GX84: =ROUND(GV84*GW84*I84,2) -> 0 | HA84: 0 | HB84: 0 | IK84: 0
A85: 17 | B85: 1 | C85: =ROW(SmtRes!A166) -> 166 | D85: =ROW(EtalonRes!A170) -> 170 | E85: 22 | F85: 65-2-1 | G85: Разборка трубопроводов из чугунных канализационных труб диаметром 50 мм | H85: 100 м | I85: =ROUND(52.4/100,9) -> 0.524 | J85: 0 | O85: =ROUND(CP85,2) -> 2017.95 | P85: =ROUND(CQ85*I85,2) -> 0 | Q85: =ROUND(CR85*I85,2) -> 17.19 | R85: =ROUND(CS85*I85,2) -> 7.42 | S85: =ROUND(CT85*I85,2) -> 2000.76 | T85: =ROUND(CU85*I85,2) -> 0 | U85: =CV85*I85 -> 36.0512 | V85: =CW85*I85 -> 0.08384 | W85: =ROUND(CX85*I85,2) -> 0 | X85: =ROUND(CY85,2) -> 1486.05 | Y85: =ROUND(CZ85,2) -> 1004.09 | AA85: 16697019 | AB85: =ROUND((AC85+AD85+AF85),2) -> 587.05 | AC85: =ROUND((ES85),2) -> 0 | AD85: =ROUND((((ET85)-(EU85))+AE85),2) -> 5 | AE85: =ROUND((EU85),2) -> 2.16 | AF85: =ROUND((EV85),2) -> 582.05 | AG85: =ROUND((AP85),2) -> 0 | AH85: =(EW85) -> 68.8 | AI85: =(EX85) -> 0.16 | AJ85: =ROUND((AS85),2) -> 0 | AK85: 587.05 | AL85: 0 | AM85: 5 | AN85: 2.16 | AO85: 582.05 | AP85: 0 | AQ85: 68.8 | AR85: 0.16 | AS85: 0 | AT85: 74 | AU85: 50 | AV85: 1 | AW85: 1 | AZ85: 6.56 | BA85: 6.56 | BB85: 6.56 | BC85: 6.56 | BH85: 0 | BI85: 1 | BJ85: ФЕРр-2001, 65-2-1, приказ Минстроя России №1039/пр от 30.12.2016г. | BM85: 65001 | BN85: 0 | BP85: 0 | BQ85: 6 | BR85: 0 | BS85: 6.56 | BT85: 1 | BU85: 1 | BV85: 1 | BW85: 1 | BX85: 1 | BZ85: 74 | CA85: 50 | CF85: 0 | CG85: 0 | CM85: 0 | CO85: 0 | CP85: =(P85+Q85+S85) -> 2017.95 | CQ85: =AC85*BC85 -> 0 | CR85: =AD85*BB85 -> 32.8 | CS85: =AE85*BS85 -> 14.1696 | CT85: =AF85*BA85 -> 3818.248 | CU85: =AG85 -> 0 | CV85: =AH85 -> 68.8 | CW85: =AI85 -> 0.16 | CX85: =AJ85 -> 0 | CY85: =(((S85+R85)*AT85)/100) -> 1486.0532 | CZ85: =(((S85+R85)*AU85)/100) -> 1004.09 | DN85: 0 | DO85: 0 | DP85: 1 | DQ85: 1 | DU85: 1003 | DV85: 100 м | DW85: 100 м | DX85: 100 | EE85: 16510574 | EF85: 6 | EG85: Ремонтно-строительные работы | EH85: 0 | EJ85: 1 | EK85: 65001 | EL85: Внтуренниие с/техработы: демонтаж, разборка, промывка | EM85: рФЕР-65 | EQ85: 131072 | ER85: 587.05 | ES85: 0 | ET85: 5 | EU85: 2.16 | EV85: 582.05 | EW85: 68.8 | EX85: 0.16 | EY85: 0 | FQ85: 0 | FR85: =ROUND(IF(AND(BH85=3,BI85=3),P85,0),2) -> 0 | FS85: 0 | FX85: 74 | FY85: 50 | GD85: 0 | GF85: 2103085353 | GG85: 1 | GH85: 1 | GI85: 4 | GJ85: 0 | GK85: =ROUND(R85*(S12)/100,2) -> 0 | GL85: =ROUND(IF(AND(BH85=3,BI85=3,FS85<>0),P85,0),2) -> 0 | GM85: =ROUND(O85+X85+Y85+GK85,2)+GX85 -> 4508.09 | GN85: =IF(OR(BI85=0,BI85=1),ROUND(O85+X85+Y85+GK85,2),0) -> 4508.09 | GO85: =IF(BI85=2,ROUND(O85+X85+Y85+GK85,2),0) -> 0 | GP85: =IF(BI85=4,ROUND(O85+X85+Y85+GK85,2)+GX85,0) -> 0 | GR85: 0 | GS85: 3 | GT85: 0 | GV85: =ROUND(GT85,2) -> 0 | GW85: 1 | GX85: =ROUND(GV85*GW85*I85,2) -> 0 | HA85: 0 | HB85: 0 | IK85: 0
A86: 18 | B86: 1 | C86: 162 | E86: 22,1 | F86: 01.7.07.07 | G86: Строительный мусор и масса возвратных материалов | H86: т | I86: =I84*J86 -> 0.30916 | J86: 0.59 | O86: =ROUND(CP86,2) -> 0 | P86: =ROUND(CQ86*I86,2) -> 0 | Q86: =ROUND(CR86*I86,2) -> 0 | R86: =ROUND(CS86*I86,2) -> 0 | S86: =ROUND(CT86*I86,2) -> 0 | T86: =ROUND(CU86*I86,2) -> 0 | U86: =CV86*I86 -> 0 | V86: =CW86*I86 -> 0 | W86: =ROUND(CX86*I86,2) -> 0 | X86: =ROUND(CY86,2) -> 0 | Y86: =ROUND(CZ86,2) -> 0 | AA86: 16697018 | AB86: =ROUND((AC86+AD86+AF86),2) -> 0 | AC86: =ROUND((ES86),2) -> 0 | AD86: =ROUND((((ET86)-(EU86))+AE86),2) -> 0 | AE86: =ROUND((EU86),2) -> 0 | AF86: =ROUND((EV86),2) -> 0 | AG86: =ROUND((AP86),2) -> 0 | AH86: =(EW86) -> 0 | AI86: =(EX86) -> 0 | AJ86: =ROUND((AS86),2) -> 0 | AK86: 0 | AL86: 0 | AM86: 0 | AN86: 0 | AO86: 0 | AP86: 0 | AQ86: 0 | AR86: 0 | AS86: 0 | AT86: 74 | AU86: 50 | AV86: 1 | AW86: 1 | AZ86: 1 | BA86: 1 | BB86: 1 | BC86: 1 | BH86: 3 | BI86: 1 | BM86: 65001 | BN86: 0 | BP86: 0 | BQ86: 6 | BR86: 0 | BS86: 1 | BT86: 1 | BU86: 1 | BV86: 1 | BW86: 1 | BX86: 1 | BZ86: 74 | CA86: 50 | CF86: 0 | CG86: 0 | CM86: 0 | CO86: 0 | CP86: =(P86+Q86+S86) -> 0 | CQ86: =AC86*BC86 -> 0 | CR86: =AD86*BB86 -> 0 | CS86: =AE86*BS86 -> 0 | CT86: =AF86*BA86 -> 0 | CU86: =AG86 -> 0 | CV86: =AH86 -> 0 | CW86: =AI86 -> 0 | CX86: =AJ86 -> 0 | CY86: =(((S86+R86)*AT86)/100) -> 0 | CZ86: =(((S86+R86)*AU86)/100) -> 0 | DN86: 0 | DO86: 0 | DP86: 1 | DQ86: 1 | DU86: 1009 | DV86: т | DW86: т | DX86: 1000 | EE86: 16510574 | EF86: 6 | EG86: Ремонтно-строительные работы | EH86: 0 | EJ86: 1 | EK86: 65001 | EL86: Внтуренниие с/техработы: демонтаж, разборка, промывка | EM86: рФЕР-65 | EQ86: 0 | ER86: 0 | ES86: 0 | ET86: 0 | EU86: 0 | EV86: 0 | EW86: 0 | EX86: 0 | FQ86: 0 | FR86: =ROUND(IF(AND(BH86=3,BI86=3),P86,0),2) -> 0 | FS86: 0 | FX86: 74 | FY86: 50 | GD86: 0 | GF86: -66286256 | GG86: 2 | GH86: 1 | GI86: -2 | GJ86: 0 | GK86: =ROUND(R86*(R12)/100,2) -> 0 | GL86: =ROUND(IF(AND(BH86=3,BI86=3,FS86<>0),P86,0),2) -> 0 | GM86: =ROUND(O86+X86+Y86+GK86,2)+GX86 -> 0 | GN86: =IF(OR(BI86=0,BI86=1),ROUND(O86+X86+Y86+GK86,2),0) -> 0 | GO86: =IF(BI86=2,ROUND(O86+X86+Y86+GK86,2),0) -> 0 | GP86: =IF(BI86=4,ROUND(O86+X86+Y86+GK86,2)+GX86,0) -> 0 | GR86: 0 | GS86: 3 | GT86: 0 | GV86: =ROUND(GT86,2) -> 0 | GW86: 1 | GX86: =ROUND(GV86*GW86*I86,2) -> 0 | HA86: 0 | HB86: 0 | IK86: 0
A87: 18 | B87: 1 | C87: 166 | E87: 22,1 | F87: 01.7.07.07 | G87: Строительный мусор и масса возвратных материалов | H87: т | I87: =I85*J87 -> 0.30916 | J87: 0.59 | O87: =ROUND(CP87,2) -> 0 | P87: =ROUND(CQ87*I87,2) -> 0 | Q87: =ROUND(CR87*I87,2) -> 0 | R87: =ROUND(CS87*I87,2) -> 0 | S87: =ROUND(CT87*I87,2) -> 0 | T87: =ROUND(CU87*I87,2) -> 0 | U87: =CV87*I87 -> 0 | V87: =CW87*I87 -> 0 | W87: =ROUND(CX87*I87,2) -> 0 | X87: =ROUND(CY87,2) -> 0 | Y87: =ROUND(CZ87,2) -> 0 | AA87: 16697019 | AB87: =ROUND((AC87+AD87+AF87),2) -> 0 | AC87: =ROUND((ES87),2) -> 0 | AD87: =ROUND((((ET87)-(EU87))+AE87),2) -> 0 | AE87: =ROUND((EU87),2) -> 0 | AF87: =ROUND((EV87),2) -> 0 | AG87: =ROUND((AP87),2) -> 0 | AH87: =(EW87) -> 0 | AI87: =(EX87) -> 0 | AJ87: =ROUND((AS87),2) -> 0 | AK87: 0 | AL87: 0 | AM87: 0 | AN87: 0 | AO87: 0 | AP87: 0 | AQ87: 0 | AR87: 0 | AS87: 0 | AT87: 74 | AU87: 50 | AV87: 1 | AW87: 1 | AZ87: 6.56 | BA87: 1 | BB87: 1 | BC87: 6.56 | BH87: 3 | BI87: 1 | BM87: 65001 | BN87: 0 | BP87: 0 | BQ87: 6 | BR87: 0 | BS87: 1 | BT87: 1 | BU87: 1 | BV87: 1 | BW87: 1 | BX87: 1 | BZ87: 74 | CA87: 50 | CF87: 0 | CG87: 0 | CM87: 0 | CO87: 0 | CP87: =(P87+Q87+S87) -> 0 | CQ87: =AC87*BC87 -> 0 | CR87: =AD87*BB87 -> 0 | CS87: =AE87*BS87 -> 0 | CT87: =AF87*BA87 -> 0 | CU87: =AG87 -> 0 | CV87: =AH87 -> 0 | CW87: =AI87 -> 0 | CX87: =AJ87 -> 0 | CY87: =(((S87+R87)*AT87)/100) -> 0 | CZ87: =(((S87+R87)*AU87)/100) -> 0 | DN87: 0 | DO87: 0 | DP87: 1 | DQ87: 1 | DU87: 1009 | DV87: т | DW87: т | DX87: 1000 | EE87: 16510574 | EF87: 6 | EG87: Ремонтно-строительные работы | EH87: 0 | EJ87: 1 | EK87: 65001 | EL87: Внтуренниие с/техработы: демонтаж, разборка, промывка | EM87: рФЕР-65 | EQ87: 0 | ER87: 0 | ES87: 0 | ET87: 0 | EU87: 0 | EV87: 0 | EW87: 0 | EX87: 0 | FQ87: 0 | FR87: =ROUND(IF(AND(BH87=3,BI87=3),P87,0),2) -> 0 | FS87: 0 | FX87: 74 | FY87: 50 | GD87: 0 | GF87: -66286256 | GG87: 1 | GH87: 1 | GI87: 4 | GJ87: 0 | GK87: =ROUND(R87*(S12)/100,2) -> 0 | GL87: =ROUND(IF(AND(BH87=3,BI87=3,FS87<>0),P87,0),2) -> 0 | GM87: =ROUND(O87+X87+Y87+GK87,2)+GX87 -> 0 | GN87: =IF(OR(BI87=0,BI87=1),ROUND(O87+X87+Y87+GK87,2),0) -> 0 | GO87: =IF(BI87=2,ROUND(O87+X87+Y87+GK87,2),0) -> 0 | GP87: =IF(BI87=4,ROUND(O87+X87+Y87+GK87,2)+GX87,0) -> 0 | GR87: 0 | GS87: 3 | GT87: 0 | GV87: =ROUND(GT87,2) -> 0 | GW87: 1 | GX87: =ROUND(GV87*GW87*I87,2) -> 0 | HA87: 0 | HB87: 0 | IK87: 0
